Workbook
Name AnoCalendário: '📈'!$R$3
Name DiasESemanas: {0,1,2,3,4,5,6} + {0;1;2;3;4;5}*7
Name DiasESemanas: {0,1,2,3,4,5,6} + {0;1;2;3;4;5}*7
Name DiasESemanas: {0,1,2,3,4,5,6} + {0;1;2;3;4;5}*7
Name DiasESemanas: {0,1,2,3,4,5,6} + {0;1;2;3;4;5}*7
Name DiasESemanas: {0,1,2,3,4,5,6} + {0;1;2;3;4;5}*7
Name DiasESemanas: {0,1,2,3,4,5,6} + {0;1;2;3;4;5}*7
Name DiasESemanas: {0,1,2,3,4,5,6} + {0;1;2;3;4;5}*7
Name DiasESemanas: {0,1,2,3,4,5,6} + {0;1;2;3;4;5}*7
Name DiasESemanas: {0,1,2,3,4,5,6} + {0;1;2;3;4;5}*7
Name DiasESemanas: {0,1,2,3,4,5,6} + {0;1;2;3;4;5}*7
Name DiasESemanas: {0,1,2,3,4,5,6} + {0;1;2;3;4;5}*7
Name DiasESemanas: {0,1,2,3,4,5,6} + {0;1;2;3;4;5}*7
Name DiasESemanas: {0,1,2,3,4,5,6} + {0;1;2;3;4;5}*7
Name DiasESemanas: {0,1,2,3,4,5,6} + {0;1;2;3;4;5}*7
Name DiasESemanas: {0,1,2,3,4,5,6} + {0;1;2;3;4;5}*7
Name DiasESemanas: {0,1,2,3,4,5,6} + {0;1;2;3;4;5}*7
Name DiasESemanas: {0,1,2,3,4,5,6} + {0;1;2;3;4;5}*7
Name DiasESemanas: {0,1,2,3,4,5,6} + {0;1;2;3;4;5}*7
Name InícioDaSemana: '📈'!$R$4
Name RegiãoTítuloColuna1..H12.1: '📈'!$E$12
Name RegiãoTítuloColuna1..H12.4: '📈'!$E$12
Name RegiãoTítuloColuna2..C14.1: '📈'!$E$12

Sheet 🏠
F3: PLANILHA DE GASTOS COMPLETA

Sheet ⚙️
D3: Configuração | Q3: =IFERROR(VLOOKUP($F$15,DADOS!$B$3:$C$14,2,FALSE),0) -> 1
Q4: 1.2
Q5: 120 | R5: TOTAL
J10: MÉTODO DO POTE
C13: Saldo inicial | F13: 350 | J13: DESPESAS FIXAS | L13: =IF('⚙️'!$F$17="","",IF('⚙️'!$F$17=DADOS!$I$3,DADOS!$H$15/100,$N$13/100)) -> 0.4 | M13: % | N13: 40
C15: Mês de início | F15: JANEIRO | J15: DESPESAS DOAÇÕES E PRESENTES | L15: =IF('⚙️'!$F$17="","",IF('⚙️'!$F$17=DADOS!$I$3,DADOS!$H$16/100,$N$15/100)) -> 0.05 | M15: % | N15: 5
C17: Tipo de meta (Método do pote) | F17: MANUAL | J17: DESPESAS LAZER | L17: =IF('⚙️'!$F$17="","",IF('⚙️'!$F$17=DADOS!$I$3,DADOS!$H$17/100,$N$17/100)) -> 0.2 | M17: % | N17: 20
J19: DESPESAS EDUCAÇÃO | L19: =IF('⚙️'!$F$17="","",IF('⚙️'!$F$17=DADOS!$I$3,DADOS!$H$18/100,$N$19/100)) -> 0.15 | M19: % | N19: 15
J21: RESERVA EMERGÊNCIA | L21: =IF('⚙️'!$F$17="","",IF('⚙️'!$F$17=DADOS!$I$3,DADOS!$H$19/100,$N$21/100)) -> 0.1 | M21: % | N21: 10
J23: INVESTIMENTOS | L23: =IF('⚙️'!$F$17="","",IF('⚙️'!$F$17=DADOS!$I$3,DADOS!$H$20/100,$N$23/100)) -> 0.1 | M23: % | N23: 10
J25: TOTAL | L25: =SUM(L23,L21,L19,L17,L15,L13) -> 1 | M25: % | N25: =SUM(N23,N21,N19,N17,N15,N13) -> 100

Sheet 🔒
D2: LIVRO DE REGISTROS
L4: ANUAL
B6: DIA | C6: MÊS | D6: DATA REGISTRO | E6: REGISTRO | F6: TIPO | G6: CATEGORIA | H6: DESCRIÇÃO | I6: VALOR | J6: FORMATO | K6: SITUAÇÃO | L6: DATA MOVIMENTAÇÃO
B7: =DAY(tabela_registros[[#This Row],[DATA REGISTRO]]) -> 1 | C7: =MONTH(tabela_registros[[#This Row],[DATA REGISTRO]]) -> 1 | D7: 43831 | E7: INVESTIMENTO | F7: RENDA VARIÁVEL | G7: 📝 FII | H7: XYZ11 - 10 cotas | I7: 356 | J7: DINHEIRO | K7: REALIZADO | L7: 43923
B8: =DAY(tabela_registros[[#This Row],[DATA REGISTRO]]) -> 2 | C8: =MONTH(tabela_registros[[#This Row],[DATA REGISTRO]]) -> 1 | D8: 43832 | E8: INVESTIMENTO | F8: RENDA FIXA | G8: 📝 EXTERIOR | H8: REIT - Treasure bonds | I8: 254 | J8: DINHEIRO | K8: REALIZADO | L8: 44136
B9: =DAY(tabela_registros[[#This Row],[DATA REGISTRO]]) -> 3 | C9: =MONTH(tabela_registros[[#This Row],[DATA REGISTRO]]) -> 1 | D9: 43833 | E9: RESERVA | F9: RENDA FIXA | G9: 📝 CDB | H9: CDB - Objetivos Neon | I9: 25 | J9: DINHEIRO | K9: PREVISTO | L9: 43988
B10: =DAY(tabela_registros[[#This Row],[DATA REGISTRO]]) -> 4 | C10: =MONTH(tabela_registros[[#This Row],[DATA REGISTRO]]) -> 1 | D10: 43834 | E10: RESERVA | F10: RENDA FIXA | G10: 📝 CRI | H10: Credito Imobiliário Xyz | I10: 38 | J10: DINHEIRO | K10: PREVISTO | L10: 43989
B11: =DAY(tabela_registros[[#This Row],[DATA REGISTRO]]) -> 15 | C11: =MONTH(tabela_registros[[#This Row],[DATA REGISTRO]]) -> 8 | D11: 44058 | E11: ▲ ENTRADA | F11: RECEITA VARIÁVEL | G11: 👷‍♀️ TRABALHO TEMPORÁRIO | H11: Trabalho no lava-rápido do João | I11: 45 | J11: DINHEIRO | K11: REALIZADO | L11: 43990
B12: =DAY(tabela_registros[[#This Row],[DATA REGISTRO]]) -> 6 | C12: =MONTH(tabela_registros[[#This Row],[DATA REGISTRO]]) -> 1 | D12: 43836 | E12: RESERVA | F12: RENDA FIXA | G12: 📝 TESOURO DIRETO | H12: IPCA+ 45 | I12: 150 | J12: DINHEIRO | K12: REALIZADO | L12: 43991
B13: =DAY(tabela_registros[[#This Row],[DATA REGISTRO]]) -> 7 | C13: =MONTH(tabela_registros[[#This Row],[DATA REGISTRO]]) -> 1 | D13: 43837 | E13: ▼ SAÍDA | F13: DESPESA FIXA | G13: 💧 ÁGUA | H13: Água Condomínio | I13: 89 | J13: DINHEIRO | K13: PREVISTO | L13: 43922
B14: =DAY(tabela_registros[[#This Row],[DATA REGISTRO]]) -> 8 | C14: =MONTH(tabela_registros[[#This Row],[DATA REGISTRO]]) -> 1 | D14: 43838 | E14: ▼ SAÍDA | F14: DESPESA VARIÁVEL | G14: 🍕 ALIMENTAÇÃO | H14: Pizza do fds | I14: 144.57143 | J14: DINHEIRO | K14: REALIZADO | L14: 43924
B15: =DAY(tabela_registros[[#This Row],[DATA REGISTRO]]) -> 9 | C15: =MONTH(tabela_registros[[#This Row],[DATA REGISTRO]]) -> 1 | D15: 43839 | E15: ▼ SAÍDA | F15: DESPESA VARIÁVEL | G15: 📖 EDUCAÇÃO | H15: Curso online sobre gestão de gastos | I15: 137.21429 | J15: DINHEIRO | K15: REALIZADO | L15: 43926
B16: =DAY(tabela_registros[[#This Row],[DATA REGISTRO]]) -> 10 | C16: =MONTH(tabela_registros[[#This Row],[DATA REGISTRO]]) -> 1 | D16: 43840 | E16: ▲ ENTRADA | F16: RECEITA FIXA | G16: 💵 ALUGUEL | H16: Parcela jan/2020 | I16: 129.85714 | J16: DINHEIRO | K16: REALIZADO | L16: 43928
B17: =DAY(tabela_registros[[#This Row],[DATA REGISTRO]]) -> 11 | C17: =MONTH(tabela_registros[[#This Row],[DATA REGISTRO]]) -> 1 | D17: 43841 | E17: ▲ ENTRADA | F17: RECEITA VARIÁVEL | G17: 🤑 COMISSÃO | H17: Venda de sapatos | I17: 122.5 | J17: DINHEIRO | K17: PREVISTO | L17: 43927
B18: =DAY(tabela_registros[[#This Row],[DATA REGISTRO]]) -> 12 | C18: =MONTH(tabela_registros[[#This Row],[DATA REGISTRO]]) -> 2 | D18: 43873 | E18: ▼ SAÍDA | F18: DESPESA FIXA | G18: 💡 ENERGIA | H18: Conta de fev/2020 | I18: 115.14286 | J18: DINHEIRO | K18: PREVISTO | L18: 43929
... B76: =DAY(tabela_registros[[#This Row],[DATA REGISTRO]]) -> 29 | C76: =MONTH(tabela_registros[[#This Row],[DATA REGISTRO]]) -> 11 | D76: 44894 | E76: ▼ SAÍDA | F76: DESPESA FIXA | G76: 💡 ENERGIA | H76: luz | I76: 140 | J76: DEPÓSITO | K76: REALIZADO | L76: 44885

Sheet ANUAL
A1: JANEIRO | E1: 1 | F1: 2 | G1: 3 | H1: 4 | I1: 5 | J1: 6 | K1: 7 | L1: 8 | M1: 9 | N1: 10 | O1: 11 | P1: 12 | AC1: MÊS | AD1: 1 | AG1: VALOR INICIAL CAIXA | AH1: =IF('⚙️'!$Q$3=$AD$1,'⚙️'!$F$13,"") -> 350 | AI1: VALOR INICIAL INVESTIMENTO | AJ1: =IF('⚙️'!$Q$3=$AD$1,'🏠'!$Q$8,"") -> 0 | AK1: VALOR INICIAL RESERVA | AL1: =IF('⚙️'!$Q$3=$AD$1,'🏠'!$Q$9,"") -> 0
C2: ANUAL
E3: DISPONÍVEL | H3: GANHEI | K3: GASTEI | N3: INVESTI | Q3: RESERVEI | V3: REGISTROS | X3: RADAR
E4: =$Q$16 -> 2430.1714 | H4: =Q14 -> 5575.3571 | K4: =Q15 -> 3495.1857 | N4: =Q25 -> 2769.6429 | Q4: =Q26 -> 2588
E6: JAN | F6: FEV | G6: MAR | H6: ABR | I6: MAI | J6: JUN | K6: JUL | L6: AGO | M6: SET | N6: OUT | O6: NOV | P6: DEZ
Q10: TOTAL
Q11: 🔽 | AQ11: REALIZADO | AR11: REALIZADO
AO12: REALIZADO | AP12: PROGRAMADO | AQ12: % PARTICIPAÇÃO | AR12: % PARTICIPAÇÃO
C13: ATUAL | D13: Coluna1 | E13: 1 | F13: 2 | G13: 3 | H13: 4 | I13: 5 | J13: 6 | K13: 7 | L13: 8 | M13: 9 | N13: 10 | O13: 11 | P13: 12 | Q13: TOTAL (R$) | V13: 5555
C14: RECEITAS | E14: =jantotal[[#This Row],[TOTAL (R$)]] -> 932.35714 | F14: =fevtotal30[[#This Row],[TOTAL (R$)]] -> 474 | G14: =martotal3059[[#This Row],[TOTAL (R$)]] -> 424 | H14: =abrtotal305971[[#This Row],[TOTAL (R$)]] -> 310 | I14: =maitotal30597183[[#This Row],[TOTAL (R$)]] -> 556 | J14: =juntotal3059718395[[#This Row],[TOTAL (R$)]] -> 0 | K14: =jultotal3059718395107[[#This Row],[TOTAL (R$)]] -> 266 | L14: =agototal3059718395107119[[#This Row],[TOTAL (R$)]] -> 2613 | M14: =settotal3059718395107119131[[#This Row],[TOTAL (R$)]] -> 0 | N14: =outtotal3059718395107119131143[[#This Row],[TOTAL (R$)]] -> 0 | O14: =novtotal3059718395107119131143155[[#This Row],[TOTAL (R$)]] -> 0 | P14: =deztotal3059718395107119131143155167[[#This Row],[TOTAL (R$)]] -> 0 | Q14: =SUM(anualtotal39[[#This Row],[1]:[12]]) -> 5575.3571 | AO14: =SUMIFS(tabela_registros[VALOR],tabela_registros[MÊS],$AE$1,tabela_registros[REGISTRO],DADOS!$N$3,#REF!,DADOS!$J$4) -> #REF! | AP14: =SUMIFS(tabela_registros[VALOR],tabela_registros[MÊS],$AE$1,tabela_registros[REGISTRO],DADOS!$N$3,#REF!,DADOS!$J$3) -> #REF! | AQ14: =(AO14*$AQ$16)/$AO$16 -> #REF! | AR14: =(AP14*$AQ$16)/$AP$16 -> #REF!
C15: DESPESAS | E15: =jantotal[[#This Row],[TOTAL (R$)]] -> 1225.1429 | F15: =fevtotal30[[#This Row],[TOTAL (R$)]] -> 115.14286 | G15: =martotal3059[[#This Row],[TOTAL (R$)]] -> 352 | H15: =abrtotal305971[[#This Row],[TOTAL (R$)]] -> 575 | I15: =maitotal30597183[[#This Row],[TOTAL (R$)]] -> 0 | J15: =juntotal3059718395[[#This Row],[TOTAL (R$)]] -> 0 | K15: =jultotal3059718395107[[#This Row],[TOTAL (R$)]] -> 998 | L15: =agototal3059718395107119[[#This Row],[TOTAL (R$)]] -> 0 | M15: =settotal3059718395107119131[[#This Row],[TOTAL (R$)]] -> 0 | N15: =outtotal3059718395107119131143[[#This Row],[TOTAL (R$)]] -> 89.9 | O15: =novtotal3059718395107119131143155[[#This Row],[TOTAL (R$)]] -> 140 | P15: =deztotal3059718395107119131143155167[[#This Row],[TOTAL (R$)]] -> 0 | Q15: =SUM(anualtotal39[[#This Row],[1]:[12]]) -> 3495.1857 | AO15: =SUMIFS(tabela_registros[VALOR],tabela_registros[MÊS],$AE$1,tabela_registros[REGISTRO],DADOS!$N$4,#REF!,DADOS!$J$4) -> #REF! | AP15: =SUMIFS(tabela_registros[VALOR],tabela_registros[MÊS],$AE$1,tabela_registros[REGISTRO],DADOS!$N$4,#REF!,DADOS!$J$3) -> #REF! | AQ15: =(AO15*$AQ$16)/$AO$16 -> #REF! | AR15: =(AP15*$AQ$16)/$AP$16 -> #REF!
C16: SALDO | E16: =jantotal[[#This Row],[TOTAL (R$)]] -> 57.214286 | F16: =fevtotal30[[#This Row],[TOTAL (R$)]]+anualtotal39[[#This Row],[1]] -> 416.07143 | G16: =martotal3059[[#This Row],[TOTAL (R$)]]+anualtotal39[[#This Row],[2]] -> 488.07143 | H16: =abrtotal305971[[#This Row],[TOTAL (R$)]]+anualtotal39[[#This Row],[3]] -> 223.07143 | I16: =maitotal30597183[[#This Row],[TOTAL (R$)]]+anualtotal39[[#This Row],[4]] -> 779.07143 | J16: =juntotal3059718395[[#This Row],[TOTAL (R$)]]+anualtotal39[[#This Row],[5]] -> 779.07143 | K16: =jultotal3059718395107[[#This Row],[TOTAL (R$)]]+anualtotal39[[#This Row],[6]] -> 47.071429 | L16: =agototal3059718395107119[[#This Row],[TOTAL (R$)]]+anualtotal39[[#This Row],[7]] -> 2660.0714 | M16: =settotal3059718395107119131[[#This Row],[TOTAL (R$)]]+anualtotal39[[#This Row],[8]] -> 2660.0714 | N16: =outtotal3059718395107119131143[[#This Row],[TOTAL (R$)]]+anualtotal39[[#This Row],[9]] -> 2570.1714 | O16: =novtotal3059718395107119131143155[[#This Row],[TOTAL (R$)]]+anualtotal39[[#This Row],[10]] -> 2430.1714 | P16: =deztotal3059718395107119131143155167[[#This Row],[TOTAL (R$)]]+anualtotal39[[#This Row],[11]] -> 2430.1714 | Q16: =anualtotal39[[#This Row],[12]] -> 2430.1714 | AO16: =SUM(AO14:AO15) -> #REF! | AP16: =SUM(AP14:AP15) -> #REF! | AQ16: 1 | AR16: 1
Q21: TOTAL
Q22: 🔽
AO23: REALIZADO | AP23: PROGRAMADO | AQ23: % PARTICIPAÇÃO
C24: ATUAL | D24: Coluna1 | E24: 1 | F24: 2 | G24: 3 | H24: 4 | I24: 5 | J24: 6 | K24: 7 | L24: 8 | M24: 9 | N24: 10 | O24: 11 | P24: 12 | Q24: TOTAL (R$) | AC24: INVESTIMENTOS | AD24: =-#REF! -> #REF!
C25: INVESTIMENTOS | E25: =janinvestir[[#This Row],[TOTAL (R$)]] -> 730.64286 | F25: =fevinvestir21[[#This Row],[TOTAL (R$)]] -> 1588 | G25: =marinvestir2158[[#This Row],[TOTAL (R$)]] -> 0 | H25: =abrinvestir215870[[#This Row],[TOTAL (R$)]] -> 0 | I25: =maiinvestir21587082[[#This Row],[TOTAL (R$)]] -> 0 | J25: =juninvestir2158708294[[#This Row],[TOTAL (R$)]] -> 0 | K25: =julinvestir2158708294106[[#This Row],[TOTAL (R$)]] -> 0 | L25: =agoinvestir2158708294106118[[#This Row],[TOTAL (R$)]] -> 0 | M25: =setinvestir2158708294106118130[[#This Row],[TOTAL (R$)]] -> 0 | N25: =outinvestir2158708294106118130142[[#This Row],[TOTAL (R$)]] -> 451 | O25: =novinvestir2158708294106118130142154[[#This Row],[TOTAL (R$)]] -> 0 | P25: =dezinvestir2158708294106118130142154166[[#This Row],[TOTAL (R$)]] -> 0 | Q25: =SUM(E25:P25) -> 2769.6429 | AO25: =SUMIFS(tabela_registros[VALOR],tabela_registros[MÊS],$AE$1,tabela_registros[REGISTRO],DADOS!$N$5,#REF!,DADOS!$J$4) -> #REF! | AP25: =SUMIFS(tabela_registros[VALOR],tabela_registros[MÊS],$AE$1,tabela_registros[REGISTRO],DADOS!$N$5,#REF!,DADOS!$J$3) -> #REF! | AQ25: =(anualinvestir38[[#This Row],[TOTAL (R$)]]*$AQ$27)/$Q$27 -> 0.51695175
C26: RESERVA EMERGÊNCIA | E26: =janinvestir[[#This Row],[TOTAL (R$)]] -> 2502 | F26: =fevinvestir21[[#This Row],[TOTAL (R$)]] -> 86 | G26: =marinvestir2158[[#This Row],[TOTAL (R$)]] -> 0 | H26: =abrinvestir215870[[#This Row],[TOTAL (R$)]] -> 0 | I26: =maiinvestir21587082[[#This Row],[TOTAL (R$)]] -> 0 | J26: =juninvestir2158708294[[#This Row],[TOTAL (R$)]] -> 0 | K26: =julinvestir2158708294106[[#This Row],[TOTAL (R$)]] -> 0 | L26: =agoinvestir2158708294106118[[#This Row],[TOTAL (R$)]] -> 0 | M26: =setinvestir2158708294106118130[[#This Row],[TOTAL (R$)]] -> 0 | N26: =outinvestir2158708294106118130142[[#This Row],[TOTAL (R$)]] -> 0 | O26: =novinvestir2158708294106118130142154[[#This Row],[TOTAL (R$)]] -> 0 | P26: =dezinvestir2158708294106118130142154166[[#This Row],[TOTAL (R$)]] -> 0 | Q26: =SUM(E26:P26) -> 2588 | AO26: =SUMIFS(tabela_registros[VALOR],tabela_registros[MÊS],$AE$1,tabela_registros[REGISTRO],DADOS!$N$6,#REF!,DADOS!$J$4) -> #REF! | AP26: =SUMIFS(tabela_registros[VALOR],tabela_registros[MÊS],$AE$1,tabela_registros[REGISTRO],DADOS!$N$6,#REF!,DADOS!$J$3) -> #REF! | AQ26: =(anualinvestir38[[#This Row],[TOTAL (R$)]]*$AQ$27)/$Q$27 -> 0.48304825
C27: TOTAL | E27: =janinvestir[[#This Row],[TOTAL (R$)]] -> 3232.6429 | F27: =fevinvestir21[[#This Row],[TOTAL (R$)]]+anualinvestir38[[#This Row],[1]] -> 4906.6429 | G27: =marinvestir2158[[#This Row],[TOTAL (R$)]]+anualinvestir38[[#This Row],[2]] -> 4906.6429 | H27: =abrinvestir215870[[#This Row],[TOTAL (R$)]]+anualinvestir38[[#This Row],[3]] -> 4906.6429 | I27: =maiinvestir21587082[[#This Row],[TOTAL (R$)]]+anualinvestir38[[#This Row],[4]] -> 4906.6429 | J27: =juninvestir2158708294[[#This Row],[TOTAL (R$)]]+anualinvestir38[[#This Row],[5]] -> 4906.6429 | K27: =julinvestir2158708294106[[#This Row],[TOTAL (R$)]]+anualinvestir38[[#This Row],[6]] -> 4906.6429 | L27: =agoinvestir2158708294106118[[#This Row],[TOTAL (R$)]]+anualinvestir38[[#This Row],[7]] -> 4906.6429 | M27: =setinvestir2158708294106118130[[#This Row],[TOTAL (R$)]]+anualinvestir38[[#This Row],[8]] -> 4906.6429 | N27: =outinvestir2158708294106118130142[[#This Row],[TOTAL (R$)]]+anualinvestir38[[#This Row],[9]] -> 5357.6429 | O27: =novinvestir2158708294106118130142154[[#This Row],[TOTAL (R$)]]+anualinvestir38[[#This Row],[10]] -> 5357.6429 | P27: =dezinvestir2158708294106118130142154166[[#This Row],[TOTAL (R$)]]+anualinvestir38[[#This Row],[11]] -> 5357.6429 | Q27: =anualinvestir38[[#This Row],[12]] -> 5357.6429 | AO27: =SUM(AO25:AO26) -> #REF! | AP27: =SUM(AP25:AP26) -> #REF! | AQ27: 1
C28: SALDO | E28: =SUBTOTAL(109,anualinvestir38[1]) -> 6465.2857 | F28: =SUBTOTAL(109,anualinvestir38[2]) -> 6580.6429 | G28: =SUBTOTAL(109,anualinvestir38[3]) -> 4906.6429 | H28: =SUBTOTAL(109,anualinvestir38[4]) -> 4906.6429 | I28: =SUBTOTAL(109,anualinvestir38[5]) -> 4906.6429 | J28: =SUBTOTAL(109,anualinvestir38[6]) -> 4906.6429 | K28: =SUBTOTAL(109,anualinvestir38[7]) -> 4906.6429 | L28: =SUBTOTAL(109,anualinvestir38[8]) -> 4906.6429 | M28: =SUBTOTAL(109,anualinvestir38[9]) -> 4906.6429 | N28: =SUBTOTAL(109,anualinvestir38[10]) -> 5808.6429 | O28: =SUBTOTAL(109,anualinvestir38[11]) -> 5357.6429 | P28: =SUBTOTAL(109,anualinvestir38[12]) -> 5357.6429 | Q28: =SUBTOTAL(109,anualinvestir38[TOTAL (R$)]) -> 10715.286
Q33: TOTAL
Q34: 🔽
AO35: REALIZADO | AP35: PROGRAMADO | AQ35: % PARTICIPAÇÃO
C36: DESPESA FIXA | D36: Coluna1 | E36: 1 | F36: 2 | G36: 3 | H36: 4 | I36: 5 | J36: 6 | K36: 7 | L36: 8 | M36: 9 | N36: 10 | O36: 11 | P36: 12 | Q36: TOTAL | R36: PAGO | S36: PARTICIPAÇÃO | AB36: ativar frases de motivação?
C37: =DADOS!$R$3 -> 💧 ÁGUA | D37: =IF(despesafixaconsolidadoanual[[#This Row],[TOTAL]]=0,"",IF(OR(despesafixaconsolidadoanual[[#This Row],[TOTAL]]=LARGE($Q$37:$Q$50,1),despesafixaconsolidadoanual[[#This Row],[TOTAL]]=LARGE($Q$37:$Q$50,2),despesafixaconsolidadoanual[[#This Row],[TOTAL]]=LARGE($Q$37:$Q$50,3),despesafixaconsolidadoanual[[#This Row],[TOTAL]]=LARGE($Q$37:$Q$50,4),despesafixaconsolidadoanual[[#This Row],[TOTAL]]=LARGE($Q$37:$Q$50,5)),DADOS!$I$8,"")) -> 💣 | E37: =despesafixaconsolidado[[#This Row],[TOTAL]] -> 89 | F37: =despesafixaconsolidadofev[[#This Row],[TOTAL]] -> 0 | G37: =despesafixaconsolidadomar[[#This Row],[TOTAL]] -> 0 | H37: =despesafixaconsolidadoabr[[#This Row],[TOTAL]] -> 125 | I37: =despesafixaconsolidadomai[[#This Row],[TOTAL]] -> 0 | J37: =despesafixaconsolidadojun[[#This Row],[TOTAL]] -> 0 | K37: =despesafixaconsolidadojul[[#This Row],[TOTAL]] -> 0 | L37: =despesafixaconsolidadoago[[#This Row],[TOTAL]] -> 0 | M37: =despesafixaconsolidadoset[[#This Row],[TOTAL]] -> 0 | N37: =despesafixaconsolidadoout[[#This Row],[TOTAL]] -> 0 | O37: =despesafixaconsolidadonov[[#This Row],[TOTAL]] -> 0 | P37: =despesafixaconsolidadodez[[#This Row],[TOTAL]] -> 0 | Q37: =SUM(despesafixaconsolidadoanual[[#This Row],[1]:[12]]) -> 214 | AO37: =SUMIFS(tabela_registros[VALOR],tabela_registros[MÊS],$AE$1,tabela_registros[REGISTRO],DADOS!$N$4,tabela_registros[TIPO],DADOS!$P$3,tabela_registros[CATEGORIA],despesafixaconsolidadodez[[#This Row],[DESPESA FIXA]],#REF!,DADOS!$J$4) -> #REF! | AP37: =SUMIFS(tabela_registros[VALOR],tabela_registros[MÊS],$AE$1,tabela_registros[REGISTRO],DADOS!$N$4,tabela_registros[TIPO],DADOS!$P$3,tabela_registros[CATEGORIA],despesafixaconsolidadodez[[#This Row],[DESPESA FIXA]],#REF!,DADOS!$J$3) -> #REF! | AQ37: =(despesafixaconsolidadoanual[[#This Row],[TOTAL]]*$AQ$51)/$Q$51 -> 0.19467692
C38: =DADOS!$R$4 -> 🐶 ANIMAIS DE ESTIMAÇÃO | D38: =IF(despesafixaconsolidadoanual[[#This Row],[TOTAL]]=0,"",IF(OR(despesafixaconsolidadoanual[[#This Row],[TOTAL]]=LARGE($Q$37:$Q$50,1),despesafixaconsolidadoanual[[#This Row],[TOTAL]]=LARGE($Q$37:$Q$50,2),despesafixaconsolidadoanual[[#This Row],[TOTAL]]=LARGE($Q$37:$Q$50,3),despesafixaconsolidadoanual[[#This Row],[TOTAL]]=LARGE($Q$37:$Q$50,4),despesafixaconsolidadoanual[[#This Row],[TOTAL]]=LARGE($Q$37:$Q$50,5)),DADOS!$I$8,"")) -> 💣 | E38: =despesafixaconsolidado[[#This Row],[TOTAL]] -> 0 | F38: =despesafixaconsolidadofev[[#This Row],[TOTAL]] -> 0 | G38: =despesafixaconsolidadomar[[#This Row],[TOTAL]] -> 352 | H38: =despesafixaconsolidadoabr[[#This Row],[TOTAL]] -> 0 | I38: =despesafixaconsolidadomai[[#This Row],[TOTAL]] -> 0 | J38: =despesafixaconsolidadojun[[#This Row],[TOTAL]] -> 0 | K38: =despesafixaconsolidadojul[[#This Row],[TOTAL]] -> 0 | L38: =despesafixaconsolidadoago[[#This Row],[TOTAL]] -> 0 | M38: =despesafixaconsolidadoset[[#This Row],[TOTAL]] -> 0 | N38: =despesafixaconsolidadoout[[#This Row],[TOTAL]] -> 0 | O38: =despesafixaconsolidadonov[[#This Row],[TOTAL]] -> 0 | P38: =despesafixaconsolidadodez[[#This Row],[TOTAL]] -> 0 | Q38: =SUM(despesafixaconsolidadoanual[[#This Row],[1]:[12]]) -> 352 | AO38: =SUMIFS(tabela_registros[VALOR],tabela_registros[MÊS],$AE$1,tabela_registros[REGISTRO],DADOS!$N$4,tabela_registros[TIPO],DADOS!$P$3,tabela_registros[CATEGORIA],despesafixaconsolidadodez[[#This Row],[DESPESA FIXA]],#REF!,DADOS!$J$4) -> #REF! | AP38: =SUMIFS(tabela_registros[VALOR],tabela_registros[MÊS],$AE$1,tabela_registros[REGISTRO],DADOS!$N$4,tabela_registros[TIPO],DADOS!$P$3,tabela_registros[CATEGORIA],despesafixaconsolidadodez[[#This Row],[DESPESA FIXA]],#REF!,DADOS!$J$3) -> #REF! | AQ38: =(despesafixaconsolidadoanual[[#This Row],[TOTAL]]*$AQ$51)/$Q$51 -> 0.32021625
C39: =DADOS!$R$5 -> 🔖 ASSINATURAS E SERVIÇOS | D39: =IF(despesafixaconsolidadoanual[[#This Row],[TOTAL]]=0,"",IF(OR(despesafixaconsolidadoanual[[#This Row],[TOTAL]]=LARGE($Q$37:$Q$50,1),despesafixaconsolidadoanual[[#This Row],[TOTAL]]=LARGE($Q$37:$Q$50,2),despesafixaconsolidadoanual[[#This Row],[TOTAL]]=LARGE($Q$37:$Q$50,3),despesafixaconsolidadoanual[[#This Row],[TOTAL]]=LARGE($Q$37:$Q$50,4),despesafixaconsolidadoanual[[#This Row],[TOTAL]]=LARGE($Q$37:$Q$50,5)),DADOS!$I$8,"")) -> 💣 | E39: =despesafixaconsolidado[[#This Row],[TOTAL]] -> 100.42857 | F39: =despesafixaconsolidadofev[[#This Row],[TOTAL]] -> 0 | G39: =despesafixaconsolidadomar[[#This Row],[TOTAL]] -> 0 | H39: =despesafixaconsolidadoabr[[#This Row],[TOTAL]] -> 0 | I39: =despesafixaconsolidadomai[[#This Row],[TOTAL]] -> 0 | J39: =despesafixaconsolidadojun[[#This Row],[TOTAL]] -> 0 | K39: =despesafixaconsolidadojul[[#This Row],[TOTAL]] -> 0 | L39: =despesafixaconsolidadoago[[#This Row],[TOTAL]] -> 0 | M39: =despesafixaconsolidadoset[[#This Row],[TOTAL]] -> 0 | N39: =despesafixaconsolidadoout[[#This Row],[TOTAL]] -> 0 | O39: =despesafixaconsolidadonov[[#This Row],[TOTAL]] -> 0 | P39: =despesafixaconsolidadodez[[#This Row],[TOTAL]] -> 0 | Q39: =SUM(despesafixaconsolidadoanual[[#This Row],[1]:[12]]) -> 100.42857 | AO39: =SUMIFS(tabela_registros[VALOR],tabela_registros[MÊS],$AE$1,tabela_registros[REGISTRO],DADOS!$N$4,tabela_registros[TIPO],DADOS!$P$3,tabela_registros[CATEGORIA],despesafixaconsolidadodez[[#This Row],[DESPESA FIXA]],#REF!,DADOS!$J$4) -> #REF! | AP39: =SUMIFS(tabela_registros[VALOR],tabela_registros[MÊS],$AE$1,tabela_registros[REGISTRO],DADOS!$N$4,tabela_registros[TIPO],DADOS!$P$3,tabela_registros[CATEGORIA],despesafixaconsolidadodez[[#This Row],[DESPESA FIXA]],#REF!,DADOS!$J$3) -> #REF! | AQ39: =(despesafixaconsolidadoanual[[#This Row],[TOTAL]]*$AQ$51)/$Q$51 -> 0.091360399
C40: =DADOS!$R$6 -> 📱 CELULAR | D40: =IF(despesafixaconsolidadoanual[[#This Row],[TOTAL]]=0,"",IF(OR(despesafixaconsolidadoanual[[#This Row],[TOTAL]]=LARGE($Q$37:$Q$50,1),despesafixaconsolidadoanual[[#This Row],[TOTAL]]=LARGE($Q$37:$Q$50,2),despesafixaconsolidadoanual[[#This Row],[TOTAL]]=LARGE($Q$37:$Q$50,3),despesafixaconsolidadoanual[[#This Row],[TOTAL]]=LARGE($Q$37:$Q$50,4),despesafixaconsolidadoanual[[#This Row],[TOTAL]]=LARGE($Q$37:$Q$50,5)),DADOS!$I$8,"")) | E40: =despesafixaconsolidado[[#This Row],[TOTAL]] -> 0 | F40: =despesafixaconsolidadofev[[#This Row],[TOTAL]] -> 0 | G40: =despesafixaconsolidadomar[[#This Row],[TOTAL]] -> 0 | H40: =despesafixaconsolidadoabr[[#This Row],[TOTAL]] -> 0 | I40: =despesafixaconsolidadomai[[#This Row],[TOTAL]] -> 0 | J40: =despesafixaconsolidadojun[[#This Row],[TOTAL]] -> 0 | K40: =despesafixaconsolidadojul[[#This Row],[TOTAL]] -> 0 | L40: =despesafixaconsolidadoago[[#This Row],[TOTAL]] -> 0 | M40: =despesafixaconsolidadoset[[#This Row],[TOTAL]] -> 0 | N40: =despesafixaconsolidadoout[[#This Row],[TOTAL]] -> 69.9 | O40: =despesafixaconsolidadonov[[#This Row],[TOTAL]] -> 0 | P40: =despesafixaconsolidadodez[[#This Row],[TOTAL]] -> 0 | Q40: =SUM(despesafixaconsolidadoanual[[#This Row],[1]:[12]]) -> 69.9 | AO40: =SUMIFS(tabela_registros[VALOR],tabela_registros[MÊS],$AE$1,tabela_registros[REGISTRO],DADOS!$N$4,tabela_registros[TIPO],DADOS!$P$3,tabela_registros[CATEGORIA],despesafixaconsolidadodez[[#This Row],[DESPESA FIXA]],#REF!,DADOS!$J$4) -> #REF! | AP40: =SUMIFS(tabela_registros[VALOR],tabela_registros[MÊS],$AE$1,tabela_registros[REGISTRO],DADOS!$N$4,tabela_registros[TIPO],DADOS!$P$3,tabela_registros[CATEGORIA],despesafixaconsolidadodez[[#This Row],[DESPESA FIXA]],#REF!,DADOS!$J$3) -> #REF! | AQ40: =(despesafixaconsolidadoanual[[#This Row],[TOTAL]]*$AQ$51)/$Q$51 -> 0.063588397
C41: =DADOS!$R$7 -> 📖 EDUCAÇÃO | D41: =IF(despesafixaconsolidadoanual[[#This Row],[TOTAL]]=0,"",IF(OR(despesafixaconsolidadoanual[[#This Row],[TOTAL]]=LARGE($Q$37:$Q$50,1),despesafixaconsolidadoanual[[#This Row],[TOTAL]]=LARGE($Q$37:$Q$50,2),despesafixaconsolidadoanual[[#This Row],[TOTAL]]=LARGE($Q$37:$Q$50,3),despesafixaconsolidadoanual[[#This Row],[TOTAL]]=LARGE($Q$37:$Q$50,4),despesafixaconsolidadoanual[[#This Row],[TOTAL]]=LARGE($Q$37:$Q$50,5)),DADOS!$I$8,"")) | E41: =despesafixaconsolidado[[#This Row],[TOTAL]] -> 0 | F41: =despesafixaconsolidadofev[[#This Row],[TOTAL]] -> 0 | G41: =despesafixaconsolidadomar[[#This Row],[TOTAL]] -> 0 | H41: =despesafixaconsolidadoabr[[#This Row],[TOTAL]] -> 0 | I41: =despesafixaconsolidadomai[[#This Row],[TOTAL]] -> 0 | J41: =despesafixaconsolidadojun[[#This Row],[TOTAL]] -> 0 | K41: =despesafixaconsolidadojul[[#This Row],[TOTAL]] -> 0 | L41: =despesafixaconsolidadoago[[#This Row],[TOTAL]] -> 0 | M41: =despesafixaconsolidadoset[[#This Row],[TOTAL]] -> 0 | N41: =despesafixaconsolidadoout[[#This Row],[TOTAL]] -> 0 | O41: =despesafixaconsolidadonov[[#This Row],[TOTAL]] -> 0 | P41: =despesafixaconsolidadodez[[#This Row],[TOTAL]] -> 0 | Q41: =SUM(despesafixaconsolidadoanual[[#This Row],[1]:[12]]) -> 0 | AO41: =SUMIFS(tabela_registros[VALOR],tabela_registros[MÊS],$AE$1,tabela_registros[REGISTRO],DADOS!$N$4,tabela_registros[TIPO],DADOS!$P$3,tabela_registros[CATEGORIA],despesafixaconsolidadodez[[#This Row],[DESPESA FIXA]],#REF!,DADOS!$J$4) -> #REF! | AP41: =SUMIFS(tabela_registros[VALOR],tabela_registros[MÊS],$AE$1,tabela_registros[REGISTRO],DADOS!$N$4,tabela_registros[TIPO],DADOS!$P$3,tabela_registros[CATEGORIA],despesafixaconsolidadodez[[#This Row],[DESPESA FIXA]],#REF!,DADOS!$J$3) -> #REF! | AQ41: =(despesafixaconsolidadoanual[[#This Row],[TOTAL]]*$AQ$51)/$Q$51 -> 0
C42: =DADOS!$R$8 -> 🏦 EMPRÉSTIMO | D42: =IF(despesafixaconsolidadoanual[[#This Row],[TOTAL]]=0,"",IF(OR(despesafixaconsolidadoanual[[#This Row],[TOTAL]]=LARGE($Q$37:$Q$50,1),despesafixaconsolidadoanual[[#This Row],[TOTAL]]=LARGE($Q$37:$Q$50,2),despesafixaconsolidadoanual[[#This Row],[TOTAL]]=LARGE($Q$37:$Q$50,3),despesafixaconsolidadoanual[[#This Row],[TOTAL]]=LARGE($Q$37:$Q$50,4),despesafixaconsolidadoanual[[#This Row],[TOTAL]]=LARGE($Q$37:$Q$50,5)),DADOS!$I$8,"")) | E42: =despesafixaconsolidado[[#This Row],[TOTAL]] -> 0 | F42: =despesafixaconsolidadofev[[#This Row],[TOTAL]] -> 0 | G42: =despesafixaconsolidadomar[[#This Row],[TOTAL]] -> 0 | H42: =despesafixaconsolidadoabr[[#This Row],[TOTAL]] -> 0 | I42: =despesafixaconsolidadomai[[#This Row],[TOTAL]] -> 0 | J42: =despesafixaconsolidadojun[[#This Row],[TOTAL]] -> 0 | K42: =despesafixaconsolidadojul[[#This Row],[TOTAL]] -> 0 | L42: =despesafixaconsolidadoago[[#This Row],[TOTAL]] -> 0 | M42: =despesafixaconsolidadoset[[#This Row],[TOTAL]] -> 0 | N42: =despesafixaconsolidadoout[[#This Row],[TOTAL]] -> 0 | O42: =despesafixaconsolidadonov[[#This Row],[TOTAL]] -> 0 | P42: =despesafixaconsolidadodez[[#This Row],[TOTAL]] -> 0 | Q42: =SUM(despesafixaconsolidadoanual[[#This Row],[1]:[12]]) -> 0 | AO42: =SUMIFS(tabela_registros[VALOR],tabela_registros[MÊS],$AE$1,tabela_registros[REGISTRO],DADOS!$N$4,tabela_registros[TIPO],DADOS!$P$3,tabela_registros[CATEGORIA],despesafixaconsolidadodez[[#This Row],[DESPESA FIXA]],#REF!,DADOS!$J$4) -> #REF! | AP42: =SUMIFS(tabela_registros[VALOR],tabela_registros[MÊS],$AE$1,tabela_registros[REGISTRO],DADOS!$N$4,tabela_registros[TIPO],DADOS!$P$3,tabela_registros[CATEGORIA],despesafixaconsolidadodez[[#This Row],[DESPESA FIXA]],#REF!,DADOS!$J$3) -> #REF! | AQ42: =(despesafixaconsolidadoanual[[#This Row],[TOTAL]]*$AQ$51)/$Q$51 -> 0
C43: =DADOS!$R$9 -> 💡 ENERGIA | D43: =IF(despesafixaconsolidadoanual[[#This Row],[TOTAL]]=0,"",IF(OR(despesafixaconsolidadoanual[[#This Row],[TOTAL]]=LARGE($Q$37:$Q$50,1),despesafixaconsolidadoanual[[#This Row],[TOTAL]]=LARGE($Q$37:$Q$50,2),despesafixaconsolidadoanual[[#This Row],[TOTAL]]=LARGE($Q$37:$Q$50,3),despesafixaconsolidadoanual[[#This Row],[TOTAL]]=LARGE($Q$37:$Q$50,4),despesafixaconsolidadoanual[[#This Row],[TOTAL]]=LARGE($Q$37:$Q$50,5)),DADOS!$I$8,"")) -> 💣 | E43: =despesafixaconsolidado[[#This Row],[TOTAL]] -> 0 | F43: =despesafixaconsolidadofev[[#This Row],[TOTAL]] -> 115.14286 | G43: =despesafixaconsolidadomar[[#This Row],[TOTAL]] -> 0 | H43: =despesafixaconsolidadoabr[[#This Row],[TOTAL]] -> 0 | I43: =despesafixaconsolidadomai[[#This Row],[TOTAL]] -> 0 | J43: =despesafixaconsolidadojun[[#This Row],[TOTAL]] -> 0 | K43: =despesafixaconsolidadojul[[#This Row],[TOTAL]] -> 0 | L43: =despesafixaconsolidadoago[[#This Row],[TOTAL]] -> 0 | M43: =despesafixaconsolidadoset[[#This Row],[TOTAL]] -> 0 | N43: =despesafixaconsolidadoout[[#This Row],[TOTAL]] -> 0 | O43: =despesafixaconsolidadonov[[#This Row],[TOTAL]] -> 140 | P43: =despesafixaconsolidadodez[[#This Row],[TOTAL]] -> 0 | Q43: =SUM(despesafixaconsolidadoanual[[#This Row],[1]:[12]]) -> 255.14286 | AO43: =SUMIFS(tabela_registros[VALOR],tabela_registros[MÊS],$AE$1,tabela_registros[REGISTRO],DADOS!$N$4,tabela_registros[TIPO],DADOS!$P$3,tabela_registros[CATEGORIA],despesafixaconsolidadodez[[#This Row],[DESPESA FIXA]],#REF!,DADOS!$J$4) -> #REF! | AP43: =SUMIFS(tabela_registros[VALOR],tabela_registros[MÊS],$AE$1,tabela_registros[REGISTRO],DADOS!$N$4,tabela_registros[TIPO],DADOS!$P$3,tabela_registros[CATEGORIA],despesafixaconsolidadodez[[#This Row],[DESPESA FIXA]],#REF!,DADOS!$J$3) -> #REF! | AQ43: =(despesafixaconsolidadoanual[[#This Row],[TOTAL]]*$AQ$51)/$Q$51 -> 0.2321048
C44: =DADOS!$R$10 -> 👨‍👩‍👧 FAMÍLIA | D44: =IF(despesafixaconsolidadoanual[[#This Row],[TOTAL]]=0,"",IF(OR(despesafixaconsolidadoanual[[#This Row],[TOTAL]]=LARGE($Q$37:$Q$50,1),despesafixaconsolidadoanual[[#This Row],[TOTAL]]=LARGE($Q$37:$Q$50,2),despesafixaconsolidadoanual[[#This Row],[TOTAL]]=LARGE($Q$37:$Q$50,3),despesafixaconsolidadoanual[[#This Row],[TOTAL]]=LARGE($Q$37:$Q$50,4),despesafixaconsolidadoanual[[#This Row],[TOTAL]]=LARGE($Q$37:$Q$50,5)),DADOS!$I$8,"")) | E44: =despesafixaconsolidado[[#This Row],[TOTAL]] -> 0 | F44: =despesafixaconsolidadofev[[#This Row],[TOTAL]] -> 0 | G44: =despesafixaconsolidadomar[[#This Row],[TOTAL]] -> 0 | H44: =despesafixaconsolidadoabr[[#This Row],[TOTAL]] -> 0 | I44: =despesafixaconsolidadomai[[#This Row],[TOTAL]] -> 0 | J44: =despesafixaconsolidadojun[[#This Row],[TOTAL]] -> 0 | K44: =despesafixaconsolidadojul[[#This Row],[TOTAL]] -> 0 | L44: =despesafixaconsolidadoago[[#This Row],[TOTAL]] -> 0 | M44: =despesafixaconsolidadoset[[#This Row],[TOTAL]] -> 0 | N44: =despesafixaconsolidadoout[[#This Row],[TOTAL]] -> 0 | O44: =despesafixaconsolidadonov[[#This Row],[TOTAL]] -> 0 | P44: =despesafixaconsolidadodez[[#This Row],[TOTAL]] -> 0 | Q44: =SUM(despesafixaconsolidadoanual[[#This Row],[1]:[12]]) -> 0 | AO44: =SUMIFS(tabela_registros[VALOR],tabela_registros[MÊS],$AE$1,tabela_registros[REGISTRO],DADOS!$N$4,tabela_registros[TIPO],DADOS!$P$3,tabela_registros[CATEGORIA],despesafixaconsolidadodez[[#This Row],[DESPESA FIXA]],#REF!,DADOS!$J$4) -> #REF! | AP44: =SUMIFS(tabela_registros[VALOR],tabela_registros[MÊS],$AE$1,tabela_registros[REGISTRO],DADOS!$N$4,tabela_registros[TIPO],DADOS!$P$3,tabela_registros[CATEGORIA],despesafixaconsolidadodez[[#This Row],[DESPESA FIXA]],#REF!,DADOS!$J$3) -> #REF! | AQ44: =(despesafixaconsolidadoanual[[#This Row],[TOTAL]]*$AQ$51)/$Q$51 -> 0
C45: =DADOS!$R$11 -> 🔢 IMPOSTOS | D45: =IF(despesafixaconsolidadoanual[[#This Row],[TOTAL]]=0,"",IF(OR(despesafixaconsolidadoanual[[#This Row],[TOTAL]]=LARGE($Q$37:$Q$50,1),despesafixaconsolidadoanual[[#This Row],[TOTAL]]=LARGE($Q$37:$Q$50,2),despesafixaconsolidadoanual[[#This Row],[TOTAL]]=LARGE($Q$37:$Q$50,3),despesafixaconsolidadoanual[[#This Row],[TOTAL]]=LARGE($Q$37:$Q$50,4),despesafixaconsolidadoanual[[#This Row],[TOTAL]]=LARGE($Q$37:$Q$50,5)),DADOS!$I$8,"")) -> 💣 | E45: =despesafixaconsolidado[[#This Row],[TOTAL]] -> 107.78571 | F45: =despesafixaconsolidadofev[[#This Row],[TOTAL]] -> 0 | G45: =despesafixaconsolidadomar[[#This Row],[TOTAL]] -> 0 | H45: =despesafixaconsolidadoabr[[#This Row],[TOTAL]] -> 0 | I45: =despesafixaconsolidadomai[[#This Row],[TOTAL]] -> 0 | J45: =despesafixaconsolidadojun[[#This Row],[TOTAL]] -> 0 | K45: =despesafixaconsolidadojul[[#This Row],[TOTAL]] -> 0 | L45: =despesafixaconsolidadoago[[#This Row],[TOTAL]] -> 0 | M45: =despesafixaconsolidadoset[[#This Row],[TOTAL]] -> 0 | N45: =despesafixaconsolidadoout[[#This Row],[TOTAL]] -> 0 | O45: =despesafixaconsolidadonov[[#This Row],[TOTAL]] -> 0 | P45: =despesafixaconsolidadodez[[#This Row],[TOTAL]] -> 0 | Q45: =SUM(despesafixaconsolidadoanual[[#This Row],[1]:[12]]) -> 107.78571 | AO45: =SUMIFS(tabela_registros[VALOR],tabela_registros[MÊS],$AE$1,tabela_registros[REGISTRO],DADOS!$N$4,tabela_registros[TIPO],DADOS!$P$3,tabela_registros[CATEGORIA],despesafixaconsolidadodez[[#This Row],[DESPESA FIXA]],#REF!,DADOS!$J$4) -> #REF! | AP45: =SUMIFS(tabela_registros[VALOR],tabela_registros[MÊS],$AE$1,tabela_registros[REGISTRO],DADOS!$N$4,tabela_registros[TIPO],DADOS!$P$3,tabela_registros[CATEGORIA],despesafixaconsolidadodez[[#This Row],[DESPESA FIXA]],#REF!,DADOS!$J$3) -> #REF! | AQ45: =(despesafixaconsolidadoanual[[#This Row],[TOTAL]]*$AQ$51)/$Q$51 -> 0.098053231
C46: =DADOS!$R$12 -> 🖱️ INTERNET | D46: =IF(despesafixaconsolidadoanual[[#This Row],[TOTAL]]=0,"",IF(OR(despesafixaconsolidadoanual[[#This Row],[TOTAL]]=LARGE($Q$37:$Q$50,1),despesafixaconsolidadoanual[[#This Row],[TOTAL]]=LARGE($Q$37:$Q$50,2),despesafixaconsolidadoanual[[#This Row],[TOTAL]]=LARGE($Q$37:$Q$50,3),despesafixaconsolidadoanual[[#This Row],[TOTAL]]=LARGE($Q$37:$Q$50,4),despesafixaconsolidadoanual[[#This Row],[TOTAL]]=LARGE($Q$37:$Q$50,5)),DADOS!$I$8,"")) | E46: =despesafixaconsolidado[[#This Row],[TOTAL]] -> 0 | F46: =despesafixaconsolidadofev[[#This Row],[TOTAL]] -> 0 | G46: =despesafixaconsolidadomar[[#This Row],[TOTAL]] -> 0 | H46: =despesafixaconsolidadoabr[[#This Row],[TOTAL]] -> 0 | I46: =despesafixaconsolidadomai[[#This Row],[TOTAL]] -> 0 | J46: =despesafixaconsolidadojun[[#This Row],[TOTAL]] -> 0 | K46: =despesafixaconsolidadojul[[#This Row],[TOTAL]] -> 0 | L46: =despesafixaconsolidadoago[[#This Row],[TOTAL]] -> 0 | M46: =despesafixaconsolidadoset[[#This Row],[TOTAL]] -> 0 | N46: =despesafixaconsolidadoout[[#This Row],[TOTAL]] -> 0 | O46: =despesafixaconsolidadonov[[#This Row],[TOTAL]] -> 0 | P46: =despesafixaconsolidadodez[[#This Row],[TOTAL]] -> 0 | Q46: =SUM(despesafixaconsolidadoanual[[#This Row],[1]:[12]]) -> 0 | AO46: =SUMIFS(tabela_registros[VALOR],tabela_registros[MÊS],$AE$1,tabela_registros[REGISTRO],DADOS!$N$4,tabela_registros[TIPO],DADOS!$P$3,tabela_registros[CATEGORIA],despesafixaconsolidadodez[[#This Row],[DESPESA FIXA]],#REF!,DADOS!$J$4) -> #REF! | AP46: =SUMIFS(tabela_registros[VALOR],tabela_registros[MÊS],$AE$1,tabela_registros[REGISTRO],DADOS!$N$4,tabela_registros[TIPO],DADOS!$P$3,tabela_registros[CATEGORIA],despesafixaconsolidadodez[[#This Row],[DESPESA FIXA]],#REF!,DADOS!$J$3) -> #REF! | AQ46: =(despesafixaconsolidadoanual[[#This Row],[TOTAL]]*$AQ$51)/$Q$51 -> 0
C47: =DADOS!$R$13 -> 🏠 MORADIA | D47: =IF(despesafixaconsolidadoanual[[#This Row],[TOTAL]]=0,"",IF(OR(despesafixaconsolidadoanual[[#This Row],[TOTAL]]=LARGE($Q$37:$Q$50,1),despesafixaconsolidadoanual[[#This Row],[TOTAL]]=LARGE($Q$37:$Q$50,2),despesafixaconsolidadoanual[[#This Row],[TOTAL]]=LARGE($Q$37:$Q$50,3),despesafixaconsolidadoanual[[#This Row],[TOTAL]]=LARGE($Q$37:$Q$50,4),despesafixaconsolidadoanual[[#This Row],[TOTAL]]=LARGE($Q$37:$Q$50,5)),DADOS!$I$8,"")) | E47: =despesafixaconsolidado[[#This Row],[TOTAL]] -> 0 | F47: =despesafixaconsolidadofev[[#This Row],[TOTAL]] -> 0 | G47: =despesafixaconsolidadomar[[#This Row],[TOTAL]] -> 0 | H47: =despesafixaconsolidadoabr[[#This Row],[TOTAL]] -> 0 | I47: =despesafixaconsolidadomai[[#This Row],[TOTAL]] -> 0 | J47: =despesafixaconsolidadojun[[#This Row],[TOTAL]] -> 0 | K47: =despesafixaconsolidadojul[[#This Row],[TOTAL]] -> 0 | L47: =despesafixaconsolidadoago[[#This Row],[TOTAL]] -> 0 | M47: =despesafixaconsolidadoset[[#This Row],[TOTAL]] -> 0 | N47: =despesafixaconsolidadoout[[#This Row],[TOTAL]] -> 0 | O47: =despesafixaconsolidadonov[[#This Row],[TOTAL]] -> 0 | P47: =despesafixaconsolidadodez[[#This Row],[TOTAL]] -> 0 | Q47: =SUM(despesafixaconsolidadoanual[[#This Row],[1]:[12]]) -> 0 | AO47: =SUMIFS(tabela_registros[VALOR],tabela_registros[MÊS],$AE$1,tabela_registros[REGISTRO],DADOS!$N$4,tabela_registros[TIPO],DADOS!$P$3,tabela_registros[CATEGORIA],despesafixaconsolidadodez[[#This Row],[DESPESA FIXA]],#REF!,DADOS!$J$4) -> #REF! | AP47: =SUMIFS(tabela_registros[VALOR],tabela_registros[MÊS],$AE$1,tabela_registros[REGISTRO],DADOS!$N$4,tabela_registros[TIPO],DADOS!$P$3,tabela_registros[CATEGORIA],despesafixaconsolidadodez[[#This Row],[DESPESA FIXA]],#REF!,DADOS!$J$3) -> #REF! | AQ47: =(despesafixaconsolidadoanual[[#This Row],[TOTAL]]*$AQ$51)/$Q$51 -> 0
C48: =DADOS!$R$14 -> 💊 SAÚDE | D48: =IF(despesafixaconsolidadoanual[[#This Row],[TOTAL]]=0,"",IF(OR(despesafixaconsolidadoanual[[#This Row],[TOTAL]]=LARGE($Q$37:$Q$50,1),despesafixaconsolidadoanual[[#This Row],[TOTAL]]=LARGE($Q$37:$Q$50,2),despesafixaconsolidadoanual[[#This Row],[TOTAL]]=LARGE($Q$37:$Q$50,3),despesafixaconsolidadoanual[[#This Row],[TOTAL]]=LARGE($Q$37:$Q$50,4),despesafixaconsolidadoanual[[#This Row],[TOTAL]]=LARGE($Q$37:$Q$50,5)),DADOS!$I$8,"")) | E48: =despesafixaconsolidado[[#This Row],[TOTAL]] -> 0 | F48: =despesafixaconsolidadofev[[#This Row],[TOTAL]] -> 0 | G48: =despesafixaconsolidadomar[[#This Row],[TOTAL]] -> 0 | H48: =despesafixaconsolidadoabr[[#This Row],[TOTAL]] -> 0 | I48: =despesafixaconsolidadomai[[#This Row],[TOTAL]] -> 0 | J48: =despesafixaconsolidadojun[[#This Row],[TOTAL]] -> 0 | K48: =despesafixaconsolidadojul[[#This Row],[TOTAL]] -> 0 | L48: =despesafixaconsolidadoago[[#This Row],[TOTAL]] -> 0 | M48: =despesafixaconsolidadoset[[#This Row],[TOTAL]] -> 0 | N48: =despesafixaconsolidadoout[[#This Row],[TOTAL]] -> 0 | O48: =despesafixaconsolidadonov[[#This Row],[TOTAL]] -> 0 | P48: =despesafixaconsolidadodez[[#This Row],[TOTAL]] -> 0 | Q48: =SUM(despesafixaconsolidadoanual[[#This Row],[1]:[12]]) -> 0 | AO48: =SUMIFS(tabela_registros[VALOR],tabela_registros[MÊS],$AE$1,tabela_registros[REGISTRO],DADOS!$N$4,tabela_registros[TIPO],DADOS!$P$3,tabela_registros[CATEGORIA],despesafixaconsolidadodez[[#This Row],[DESPESA FIXA]],#REF!,DADOS!$J$4) -> #REF! | AP48: =SUMIFS(tabela_registros[VALOR],tabela_registros[MÊS],$AE$1,tabela_registros[REGISTRO],DADOS!$N$4,tabela_registros[TIPO],DADOS!$P$3,tabela_registros[CATEGORIA],despesafixaconsolidadodez[[#This Row],[DESPESA FIXA]],#REF!,DADOS!$J$3) -> #REF! | AQ48: =(despesafixaconsolidadoanual[[#This Row],[TOTAL]]*$AQ$51)/$Q$51 -> 0
C49: =DADOS!$R$15 -> 📞 TELEFONE | D49: =IF(despesafixaconsolidadoanual[[#This Row],[TOTAL]]=0,"",IF(OR(despesafixaconsolidadoanual[[#This Row],[TOTAL]]=LARGE($Q$37:$Q$50,1),despesafixaconsolidadoanual[[#This Row],[TOTAL]]=LARGE($Q$37:$Q$50,2),despesafixaconsolidadoanual[[#This Row],[TOTAL]]=LARGE($Q$37:$Q$50,3),despesafixaconsolidadoanual[[#This Row],[TOTAL]]=LARGE($Q$37:$Q$50,4),despesafixaconsolidadoanual[[#This Row],[TOTAL]]=LARGE($Q$37:$Q$50,5)),DADOS!$I$8,"")) | E49: =despesafixaconsolidado[[#This Row],[TOTAL]] -> 0 | F49: =despesafixaconsolidadofev[[#This Row],[TOTAL]] -> 0 | G49: =despesafixaconsolidadomar[[#This Row],[TOTAL]] -> 0 | H49: =despesafixaconsolidadoabr[[#This Row],[TOTAL]] -> 0 | I49: =despesafixaconsolidadomai[[#This Row],[TOTAL]] -> 0 | J49: =despesafixaconsolidadojun[[#This Row],[TOTAL]] -> 0 | K49: =despesafixaconsolidadojul[[#This Row],[TOTAL]] -> 0 | L49: =despesafixaconsolidadoago[[#This Row],[TOTAL]] -> 0 | M49: =despesafixaconsolidadoset[[#This Row],[TOTAL]] -> 0 | N49: =despesafixaconsolidadoout[[#This Row],[TOTAL]] -> 0 | O49: =despesafixaconsolidadonov[[#This Row],[TOTAL]] -> 0 | P49: =despesafixaconsolidadodez[[#This Row],[TOTAL]] -> 0 | Q49: =SUM(despesafixaconsolidadoanual[[#This Row],[1]:[12]]) -> 0 | AO49: =SUMIFS(tabela_registros[VALOR],tabela_registros[MÊS],$AE$1,tabela_registros[REGISTRO],DADOS!$N$4,tabela_registros[TIPO],DADOS!$P$3,tabela_registros[CATEGORIA],despesafixaconsolidadodez[[#This Row],[DESPESA FIXA]],#REF!,DADOS!$J$4) -> #REF! | AP49: =SUMIFS(tabela_registros[VALOR],tabela_registros[MÊS],$AE$1,tabela_registros[REGISTRO],DADOS!$N$4,tabela_registros[TIPO],DADOS!$P$3,tabela_registros[CATEGORIA],despesafixaconsolidadodez[[#This Row],[DESPESA FIXA]],#REF!,DADOS!$J$3) -> #REF! | AQ49: =(despesafixaconsolidadoanual[[#This Row],[TOTAL]]*$AQ$51)/$Q$51 -> 0
C50: =DADOS!$R$16 -> 📎 OUTROS | D50: =IF(despesafixaconsolidadoanual[[#This Row],[TOTAL]]=0,"",IF(OR(despesafixaconsolidadoanual[[#This Row],[TOTAL]]=LARGE($Q$37:$Q$50,1),despesafixaconsolidadoanual[[#This Row],[TOTAL]]=LARGE($Q$37:$Q$50,2),despesafixaconsolidadoanual[[#This Row],[TOTAL]]=LARGE($Q$37:$Q$50,3),despesafixaconsolidadoanual[[#This Row],[TOTAL]]=LARGE($Q$37:$Q$50,4),despesafixaconsolidadoanual[[#This Row],[TOTAL]]=LARGE($Q$37:$Q$50,5)),DADOS!$I$8,"")) | E50: =despesafixaconsolidado[[#This Row],[TOTAL]] -> 0 | F50: =despesafixaconsolidadofev[[#This Row],[TOTAL]] -> 0 | G50: =despesafixaconsolidadomar[[#This Row],[TOTAL]] -> 0 | H50: =despesafixaconsolidadoabr[[#This Row],[TOTAL]] -> 0 | I50: =despesafixaconsolidadomai[[#This Row],[TOTAL]] -> 0 | J50: =despesafixaconsolidadojun[[#This Row],[TOTAL]] -> 0 | K50: =despesafixaconsolidadojul[[#This Row],[TOTAL]] -> 0 | L50: =despesafixaconsolidadoago[[#This Row],[TOTAL]] -> 0 | M50: =despesafixaconsolidadoset[[#This Row],[TOTAL]] -> 0 | N50: =despesafixaconsolidadoout[[#This Row],[TOTAL]] -> 0 | O50: =despesafixaconsolidadonov[[#This Row],[TOTAL]] -> 0 | P50: =despesafixaconsolidadodez[[#This Row],[TOTAL]] -> 0 | Q50: =SUM(despesafixaconsolidadoanual[[#This Row],[1]:[12]]) -> 0 | AN50: % total | AO50: =SUMIFS(tabela_registros[VALOR],tabela_registros[MÊS],$AE$1,tabela_registros[REGISTRO],DADOS!$N$4,tabela_registros[TIPO],DADOS!$P$3,tabela_registros[CATEGORIA],despesafixaconsolidadodez[[#This Row],[DESPESA FIXA]],#REF!,DADOS!$J$4) -> #REF! | AP50: =SUMIFS(tabela_registros[VALOR],tabela_registros[MÊS],$AE$1,tabela_registros[REGISTRO],DADOS!$N$4,tabela_registros[TIPO],DADOS!$P$3,tabela_registros[CATEGORIA],despesafixaconsolidadodez[[#This Row],[DESPESA FIXA]],#REF!,DADOS!$J$3) -> #REF! | AQ50: =(despesafixaconsolidadoanual[[#This Row],[TOTAL]]*$AQ$51)/$Q$51 -> 0
C51: TOTAL | D51: =IF(despesafixaconsolidadoanual[[#This Row],[TOTAL]]=0,"",IF(OR(despesafixaconsolidadoanual[[#This Row],[TOTAL]]=SMALL($Q$37:$Q$50,1),despesafixaconsolidadoanual[[#This Row],[TOTAL]]=SMALL($Q$37:$Q$50,2),despesafixaconsolidadoanual[[#This Row],[TOTAL]]=SMALL($Q$37:$Q$50,3),despesafixaconsolidadoanual[[#This Row],[TOTAL]]=SMALL($Q$37:$Q$50,4),despesafixaconsolidadoanual[[#This Row],[TOTAL]]=SMALL($Q$37:$Q$50,5)),DADOS!$I$8,"")) | E51: =despesafixaconsolidado[[#This Row],[TOTAL]] -> 297.21429 | F51: =despesafixaconsolidadofev[[#This Row],[TOTAL]]+despesafixaconsolidadoanual[[#This Row],[1]] -> 412.35714 | G51: =despesafixaconsolidadomar[[#This Row],[TOTAL]]+despesafixaconsolidadoanual[[#This Row],[2]] -> 764.35714 | H51: =despesafixaconsolidadoabr[[#This Row],[TOTAL]]+despesafixaconsolidadoanual[[#This Row],[3]] -> 889.35714 | I51: =despesafixaconsolidadomai[[#This Row],[TOTAL]]+despesafixaconsolidadoanual[[#This Row],[4]] -> 889.35714 | J51: =despesafixaconsolidadojun[[#This Row],[TOTAL]]+despesafixaconsolidadoanual[[#This Row],[5]] -> 889.35714 | K51: =despesafixaconsolidadojul[[#This Row],[TOTAL]]+despesafixaconsolidadoanual[[#This Row],[6]] -> 889.35714 | L51: =despesafixaconsolidadoago[[#This Row],[TOTAL]]+despesafixaconsolidadoanual[[#This Row],[7]] -> 889.35714 | M51: =despesafixaconsolidadoset[[#This Row],[TOTAL]]+despesafixaconsolidadoanual[[#This Row],[8]] -> 889.35714 | N51: =despesafixaconsolidadoout[[#This Row],[TOTAL]]+despesafixaconsolidadoanual[[#This Row],[9]] -> 959.25714 | O51: =despesafixaconsolidadonov[[#This Row],[TOTAL]]+despesafixaconsolidadoanual[[#This Row],[10]] -> 1099.2571 | P51: =despesafixaconsolidadodez[[#This Row],[TOTAL]]+despesafixaconsolidadoanual[[#This Row],[11]] -> 1099.2571 | Q51: =despesafixaconsolidadoanual[[#This Row],[12]] -> 1099.2571 | AN51: =despesafixaconsolidadoanual[[#This Row],[TOTAL]]/$Q$15 -> 0.31450608 | AO51: =SUM(AO37:AO50) -> #REF! | AP51: =SUM(AP37:AP50) -> #REF! | AQ51: =1 -> 1
Q56: TOTAL
Q57: 🔽
AO58: REALIZADO | AP58: PROGRAMADO | AQ58: % PARTICIPAÇÃO
C59: DESPESA VARIÁVEL | D59: Coluna1 | E59: 1 | F59: 2 | G59: 3 | H59: 4 | I59: 5 | J59: 6 | K59: 7 | L59: 8 | M59: 9 | N59: 10 | O59: 11 | P59: 12 | Q59: TOTAL | R59: PAGO | S59: PAGAR
C60: =DADOS!$T$3 -> 🍕 ALIMENTAÇÃO | D60: =IF(despesavariávelconsolidadoanual[[#This Row],[TOTAL]]=0,"",IF(OR(despesavariávelconsolidadoanual[[#This Row],[TOTAL]]=LARGE($Q$60:$Q$72,1),despesavariávelconsolidadoanual[[#This Row],[TOTAL]]=LARGE($Q$60:$Q$72,2),despesavariávelconsolidadoanual[[#This Row],[TOTAL]]=LARGE($Q$60:$Q$72,3),despesavariávelconsolidadoanual[[#This Row],[TOTAL]]=LARGE($Q$60:$Q$72,4),despesavariávelconsolidadoanual[[#This Row],[TOTAL]]=LARGE($Q$60:$Q$72,5)),DADOS!$I$8,"")) | E60: =despesavariávelconsolidado[[#This Row],[TOTAL]] -> 144.57143 | F60: =despesavariávelconsolidadofev[[#This Row],[TOTAL]] -> 0 | G60: =despesavariávelconsolidadomar[[#This Row],[TOTAL]] -> 0 | H60: =despesavariávelconsolidadoabr[[#This Row],[TOTAL]] -> 0 | I60: =despesavariávelconsolidadomai[[#This Row],[TOTAL]] -> 0 | J60: =despesavariávelconsolidadojun[[#This Row],[TOTAL]] -> 0 | K60: =despesavariávelconsolidadojul[[#This Row],[TOTAL]] -> 0 | L60: =despesavariávelconsolidadoago[[#This Row],[TOTAL]] -> 0 | M60: =despesavariávelconsolidadoset[[#This Row],[TOTAL]] -> 0 | N60: =despesavariávelconsolidadoout[[#This Row],[TOTAL]] -> 0 | O60: =despesavariávelconsolidadonov[[#This Row],[TOTAL]] -> 0 | P60: =despesavariávelconsolidadodez[[#This Row],[TOTAL]] -> 0 | Q60: =SUM(despesavariávelconsolidadoanual[[#This Row],[1]:[12]]) -> 144.57143 | AO60: =SUMIFS(tabela_registros[VALOR],tabela_registros[MÊS],$AE$1,tabela_registros[REGISTRO],DADOS!$N$4,tabela_registros[TIPO],DADOS!$P$4,tabela_registros[CATEGORIA],despesavariávelconsolidadodez[[#This Row],[DESPESA VARIÁVEL]],#REF!,DADOS!$J$4) -> #REF! | AP60: =SUMIFS(tabela_registros[VALOR],tabela_registros[MÊS],$AE$1,tabela_registros[REGISTRO],DADOS!$N$4,tabela_registros[TIPO],DADOS!$P$4,tabela_registros[CATEGORIA],despesavariávelconsolidadodez[[#This Row],[DESPESA VARIÁVEL]],#REF!,DADOS!$J$3) -> #REF! | AQ60: =(despesavariávelconsolidadoanual[[#This Row],[TOTAL]]*$AQ$73)/$Q$73 -> 0.060340459
C61: =DADOS!$T$4 -> 💳 CARTÃO DE CRÉDITO | D61: =IF(despesavariávelconsolidadoanual[[#This Row],[TOTAL]]=0,"",IF(OR(despesavariávelconsolidadoanual[[#This Row],[TOTAL]]=LARGE($Q$60:$Q$72,1),despesavariávelconsolidadoanual[[#This Row],[TOTAL]]=LARGE($Q$60:$Q$72,2),despesavariávelconsolidadoanual[[#This Row],[TOTAL]]=LARGE($Q$60:$Q$72,3),despesavariávelconsolidadoanual[[#This Row],[TOTAL]]=LARGE($Q$60:$Q$72,4),despesavariávelconsolidadoanual[[#This Row],[TOTAL]]=LARGE($Q$60:$Q$72,5)),DADOS!$I$8,"")) | E61: =despesavariávelconsolidado[[#This Row],[TOTAL]] -> 0 | F61: =despesavariávelconsolidadofev[[#This Row],[TOTAL]] -> 0 | G61: =despesavariávelconsolidadomar[[#This Row],[TOTAL]] -> 0 | H61: =despesavariávelconsolidadoabr[[#This Row],[TOTAL]] -> 0 | I61: =despesavariávelconsolidadomai[[#This Row],[TOTAL]] -> 0 | J61: =despesavariávelconsolidadojun[[#This Row],[TOTAL]] -> 0 | K61: =despesavariávelconsolidadojul[[#This Row],[TOTAL]] -> 0 | L61: =despesavariávelconsolidadoago[[#This Row],[TOTAL]] -> 0 | M61: =despesavariávelconsolidadoset[[#This Row],[TOTAL]] -> 0 | N61: =despesavariávelconsolidadoout[[#This Row],[TOTAL]] -> 0 | O61: =despesavariávelconsolidadonov[[#This Row],[TOTAL]] -> 0 | P61: =despesavariávelconsolidadodez[[#This Row],[TOTAL]] -> 0 | Q61: =SUM(despesavariávelconsolidadoanual[[#This Row],[1]:[12]]) -> 0 | AO61: =SUMIFS(tabela_registros[VALOR],tabela_registros[MÊS],$AE$1,tabela_registros[REGISTRO],DADOS!$N$4,tabela_registros[TIPO],DADOS!$P$4,tabela_registros[CATEGORIA],despesavariávelconsolidadodez[[#This Row],[DESPESA VARIÁVEL]],#REF!,DADOS!$J$4) -> #REF! | AP61: =SUMIFS(tabela_registros[VALOR],tabela_registros[MÊS],$AE$1,tabela_registros[REGISTRO],DADOS!$N$4,tabela_registros[TIPO],DADOS!$P$4,tabela_registros[CATEGORIA],despesavariávelconsolidadodez[[#This Row],[DESPESA VARIÁVEL]],#REF!,DADOS!$J$3) -> #REF! | AQ61: =(despesavariávelconsolidadoanual[[#This Row],[TOTAL]]*$AQ$73)/$Q$73 -> 0
C62: =DADOS!$T$5 -> ✍️ CHEQUE ESPECIAL | D62: =IF(despesavariávelconsolidadoanual[[#This Row],[TOTAL]]=0,"",IF(OR(despesavariávelconsolidadoanual[[#This Row],[TOTAL]]=LARGE($Q$60:$Q$72,1),despesavariávelconsolidadoanual[[#This Row],[TOTAL]]=LARGE($Q$60:$Q$72,2),despesavariávelconsolidadoanual[[#This Row],[TOTAL]]=LARGE($Q$60:$Q$72,3),despesavariávelconsolidadoanual[[#This Row],[TOTAL]]=LARGE($Q$60:$Q$72,4),despesavariávelconsolidadoanual[[#This Row],[TOTAL]]=LARGE($Q$60:$Q$72,5)),DADOS!$I$8,"")) | E62: =despesavariávelconsolidado[[#This Row],[TOTAL]] -> 150 | F62: =despesavariávelconsolidadofev[[#This Row],[TOTAL]] -> 0 | G62: =despesavariávelconsolidadomar[[#This Row],[TOTAL]] -> 0 | H62: =despesavariávelconsolidadoabr[[#This Row],[TOTAL]] -> 0 | I62: =despesavariávelconsolidadomai[[#This Row],[TOTAL]] -> 0 | J62: =despesavariávelconsolidadojun[[#This Row],[TOTAL]] -> 0 | K62: =despesavariávelconsolidadojul[[#This Row],[TOTAL]] -> 0 | L62: =despesavariávelconsolidadoago[[#This Row],[TOTAL]] -> 0 | M62: =despesavariávelconsolidadoset[[#This Row],[TOTAL]] -> 0 | N62: =despesavariávelconsolidadoout[[#This Row],[TOTAL]] -> 0 | O62: =despesavariávelconsolidadonov[[#This Row],[TOTAL]] -> 0 | P62: =despesavariávelconsolidadodez[[#This Row],[TOTAL]] -> 0 | Q62: =SUM(despesavariávelconsolidadoanual[[#This Row],[1]:[12]]) -> 150 | AO62: =SUMIFS(tabela_registros[VALOR],tabela_registros[MÊS],$AE$1,tabela_registros[REGISTRO],DADOS!$N$4,tabela_registros[TIPO],DADOS!$P$4,tabela_registros[CATEGORIA],despesavariávelconsolidadodez[[#This Row],[DESPESA VARIÁVEL]],#REF!,DADOS!$J$4) -> #REF! | AP62: =SUMIFS(tabela_registros[VALOR],tabela_registros[MÊS],$AE$1,tabela_registros[REGISTRO],DADOS!$N$4,tabela_registros[TIPO],DADOS!$P$4,tabela_registros[CATEGORIA],despesavariávelconsolidadodez[[#This Row],[DESPESA VARIÁVEL]],#REF!,DADOS!$J$3) -> #REF! | AQ62: =(despesavariávelconsolidadoanual[[#This Row],[TOTAL]]*$AQ$73)/$Q$73 -> 0.062606207
C63: =DADOS!$T$6 -> 💄 CUIDADOS PESSOAIS | D63: =IF(despesavariávelconsolidadoanual[[#This Row],[TOTAL]]=0,"",IF(OR(despesavariávelconsolidadoanual[[#This Row],[TOTAL]]=LARGE($Q$60:$Q$72,1),despesavariávelconsolidadoanual[[#This Row],[TOTAL]]=LARGE($Q$60:$Q$72,2),despesavariávelconsolidadoanual[[#This Row],[TOTAL]]=LARGE($Q$60:$Q$72,3),despesavariávelconsolidadoanual[[#This Row],[TOTAL]]=LARGE($Q$60:$Q$72,4),despesavariávelconsolidadoanual[[#This Row],[TOTAL]]=LARGE($Q$60:$Q$72,5)),DADOS!$I$8,"")) | E63: =despesavariávelconsolidado[[#This Row],[TOTAL]] -> 0 | F63: =despesavariávelconsolidadofev[[#This Row],[TOTAL]] -> 0 | G63: =despesavariávelconsolidadomar[[#This Row],[TOTAL]] -> 0 | H63: =despesavariávelconsolidadoabr[[#This Row],[TOTAL]] -> 0 | I63: =despesavariávelconsolidadomai[[#This Row],[TOTAL]] -> 0 | J63: =despesavariávelconsolidadojun[[#This Row],[TOTAL]] -> 0 | K63: =despesavariávelconsolidadojul[[#This Row],[TOTAL]] -> 0 | L63: =despesavariávelconsolidadoago[[#This Row],[TOTAL]] -> 0 | M63: =despesavariávelconsolidadoset[[#This Row],[TOTAL]] -> 0 | N63: =despesavariávelconsolidadoout[[#This Row],[TOTAL]] -> 0 | O63: =despesavariávelconsolidadonov[[#This Row],[TOTAL]] -> 0 | P63: =despesavariávelconsolidadodez[[#This Row],[TOTAL]] -> 0 | Q63: =SUM(despesavariávelconsolidadoanual[[#This Row],[1]:[12]]) -> 0 | AO63: =SUMIFS(tabela_registros[VALOR],tabela_registros[MÊS],$AE$1,tabela_registros[REGISTRO],DADOS!$N$4,tabela_registros[TIPO],DADOS!$P$4,tabela_registros[CATEGORIA],despesavariávelconsolidadodez[[#This Row],[DESPESA VARIÁVEL]],#REF!,DADOS!$J$4) -> #REF! | AP63: =SUMIFS(tabela_registros[VALOR],tabela_registros[MÊS],$AE$1,tabela_registros[REGISTRO],DADOS!$N$4,tabela_registros[TIPO],DADOS!$P$4,tabela_registros[CATEGORIA],despesavariávelconsolidadodez[[#This Row],[DESPESA VARIÁVEL]],#REF!,DADOS!$J$3) -> #REF! | AQ63: =(despesavariávelconsolidadoanual[[#This Row],[TOTAL]]*$AQ$73)/$Q$73 -> 0
C64: =DADOS!$T$7 -> 🤝 DOAÇÃO | D64: =IF(despesavariávelconsolidadoanual[[#This Row],[TOTAL]]=0,"",IF(OR(despesavariávelconsolidadoanual[[#This Row],[TOTAL]]=LARGE($Q$60:$Q$72,1),despesavariávelconsolidadoanual[[#This Row],[TOTAL]]=LARGE($Q$60:$Q$72,2),despesavariávelconsolidadoanual[[#This Row],[TOTAL]]=LARGE($Q$60:$Q$72,3),despesavariávelconsolidadoanual[[#This Row],[TOTAL]]=LARGE($Q$60:$Q$72,4),despesavariávelconsolidadoanual[[#This Row],[TOTAL]]=LARGE($Q$60:$Q$72,5)),DADOS!$I$8,"")) -> 💣 | E64: =despesavariávelconsolidado[[#This Row],[TOTAL]] -> 0 | F64: =despesavariávelconsolidadofev[[#This Row],[TOTAL]] -> 0 | G64: =despesavariávelconsolidadomar[[#This Row],[TOTAL]] -> 0 | H64: =despesavariávelconsolidadoabr[[#This Row],[TOTAL]] -> 450 | I64: =despesavariávelconsolidadomai[[#This Row],[TOTAL]] -> 0 | J64: =despesavariávelconsolidadojun[[#This Row],[TOTAL]] -> 0 | K64: =despesavariávelconsolidadojul[[#This Row],[TOTAL]] -> 0 | L64: =despesavariávelconsolidadoago[[#This Row],[TOTAL]] -> 0 | M64: =despesavariávelconsolidadoset[[#This Row],[TOTAL]] -> 0 | N64: =despesavariávelconsolidadoout[[#This Row],[TOTAL]] -> 0 | O64: =despesavariávelconsolidadonov[[#This Row],[TOTAL]] -> 0 | P64: =despesavariávelconsolidadodez[[#This Row],[TOTAL]] -> 0 | Q64: =SUM(despesavariávelconsolidadoanual[[#This Row],[1]:[12]]) -> 450 | AO64: =SUMIFS(tabela_registros[VALOR],tabela_registros[MÊS],$AE$1,tabela_registros[REGISTRO],DADOS!$N$4,tabela_registros[TIPO],DADOS!$P$4,tabela_registros[CATEGORIA],despesavariávelconsolidadodez[[#This Row],[DESPESA VARIÁVEL]],#REF!,DADOS!$J$4) -> #REF! | AP64: =SUMIFS(tabela_registros[VALOR],tabela_registros[MÊS],$AE$1,tabela_registros[REGISTRO],DADOS!$N$4,tabela_registros[TIPO],DADOS!$P$4,tabela_registros[CATEGORIA],despesavariávelconsolidadodez[[#This Row],[DESPESA VARIÁVEL]],#REF!,DADOS!$J$3) -> #REF! | AQ64: =(despesavariávelconsolidadoanual[[#This Row],[TOTAL]]*$AQ$73)/$Q$73 -> 0.18781862
C65: =DADOS!$T$8 -> 📖 EDUCAÇÃO | D65: =IF(despesavariávelconsolidadoanual[[#This Row],[TOTAL]]=0,"",IF(OR(despesavariávelconsolidadoanual[[#This Row],[TOTAL]]=LARGE($Q$60:$Q$72,1),despesavariávelconsolidadoanual[[#This Row],[TOTAL]]=LARGE($Q$60:$Q$72,2),despesavariávelconsolidadoanual[[#This Row],[TOTAL]]=LARGE($Q$60:$Q$72,3),despesavariávelconsolidadoanual[[#This Row],[TOTAL]]=LARGE($Q$60:$Q$72,4),despesavariávelconsolidadoanual[[#This Row],[TOTAL]]=LARGE($Q$60:$Q$72,5)),DADOS!$I$8,"")) | E65: =despesavariávelconsolidado[[#This Row],[TOTAL]] -> 137.21429 | F65: =despesavariávelconsolidadofev[[#This Row],[TOTAL]] -> 0 | G65: =despesavariávelconsolidadomar[[#This Row],[TOTAL]] -> 0 | H65: =despesavariávelconsolidadoabr[[#This Row],[TOTAL]] -> 0 | I65: =despesavariávelconsolidadomai[[#This Row],[TOTAL]] -> 0 | J65: =despesavariávelconsolidadojun[[#This Row],[TOTAL]] -> 0 | K65: =despesavariávelconsolidadojul[[#This Row],[TOTAL]] -> 0 | L65: =despesavariávelconsolidadoago[[#This Row],[TOTAL]] -> 0 | M65: =despesavariávelconsolidadoset[[#This Row],[TOTAL]] -> 0 | N65: =despesavariávelconsolidadoout[[#This Row],[TOTAL]] -> 0 | O65: =despesavariávelconsolidadonov[[#This Row],[TOTAL]] -> 0 | P65: =despesavariávelconsolidadodez[[#This Row],[TOTAL]] -> 0 | Q65: =SUM(despesavariávelconsolidadoanual[[#This Row],[1]:[12]]) -> 137.21429 | AO65: =SUMIFS(tabela_registros[VALOR],tabela_registros[MÊS],$AE$1,tabela_registros[REGISTRO],DADOS!$N$4,tabela_registros[TIPO],DADOS!$P$4,tabela_registros[CATEGORIA],despesavariávelconsolidadodez[[#This Row],[DESPESA VARIÁVEL]],#REF!,DADOS!$J$4) -> #REF! | AP65: =SUMIFS(tabela_registros[VALOR],tabela_registros[MÊS],$AE$1,tabela_registros[REGISTRO],DADOS!$N$4,tabela_registros[TIPO],DADOS!$P$4,tabela_registros[CATEGORIA],despesavariávelconsolidadodez[[#This Row],[DESPESA VARIÁVEL]],#REF!,DADOS!$J$3) -> #REF! | AQ65: =(despesavariávelconsolidadoanual[[#This Row],[TOTAL]]*$AQ$73)/$Q$73 -> 0.057269773
C66: =DADOS!$T$9 -> 🎭 LAZER | D66: =IF(despesavariávelconsolidadoanual[[#This Row],[TOTAL]]=0,"",IF(OR(despesavariávelconsolidadoanual[[#This Row],[TOTAL]]=LARGE($Q$60:$Q$72,1),despesavariávelconsolidadoanual[[#This Row],[TOTAL]]=LARGE($Q$60:$Q$72,2),despesavariávelconsolidadoanual[[#This Row],[TOTAL]]=LARGE($Q$60:$Q$72,3),despesavariávelconsolidadoanual[[#This Row],[TOTAL]]=LARGE($Q$60:$Q$72,4),despesavariávelconsolidadoanual[[#This Row],[TOTAL]]=LARGE($Q$60:$Q$72,5)),DADOS!$I$8,"")) -> 💣 | E66: =despesavariávelconsolidado[[#This Row],[TOTAL]] -> 263.64286 | F66: =despesavariávelconsolidadofev[[#This Row],[TOTAL]] -> 0 | G66: =despesavariávelconsolidadomar[[#This Row],[TOTAL]] -> 0 | H66: =despesavariávelconsolidadoabr[[#This Row],[TOTAL]] -> 0 | I66: =despesavariávelconsolidadomai[[#This Row],[TOTAL]] -> 0 | J66: =despesavariávelconsolidadojun[[#This Row],[TOTAL]] -> 0 | K66: =despesavariávelconsolidadojul[[#This Row],[TOTAL]] -> 0 | L66: =despesavariávelconsolidadoago[[#This Row],[TOTAL]] -> 0 | M66: =despesavariávelconsolidadoset[[#This Row],[TOTAL]] -> 0 | N66: =despesavariávelconsolidadoout[[#This Row],[TOTAL]] -> 20 | O66: =despesavariávelconsolidadonov[[#This Row],[TOTAL]] -> 0 | P66: =despesavariávelconsolidadodez[[#This Row],[TOTAL]] -> 0 | Q66: =SUM(despesavariávelconsolidadoanual[[#This Row],[1]:[12]]) -> 283.64286 | AO66: =SUMIFS(tabela_registros[VALOR],tabela_registros[MÊS],$AE$1,tabela_registros[REGISTRO],DADOS!$N$4,tabela_registros[TIPO],DADOS!$P$4,tabela_registros[CATEGORIA],despesavariávelconsolidadodez[[#This Row],[DESPESA VARIÁVEL]],#REF!,DADOS!$J$4) -> #REF! | AP66: =SUMIFS(tabela_registros[VALOR],tabela_registros[MÊS],$AE$1,tabela_registros[REGISTRO],DADOS!$N$4,tabela_registros[TIPO],DADOS!$P$4,tabela_registros[CATEGORIA],despesavariávelconsolidadodez[[#This Row],[DESPESA VARIÁVEL]],#REF!,DADOS!$J$3) -> #REF! | AQ66: =(despesavariávelconsolidadoanual[[#This Row],[TOTAL]]*$AQ$73)/$Q$73 -> 0.11838536
C67: =DADOS!$T$10 -> 🛒 MERCADO | D67: =IF(despesavariávelconsolidadoanual[[#This Row],[TOTAL]]=0,"",IF(OR(despesavariávelconsolidadoanual[[#This Row],[TOTAL]]=LARGE($Q$60:$Q$72,1),despesavariávelconsolidadoanual[[#This Row],[TOTAL]]=LARGE($Q$60:$Q$72,2),despesavariávelconsolidadoanual[[#This Row],[TOTAL]]=LARGE($Q$60:$Q$72,3),despesavariávelconsolidadoanual[[#This Row],[TOTAL]]=LARGE($Q$60:$Q$72,4),despesavariávelconsolidadoanual[[#This Row],[TOTAL]]=LARGE($Q$60:$Q$72,5)),DADOS!$I$8,"")) | E67: =despesavariávelconsolidado[[#This Row],[TOTAL]] -> 56.285714 | F67: =despesavariávelconsolidadofev[[#This Row],[TOTAL]] -> 0 | G67: =despesavariávelconsolidadomar[[#This Row],[TOTAL]] -> 0 | H67: =despesavariávelconsolidadoabr[[#This Row],[TOTAL]] -> 0 | I67: =despesavariávelconsolidadomai[[#This Row],[TOTAL]] -> 0 | J67: =despesavariávelconsolidadojun[[#This Row],[TOTAL]] -> 0 | K67: =despesavariávelconsolidadojul[[#This Row],[TOTAL]] -> 0 | L67: =despesavariávelconsolidadoago[[#This Row],[TOTAL]] -> 0 | M67: =despesavariávelconsolidadoset[[#This Row],[TOTAL]] -> 0 | N67: =despesavariávelconsolidadoout[[#This Row],[TOTAL]] -> 0 | O67: =despesavariávelconsolidadonov[[#This Row],[TOTAL]] -> 0 | P67: =despesavariávelconsolidadodez[[#This Row],[TOTAL]] -> 0 | Q67: =SUM(despesavariávelconsolidadoanual[[#This Row],[1]:[12]]) -> 56.285714 | AO67: =SUMIFS(tabela_registros[VALOR],tabela_registros[MÊS],$AE$1,tabela_registros[REGISTRO],DADOS!$N$4,tabela_registros[TIPO],DADOS!$P$4,tabela_registros[CATEGORIA],despesavariávelconsolidadodez[[#This Row],[DESPESA VARIÁVEL]],#REF!,DADOS!$J$4) -> #REF! | AP67: =SUMIFS(tabela_registros[VALOR],tabela_registros[MÊS],$AE$1,tabela_registros[REGISTRO],DADOS!$N$4,tabela_registros[TIPO],DADOS!$P$4,tabela_registros[CATEGORIA],despesavariávelconsolidadodez[[#This Row],[DESPESA VARIÁVEL]],#REF!,DADOS!$J$3) -> #REF! | AQ67: =(despesavariávelconsolidadoanual[[#This Row],[TOTAL]]*$AQ$73)/$Q$73 -> 0.023492234
C68: =DADOS!$T$11 -> 🎁 PRESENTES | D68: =IF(despesavariávelconsolidadoanual[[#This Row],[TOTAL]]=0,"",IF(OR(despesavariávelconsolidadoanual[[#This Row],[TOTAL]]=LARGE($Q$60:$Q$72,1),despesavariávelconsolidadoanual[[#This Row],[TOTAL]]=LARGE($Q$60:$Q$72,2),despesavariávelconsolidadoanual[[#This Row],[TOTAL]]=LARGE($Q$60:$Q$72,3),despesavariávelconsolidadoanual[[#This Row],[TOTAL]]=LARGE($Q$60:$Q$72,4),despesavariávelconsolidadoanual[[#This Row],[TOTAL]]=LARGE($Q$60:$Q$72,5)),DADOS!$I$8,"")) | E68: =despesavariávelconsolidado[[#This Row],[TOTAL]] -> 41.571429 | F68: =despesavariávelconsolidadofev[[#This Row],[TOTAL]] -> 0 | G68: =despesavariávelconsolidadomar[[#This Row],[TOTAL]] -> 0 | H68: =despesavariávelconsolidadoabr[[#This Row],[TOTAL]] -> 0 | I68: =despesavariávelconsolidadomai[[#This Row],[TOTAL]] -> 0 | J68: =despesavariávelconsolidadojun[[#This Row],[TOTAL]] -> 0 | K68: =despesavariávelconsolidadojul[[#This Row],[TOTAL]] -> 0 | L68: =despesavariávelconsolidadoago[[#This Row],[TOTAL]] -> 0 | M68: =despesavariávelconsolidadoset[[#This Row],[TOTAL]] -> 0 | N68: =despesavariávelconsolidadoout[[#This Row],[TOTAL]] -> 0 | O68: =despesavariávelconsolidadonov[[#This Row],[TOTAL]] -> 0 | P68: =despesavariávelconsolidadodez[[#This Row],[TOTAL]] -> 0 | Q68: =SUM(despesavariávelconsolidadoanual[[#This Row],[1]:[12]]) -> 41.571429 | AO68: =SUMIFS(tabela_registros[VALOR],tabela_registros[MÊS],$AE$1,tabela_registros[REGISTRO],DADOS!$N$4,tabela_registros[TIPO],DADOS!$P$4,tabela_registros[CATEGORIA],despesavariávelconsolidadodez[[#This Row],[DESPESA VARIÁVEL]],#REF!,DADOS!$J$4) -> #REF! | AP68: =SUMIFS(tabela_registros[VALOR],tabela_registros[MÊS],$AE$1,tabela_registros[REGISTRO],DADOS!$N$4,tabela_registros[TIPO],DADOS!$P$4,tabela_registros[CATEGORIA],despesavariávelconsolidadodez[[#This Row],[DESPESA VARIÁVEL]],#REF!,DADOS!$J$3) -> #REF! | AQ68: =(despesavariávelconsolidadoanual[[#This Row],[TOTAL]]*$AQ$73)/$Q$73 -> 0.017350863
C69: =DADOS!$T$12 -> 💊 SAÚDE | D69: =IF(despesavariávelconsolidadoanual[[#This Row],[TOTAL]]=0,"",IF(OR(despesavariávelconsolidadoanual[[#This Row],[TOTAL]]=LARGE($Q$60:$Q$72,1),despesavariávelconsolidadoanual[[#This Row],[TOTAL]]=LARGE($Q$60:$Q$72,2),despesavariávelconsolidadoanual[[#This Row],[TOTAL]]=LARGE($Q$60:$Q$72,3),despesavariávelconsolidadoanual[[#This Row],[TOTAL]]=LARGE($Q$60:$Q$72,4),despesavariávelconsolidadoanual[[#This Row],[TOTAL]]=LARGE($Q$60:$Q$72,5)),DADOS!$I$8,"")) -> 💣 | E69: =despesavariávelconsolidado[[#This Row],[TOTAL]] -> 85.714286 | F69: =despesavariávelconsolidadofev[[#This Row],[TOTAL]] -> 0 | G69: =despesavariávelconsolidadomar[[#This Row],[TOTAL]] -> 0 | H69: =despesavariávelconsolidadoabr[[#This Row],[TOTAL]] -> 0 | I69: =despesavariávelconsolidadomai[[#This Row],[TOTAL]] -> 0 | J69: =despesavariávelconsolidadojun[[#This Row],[TOTAL]] -> 0 | K69: =despesavariávelconsolidadojul[[#This Row],[TOTAL]] -> 236 | L69: =despesavariávelconsolidadoago[[#This Row],[TOTAL]] -> 0 | M69: =despesavariávelconsolidadoset[[#This Row],[TOTAL]] -> 0 | N69: =despesavariávelconsolidadoout[[#This Row],[TOTAL]] -> 0 | O69: =despesavariávelconsolidadonov[[#This Row],[TOTAL]] -> 0 | P69: =despesavariávelconsolidadodez[[#This Row],[TOTAL]] -> 0 | Q69: =SUM(despesavariávelconsolidadoanual[[#This Row],[1]:[12]]) -> 321.71429 | AO69: =SUMIFS(tabela_registros[VALOR],tabela_registros[MÊS],$AE$1,tabela_registros[REGISTRO],DADOS!$N$4,tabela_registros[TIPO],DADOS!$P$4,tabela_registros[CATEGORIA],despesavariávelconsolidadodez[[#This Row],[DESPESA VARIÁVEL]],#REF!,DADOS!$J$4) -> #REF! | AP69: =SUMIFS(tabela_registros[VALOR],tabela_registros[MÊS],$AE$1,tabela_registros[REGISTRO],DADOS!$N$4,tabela_registros[TIPO],DADOS!$P$4,tabela_registros[CATEGORIA],despesavariávelconsolidadodez[[#This Row],[DESPESA VARIÁVEL]],#REF!,DADOS!$J$3) -> #REF! | AQ69: =(despesavariávelconsolidadoanual[[#This Row],[TOTAL]]*$AQ$73)/$Q$73 -> 0.13427541
C70: =DADOS!$T$13 -> 🚍 TRANSPORTE | D70: =IF(despesavariávelconsolidadoanual[[#This Row],[TOTAL]]=0,"",IF(OR(despesavariávelconsolidadoanual[[#This Row],[TOTAL]]=LARGE($Q$60:$Q$72,1),despesavariávelconsolidadoanual[[#This Row],[TOTAL]]=LARGE($Q$60:$Q$72,2),despesavariávelconsolidadoanual[[#This Row],[TOTAL]]=LARGE($Q$60:$Q$72,3),despesavariávelconsolidadoanual[[#This Row],[TOTAL]]=LARGE($Q$60:$Q$72,4),despesavariávelconsolidadoanual[[#This Row],[TOTAL]]=LARGE($Q$60:$Q$72,5)),DADOS!$I$8,"")) | E70: =despesavariávelconsolidado[[#This Row],[TOTAL]] -> 0 | F70: =despesavariávelconsolidadofev[[#This Row],[TOTAL]] -> 0 | G70: =despesavariávelconsolidadomar[[#This Row],[TOTAL]] -> 0 | H70: =despesavariávelconsolidadoabr[[#This Row],[TOTAL]] -> 0 | I70: =despesavariávelconsolidadomai[[#This Row],[TOTAL]] -> 0 | J70: =despesavariávelconsolidadojun[[#This Row],[TOTAL]] -> 0 | K70: =despesavariávelconsolidadojul[[#This Row],[TOTAL]] -> 248 | L70: =despesavariávelconsolidadoago[[#This Row],[TOTAL]] -> 0 | M70: =despesavariávelconsolidadoset[[#This Row],[TOTAL]] -> 0 | N70: =despesavariávelconsolidadoout[[#This Row],[TOTAL]] -> 0 | O70: =despesavariávelconsolidadonov[[#This Row],[TOTAL]] -> 0 | P70: =despesavariávelconsolidadodez[[#This Row],[TOTAL]] -> 0 | Q70: =SUM(despesavariávelconsolidadoanual[[#This Row],[1]:[12]]) -> 248 | AO70: =SUMIFS(tabela_registros[VALOR],tabela_registros[MÊS],$AE$1,tabela_registros[REGISTRO],DADOS!$N$4,tabela_registros[TIPO],DADOS!$P$4,tabela_registros[CATEGORIA],despesavariávelconsolidadodez[[#This Row],[DESPESA VARIÁVEL]],#REF!,DADOS!$J$4) -> #REF! | AP70: =SUMIFS(tabela_registros[VALOR],tabela_registros[MÊS],$AE$1,tabela_registros[REGISTRO],DADOS!$N$4,tabela_registros[TIPO],DADOS!$P$4,tabela_registros[CATEGORIA],despesavariávelconsolidadodez[[#This Row],[DESPESA VARIÁVEL]],#REF!,DADOS!$J$3) -> #REF! | AQ70: =(despesavariávelconsolidadoanual[[#This Row],[TOTAL]]*$AQ$73)/$Q$73 -> 0.10350893
C71: =DADOS!$T$14 -> 🛍️ VESTUÁRIO | D71: =IF(despesavariávelconsolidadoanual[[#This Row],[TOTAL]]=0,"",IF(OR(despesavariávelconsolidadoanual[[#This Row],[TOTAL]]=LARGE($Q$60:$Q$72,1),despesavariávelconsolidadoanual[[#This Row],[TOTAL]]=LARGE($Q$60:$Q$72,2),despesavariávelconsolidadoanual[[#This Row],[TOTAL]]=LARGE($Q$60:$Q$72,3),despesavariávelconsolidadoanual[[#This Row],[TOTAL]]=LARGE($Q$60:$Q$72,4),despesavariávelconsolidadoanual[[#This Row],[TOTAL]]=LARGE($Q$60:$Q$72,5)),DADOS!$I$8,"")) -> 💣 | E71: =despesavariávelconsolidado[[#This Row],[TOTAL]] -> 0 | F71: =despesavariávelconsolidadofev[[#This Row],[TOTAL]] -> 0 | G71: =despesavariávelconsolidadomar[[#This Row],[TOTAL]] -> 0 | H71: =despesavariávelconsolidadoabr[[#This Row],[TOTAL]] -> 0 | I71: =despesavariávelconsolidadomai[[#This Row],[TOTAL]] -> 0 | J71: =despesavariávelconsolidadojun[[#This Row],[TOTAL]] -> 0 | K71: =despesavariávelconsolidadojul[[#This Row],[TOTAL]] -> 254 | L71: =despesavariávelconsolidadoago[[#This Row],[TOTAL]] -> 0 | M71: =despesavariávelconsolidadoset[[#This Row],[TOTAL]] -> 0 | N71: =despesavariávelconsolidadoout[[#This Row],[TOTAL]] -> 0 | O71: =despesavariávelconsolidadonov[[#This Row],[TOTAL]] -> 0 | P71: =despesavariávelconsolidadodez[[#This Row],[TOTAL]] -> 0 | Q71: =SUM(despesavariávelconsolidadoanual[[#This Row],[1]:[12]]) -> 254 | AO71: =SUMIFS(tabela_registros[VALOR],tabela_registros[MÊS],$AE$1,tabela_registros[REGISTRO],DADOS!$N$4,tabela_registros[TIPO],DADOS!$P$4,tabela_registros[CATEGORIA],despesavariávelconsolidadodez[[#This Row],[DESPESA VARIÁVEL]],#REF!,DADOS!$J$4) -> #REF! | AP71: =SUMIFS(tabela_registros[VALOR],tabela_registros[MÊS],$AE$1,tabela_registros[REGISTRO],DADOS!$N$4,tabela_registros[TIPO],DADOS!$P$4,tabela_registros[CATEGORIA],despesavariávelconsolidadodez[[#This Row],[DESPESA VARIÁVEL]],#REF!,DADOS!$J$3) -> #REF! | AQ71: =(despesavariávelconsolidadoanual[[#This Row],[TOTAL]]*$AQ$73)/$Q$73 -> 0.10601318
C72: =DADOS!$T$15 -> 📎 OUTROS | D72: =IF(despesavariávelconsolidadoanual[[#This Row],[TOTAL]]=0,"",IF(OR(despesavariávelconsolidadoanual[[#This Row],[TOTAL]]=LARGE($Q$60:$Q$72,1),despesavariávelconsolidadoanual[[#This Row],[TOTAL]]=LARGE($Q$60:$Q$72,2),despesavariávelconsolidadoanual[[#This Row],[TOTAL]]=LARGE($Q$60:$Q$72,3),despesavariávelconsolidadoanual[[#This Row],[TOTAL]]=LARGE($Q$60:$Q$72,4),despesavariávelconsolidadoanual[[#This Row],[TOTAL]]=LARGE($Q$60:$Q$72,5)),DADOS!$I$8,"")) -> 💣 | E72: =despesavariávelconsolidado[[#This Row],[TOTAL]] -> 48.928571 | F72: =despesavariávelconsolidadofev[[#This Row],[TOTAL]] -> 0 | G72: =despesavariávelconsolidadomar[[#This Row],[TOTAL]] -> 0 | H72: =despesavariávelconsolidadoabr[[#This Row],[TOTAL]] -> 0 | I72: =despesavariávelconsolidadomai[[#This Row],[TOTAL]] -> 0 | J72: =despesavariávelconsolidadojun[[#This Row],[TOTAL]] -> 0 | K72: =despesavariávelconsolidadojul[[#This Row],[TOTAL]] -> 260 | L72: =despesavariávelconsolidadoago[[#This Row],[TOTAL]] -> 0 | M72: =despesavariávelconsolidadoset[[#This Row],[TOTAL]] -> 0 | N72: =despesavariávelconsolidadoout[[#This Row],[TOTAL]] -> 0 | O72: =despesavariávelconsolidadonov[[#This Row],[TOTAL]] -> 0 | P72: =despesavariávelconsolidadodez[[#This Row],[TOTAL]] -> 0 | Q72: =SUM(despesavariávelconsolidadoanual[[#This Row],[1]:[12]]) -> 308.92857 | AN72: % total | AO72: =SUMIFS(tabela_registros[VALOR],tabela_registros[MÊS],$AE$1,tabela_registros[REGISTRO],DADOS!$N$4,tabela_registros[TIPO],DADOS!$P$4,tabela_registros[CATEGORIA],despesavariávelconsolidadodez[[#This Row],[DESPESA VARIÁVEL]],#REF!,DADOS!$J$4) -> #REF! | AP72: =SUMIFS(tabela_registros[VALOR],tabela_registros[MÊS],$AE$1,tabela_registros[REGISTRO],DADOS!$N$4,tabela_registros[TIPO],DADOS!$P$4,tabela_registros[CATEGORIA],despesavariávelconsolidadodez[[#This Row],[DESPESA VARIÁVEL]],#REF!,DADOS!$J$3) -> #REF! | AQ72: =(despesavariávelconsolidadoanual[[#This Row],[TOTAL]]*$AQ$73)/$Q$73 -> 0.12893897
C73: TOTAL | D73: =IF(despesavariávelconsolidadoanual[[#This Row],[TOTAL]]=0,"",IF(OR(despesavariávelconsolidadoanual[[#This Row],[TOTAL]]=SMALL(despesavariávelconsolidadoanual[TOTAL],1),despesavariávelconsolidadoanual[[#This Row],[TOTAL]]=SMALL(despesavariávelconsolidadoanual[TOTAL],2),despesavariávelconsolidadoanual[[#This Row],[TOTAL]]=SMALL(despesavariávelconsolidadoanual[TOTAL],3),despesavariávelconsolidadoanual[[#This Row],[TOTAL]]=SMALL(despesavariávelconsolidadoanual[TOTAL],4),despesavariávelconsolidadoanual[[#This Row],[TOTAL]]=SMALL(despesavariávelconsolidadoanual[TOTAL],5)),DADOS!$I$8,"")) | E73: =despesavariávelconsolidado[[#This Row],[TOTAL]] -> 927.92857 | F73: =despesavariávelconsolidadofev[[#This Row],[TOTAL]]+despesavariávelconsolidadoanual[[#This Row],[1]] -> 927.92857 | G73: =despesavariávelconsolidadomar[[#This Row],[TOTAL]]+despesavariávelconsolidadoanual[[#This Row],[2]] -> 927.92857 | H73: =despesavariávelconsolidadoabr[[#This Row],[TOTAL]]+despesavariávelconsolidadoanual[[#This Row],[3]] -> 1377.9286 | I73: =despesavariávelconsolidadomai[[#This Row],[TOTAL]]+despesavariávelconsolidadoanual[[#This Row],[4]] -> 1377.9286 | J73: =despesavariávelconsolidadojun[[#This Row],[TOTAL]]+despesavariávelconsolidadoanual[[#This Row],[5]] -> 1377.9286 | K73: =despesavariávelconsolidadojul[[#This Row],[TOTAL]]+despesavariávelconsolidadoanual[[#This Row],[6]] -> 2375.9286 | L73: =despesavariávelconsolidadoago[[#This Row],[TOTAL]]+despesavariávelconsolidadoanual[[#This Row],[7]] -> 2375.9286 | M73: =despesavariávelconsolidadoset[[#This Row],[TOTAL]]+despesavariávelconsolidadoanual[[#This Row],[8]] -> 2375.9286 | N73: =despesavariávelconsolidadoout[[#This Row],[TOTAL]]+despesavariávelconsolidadoanual[[#This Row],[9]] -> 2395.9286 | O73: =despesavariávelconsolidadonov[[#This Row],[TOTAL]]+despesavariávelconsolidadoanual[[#This Row],[10]] -> 2395.9286 | P73: =despesavariávelconsolidadodez[[#This Row],[TOTAL]]+despesavariávelconsolidadoanual[[#This Row],[11]] -> 2395.9286 | Q73: =despesavariávelconsolidadoanual[[#This Row],[12]] -> 2395.9286 | AN73: =despesavariávelconsolidadoanual[[#This Row],[TOTAL]]/$Q$15 -> 0.68549392 | AO73: =SUM(AO60:AO72) -> #REF! | AP73: =SUM(AP60:AP72) -> #REF! | AQ73: =1 -> 1
Q78: TOTAL
Q79: 🔽
AO80: REALIZADO | AP80: PROGRAMADO | AQ80: % PARTICIPAÇÃO
C81: ATUAL | D81: Coluna1 | E81: 1 | F81: 2 | G81: 3 | H81: 4 | I81: 5 | J81: 6 | K81: 7 | L81: 8 | M81: 9 | N81: 10 | O81: 11 | P81: 12 | Q81: TOTAL (R$) | V81: 5555
C82: =DADOS!$X$3 -> 💵 ALUGUEL | D82: =IF(receitasfixasconsolidadoanual[[#This Row],[TOTAL (R$)]]=0,"",IF(OR(receitasfixasconsolidadoanual[[#This Row],[TOTAL (R$)]]=LARGE($Q$82:$Q$86,1),receitasfixasconsolidadoanual[[#This Row],[TOTAL (R$)]]=LARGE($Q$82:$Q$86,2)),DADOS!$I$9,"")) | E82: =receitasfixasconsolidado[[#This Row],[TOTAL (R$)]] -> 429.85714 | F82: =receitasfixasconsolidadofev[[#This Row],[TOTAL (R$)]] -> 0 | G82: =receitasfixasconsolidadomar[[#This Row],[TOTAL (R$)]] -> 92 | H82: =receitasfixasconsolidadoabr[[#This Row],[TOTAL (R$)]] -> 158 | I82: =receitasfixasconsolidadomai[[#This Row],[TOTAL (R$)]] -> 0 | J82: =receitasfixasconsolidadojun[[#This Row],[TOTAL (R$)]] -> 0 | K82: =receitasfixasconsolidadojul[[#This Row],[TOTAL (R$)]] -> 0 | L82: =receitasfixasconsolidadoago[[#This Row],[TOTAL (R$)]] -> 0 | M82: =receitasfixasconsolidadoset[[#This Row],[TOTAL (R$)]] -> 0 | N82: =receitasfixasconsolidadoout[[#This Row],[TOTAL (R$)]] -> 0 | O82: =receitasfixasconsolidadonov[[#This Row],[TOTAL (R$)]] -> 0 | P82: =receitasfixasconsolidadodez[[#This Row],[TOTAL (R$)]] -> 0 | Q82: =SUM(receitasfixasconsolidadoanual[[#This Row],[1]:[12]]) -> 679.85714 | AO82: =SUMIFS(tabela_registros[VALOR],tabela_registros[MÊS],$AE$1,tabela_registros[REGISTRO],DADOS!$N$3,tabela_registros[TIPO],DADOS!$V$3,tabela_registros[CATEGORIA],receitasfixasconsolidadodez[[#This Row],[ATUAL]],#REF!,DADOS!$J$4) -> #REF! | AP82: =SUMIFS(tabela_registros[VALOR],tabela_registros[MÊS],$AE$1,tabela_registros[REGISTRO],DADOS!$N$3,tabela_registros[TIPO],DADOS!$V$3,tabela_registros[CATEGORIA],receitasfixasconsolidadodez[[#This Row],[ATUAL]],#REF!,DADOS!$J$3) -> #REF! | AQ82: =(receitasfixasconsolidadoanual[[#This Row],[TOTAL (R$)]]*$AQ$87)/$Q$87 -> 0.15508196
C83: =DADOS!$X$4 -> 💸APOSENTADORIA | D83: =IF(receitasfixasconsolidadoanual[[#This Row],[TOTAL (R$)]]=0,"",IF(OR(receitasfixasconsolidadoanual[[#This Row],[TOTAL (R$)]]=LARGE($Q$82:$Q$86,1),receitasfixasconsolidadoanual[[#This Row],[TOTAL (R$)]]=LARGE($Q$82:$Q$86,2)),DADOS!$I$9,"")) | E83: =receitasfixasconsolidado[[#This Row],[TOTAL (R$)]] -> 250 | F83: =receitasfixasconsolidadofev[[#This Row],[TOTAL (R$)]] -> 0 | G83: =receitasfixasconsolidadomar[[#This Row],[TOTAL (R$)]] -> 0 | H83: =receitasfixasconsolidadoabr[[#This Row],[TOTAL (R$)]] -> 0 | I83: =receitasfixasconsolidadomai[[#This Row],[TOTAL (R$)]] -> 0 | J83: =receitasfixasconsolidadojun[[#This Row],[TOTAL (R$)]] -> 0 | K83: =receitasfixasconsolidadojul[[#This Row],[TOTAL (R$)]] -> 266 | L83: =receitasfixasconsolidadoago[[#This Row],[TOTAL (R$)]] -> 0 | M83: =receitasfixasconsolidadoset[[#This Row],[TOTAL (R$)]] -> 0 | N83: =receitasfixasconsolidadoout[[#This Row],[TOTAL (R$)]] -> 0 | O83: =receitasfixasconsolidadonov[[#This Row],[TOTAL (R$)]] -> 0 | P83: =receitasfixasconsolidadodez[[#This Row],[TOTAL (R$)]] -> 0 | Q83: =SUM(receitasfixasconsolidadoanual[[#This Row],[1]:[12]]) -> 516 | AO83: =SUMIFS(tabela_registros[VALOR],tabela_registros[MÊS],$AE$1,tabela_registros[REGISTRO],DADOS!$N$3,tabela_registros[TIPO],DADOS!$V$3,tabela_registros[CATEGORIA],receitasfixasconsolidadodez[[#This Row],[ATUAL]],#REF!,DADOS!$J$4) -> #REF! | AP83: =SUMIFS(tabela_registros[VALOR],tabela_registros[MÊS],$AE$1,tabela_registros[REGISTRO],DADOS!$N$3,tabela_registros[TIPO],DADOS!$V$3,tabela_registros[CATEGORIA],receitasfixasconsolidadodez[[#This Row],[ATUAL]],#REF!,DADOS!$J$3) -> #REF! | AQ83: =(receitasfixasconsolidadoanual[[#This Row],[TOTAL (R$)]]*$AQ$87)/$Q$87 -> 0.11770457
C84: =DADOS!$X$5 -> 🎀 MESADA | D84: =IF(receitasfixasconsolidadoanual[[#This Row],[TOTAL (R$)]]=0,"",IF(OR(receitasfixasconsolidadoanual[[#This Row],[TOTAL (R$)]]=LARGE($Q$82:$Q$86,1),receitasfixasconsolidadoanual[[#This Row],[TOTAL (R$)]]=LARGE($Q$82:$Q$86,2)),DADOS!$I$9,"")) -> 🐄 | E84: =receitasfixasconsolidado[[#This Row],[TOTAL (R$)]] -> 0 | F84: =receitasfixasconsolidadofev[[#This Row],[TOTAL (R$)]] -> 474 | G84: =receitasfixasconsolidadomar[[#This Row],[TOTAL (R$)]] -> 130 | H84: =receitasfixasconsolidadoabr[[#This Row],[TOTAL (R$)]] -> 0 | I84: =receitasfixasconsolidadomai[[#This Row],[TOTAL (R$)]] -> 230 | J84: =receitasfixasconsolidadojun[[#This Row],[TOTAL (R$)]] -> 0 | K84: =receitasfixasconsolidadojul[[#This Row],[TOTAL (R$)]] -> 0 | L84: =receitasfixasconsolidadoago[[#This Row],[TOTAL (R$)]] -> 0 | M84: =receitasfixasconsolidadoset[[#This Row],[TOTAL (R$)]] -> 0 | N84: =receitasfixasconsolidadoout[[#This Row],[TOTAL (R$)]] -> 0 | O84: =receitasfixasconsolidadonov[[#This Row],[TOTAL (R$)]] -> 0 | P84: =receitasfixasconsolidadodez[[#This Row],[TOTAL (R$)]] -> 0 | Q84: =SUM(receitasfixasconsolidadoanual[[#This Row],[1]:[12]]) -> 834 | AO84: =SUMIFS(tabela_registros[VALOR],tabela_registros[MÊS],$AE$1,tabela_registros[REGISTRO],DADOS!$N$3,tabela_registros[TIPO],DADOS!$V$3,tabela_registros[CATEGORIA],receitasfixasconsolidadodez[[#This Row],[ATUAL]],#REF!,DADOS!$J$4) -> #REF! | AP84: =SUMIFS(tabela_registros[VALOR],tabela_registros[MÊS],$AE$1,tabela_registros[REGISTRO],DADOS!$N$3,tabela_registros[TIPO],DADOS!$V$3,tabela_registros[CATEGORIA],receitasfixasconsolidadodez[[#This Row],[ATUAL]],#REF!,DADOS!$J$3) -> #REF! | AQ84: =(receitasfixasconsolidadoanual[[#This Row],[TOTAL (R$)]]*$AQ$87)/$Q$87 -> 0.19024343
C85: =DADOS!$X$6 -> 💰 SALÁRIO | D85: =IF(receitasfixasconsolidadoanual[[#This Row],[TOTAL (R$)]]=0,"",IF(OR(receitasfixasconsolidadoanual[[#This Row],[TOTAL (R$)]]=LARGE($Q$82:$Q$86,1),receitasfixasconsolidadoanual[[#This Row],[TOTAL (R$)]]=LARGE($Q$82:$Q$86,2)),DADOS!$I$9,"")) -> 🐄 | E85: =receitasfixasconsolidado[[#This Row],[TOTAL (R$)]] -> 0 | F85: =receitasfixasconsolidadofev[[#This Row],[TOTAL (R$)]] -> 0 | G85: =receitasfixasconsolidadomar[[#This Row],[TOTAL (R$)]] -> 0 | H85: =receitasfixasconsolidadoabr[[#This Row],[TOTAL (R$)]] -> 152 | I85: =receitasfixasconsolidadomai[[#This Row],[TOTAL (R$)]] -> 0 | J85: =receitasfixasconsolidadojun[[#This Row],[TOTAL (R$)]] -> 0 | K85: =receitasfixasconsolidadojul[[#This Row],[TOTAL (R$)]] -> 0 | L85: =receitasfixasconsolidadoago[[#This Row],[TOTAL (R$)]] -> 2000 | M85: =receitasfixasconsolidadoset[[#This Row],[TOTAL (R$)]] -> 0 | N85: =receitasfixasconsolidadoout[[#This Row],[TOTAL (R$)]] -> 0 | O85: =receitasfixasconsolidadonov[[#This Row],[TOTAL (R$)]] -> 0 | P85: =receitasfixasconsolidadodez[[#This Row],[TOTAL (R$)]] -> 0 | Q85: =SUM(receitasfixasconsolidadoanual[[#This Row],[1]:[12]]) -> 2152 | AO85: =SUMIFS(tabela_registros[VALOR],tabela_registros[MÊS],$AE$1,tabela_registros[REGISTRO],DADOS!$N$3,tabela_registros[TIPO],DADOS!$V$3,tabela_registros[CATEGORIA],receitasfixasconsolidadodez[[#This Row],[ATUAL]],#REF!,DADOS!$J$4) -> #REF! | AP85: =SUMIFS(tabela_registros[VALOR],tabela_registros[MÊS],$AE$1,tabela_registros[REGISTRO],DADOS!$N$3,tabela_registros[TIPO],DADOS!$V$3,tabela_registros[CATEGORIA],receitasfixasconsolidadodez[[#This Row],[ATUAL]],#REF!,DADOS!$J$3) -> #REF! | AQ85: =(receitasfixasconsolidadoanual[[#This Row],[TOTAL (R$)]]*$AQ$87)/$Q$87 -> 0.49089191
C86: =DADOS!$X$7 -> 📎 OUTROS | D86: =IF(receitasfixasconsolidadoanual[[#This Row],[TOTAL (R$)]]=0,"",IF(OR(receitasfixasconsolidadoanual[[#This Row],[TOTAL (R$)]]=LARGE($Q$82:$Q$86,1),receitasfixasconsolidadoanual[[#This Row],[TOTAL (R$)]]=LARGE($Q$82:$Q$86,2)),DADOS!$I$9,"")) | E86: =receitasfixasconsolidado[[#This Row],[TOTAL (R$)]] -> 0 | F86: =receitasfixasconsolidadofev[[#This Row],[TOTAL (R$)]] -> 0 | G86: =receitasfixasconsolidadomar[[#This Row],[TOTAL (R$)]] -> 202 | H86: =receitasfixasconsolidadoabr[[#This Row],[TOTAL (R$)]] -> 0 | I86: =receitasfixasconsolidadomai[[#This Row],[TOTAL (R$)]] -> 0 | J86: =receitasfixasconsolidadojun[[#This Row],[TOTAL (R$)]] -> 0 | K86: =receitasfixasconsolidadojul[[#This Row],[TOTAL (R$)]] -> 0 | L86: =receitasfixasconsolidadoago[[#This Row],[TOTAL (R$)]] -> 0 | M86: =receitasfixasconsolidadoset[[#This Row],[TOTAL (R$)]] -> 0 | N86: =receitasfixasconsolidadoout[[#This Row],[TOTAL (R$)]] -> 0 | O86: =receitasfixasconsolidadonov[[#This Row],[TOTAL (R$)]] -> 0 | P86: =receitasfixasconsolidadodez[[#This Row],[TOTAL (R$)]] -> 0 | Q86: =SUM(receitasfixasconsolidadoanual[[#This Row],[1]:[12]]) -> 202 | AN86: % total | AO86: =SUMIFS(tabela_registros[VALOR],tabela_registros[MÊS],$AE$1,tabela_registros[REGISTRO],DADOS!$N$3,tabela_registros[TIPO],DADOS!$V$3,tabela_registros[CATEGORIA],receitasfixasconsolidadodez[[#This Row],[ATUAL]],#REF!,DADOS!$J$4) -> #REF! | AP86: =SUMIFS(tabela_registros[VALOR],tabela_registros[MÊS],$AE$1,tabela_registros[REGISTRO],DADOS!$N$3,tabela_registros[TIPO],DADOS!$V$3,tabela_registros[CATEGORIA],receitasfixasconsolidadodez[[#This Row],[ATUAL]],#REF!,DADOS!$J$3) -> #REF! | AQ86: =(receitasfixasconsolidadoanual[[#This Row],[TOTAL (R$)]]*$AQ$87)/$Q$87 -> 0.046078144
C87: TOTAL | E87: =receitasfixasconsolidado[[#This Row],[TOTAL (R$)]] -> 679.85714 | F87: =receitasfixasconsolidadofev[[#This Row],[TOTAL (R$)]]+receitasfixasconsolidadoanual[[#This Row],[1]] -> 1153.8571 | G87: =receitasfixasconsolidadomar[[#This Row],[TOTAL (R$)]]+receitasfixasconsolidadoanual[[#This Row],[2]] -> 1577.8571 | H87: =receitasfixasconsolidadoabr[[#This Row],[TOTAL (R$)]]+receitasfixasconsolidadoanual[[#This Row],[3]] -> 1887.8571 | I87: =receitasfixasconsolidadomai[[#This Row],[TOTAL (R$)]]+receitasfixasconsolidadoanual[[#This Row],[4]] -> 2117.8571 | J87: =receitasfixasconsolidadojun[[#This Row],[TOTAL (R$)]]+receitasfixasconsolidadoanual[[#This Row],[5]] -> 2117.8571 | K87: =receitasfixasconsolidadojul[[#This Row],[TOTAL (R$)]]+receitasfixasconsolidadoanual[[#This Row],[6]] -> 2383.8571 | L87: =receitasfixasconsolidadoago[[#This Row],[TOTAL (R$)]]+receitasfixasconsolidadoanual[[#This Row],[7]] -> 4383.8571 | M87: =receitasfixasconsolidadoset[[#This Row],[TOTAL (R$)]]+receitasfixasconsolidadoanual[[#This Row],[8]] -> 4383.8571 | N87: =receitasfixasconsolidadoout[[#This Row],[TOTAL (R$)]]+receitasfixasconsolidadoanual[[#This Row],[9]] -> 4383.8571 | O87: =receitasfixasconsolidadonov[[#This Row],[TOTAL (R$)]]+receitasfixasconsolidadoanual[[#This Row],[10]] -> 4383.8571 | P87: =receitasfixasconsolidadodez[[#This Row],[TOTAL (R$)]]+receitasfixasconsolidadoanual[[#This Row],[11]] -> 4383.8571 | Q87: =receitasfixasconsolidadoanual[[#This Row],[12]] -> 4383.8571 | AN87: =Q87/$Q$14 -> 0.78629172 | AO87: =SUM(AO82:AO86) -> #REF! | AP87: =SUM(AP82:AP86) -> #REF! | AQ87: =1 -> 1
Q92: TOTAL
Q93: 🔽
AO94: REALIZADO | AP94: PROGRAMADO | AQ94: % PARTICIPAÇÃO
C95: ATUAL | D95: Coluna1 | E95: 1 | F95: 2 | G95: 3 | H95: 4 | I95: 5 | J95: 6 | K95: 7 | L95: 8 | M95: 9 | N95: 10 | O95: 11 | P95: 12 | Q95: TOTAL (R$) | V95: 5555
C96: =DADOS!$Z$3 -> 🏅 BÔNUS | D96: =IF(receitasvariáveisconsolidadoanual[[#This Row],[TOTAL (R$)]]=0,"",IF(OR(receitasvariáveisconsolidadoanual[[#This Row],[TOTAL (R$)]]=LARGE($Q$96:$Q$103,1),receitasvariáveisconsolidadoanual[[#This Row],[TOTAL (R$)]]=LARGE($Q$96:$Q$103,2)),DADOS!$I$9,"")) | E96: =receitasvariáveisconsolidado28[[#This Row],[TOTAL (R$)]] -> 0 | F96: =receitasvariáveisconsolidadofev[[#This Row],[TOTAL (R$)]] -> 0 | G96: =receitasvariáveisconsolidadomar[[#This Row],[TOTAL (R$)]] -> 0 | H96: =receitasvariáveisconsolidadoabr[[#This Row],[TOTAL (R$)]] -> 0 | I96: =receitasvariáveisconsolidadomai[[#This Row],[TOTAL (R$)]] -> 0 | J96: =receitasvariáveisconsolidadojun[[#This Row],[TOTAL (R$)]] -> 0 | K96: =receitasvariáveisconsolidadojul[[#This Row],[TOTAL (R$)]] -> 0 | L96: =receitasvariáveisconsolidadoago[[#This Row],[TOTAL (R$)]] -> 0 | M96: =receitasvariáveisconsolidadoset[[#This Row],[TOTAL (R$)]] -> 0 | N96: =receitasvariáveisconsolidadoout[[#This Row],[TOTAL (R$)]] -> 0 | O96: =receitasvariáveisconsolidadonov[[#This Row],[TOTAL (R$)]] -> 0 | P96: =receitasvariáveisconsolidadodez[[#This Row],[TOTAL (R$)]] -> 0 | Q96: =SUM(receitasvariáveisconsolidadoanual[[#This Row],[1]:[12]]) -> 0 | AO96: =SUMIFS(tabela_registros[VALOR],tabela_registros[MÊS],$AE$1,tabela_registros[REGISTRO],DADOS!$N$3,tabela_registros[TIPO],DADOS!$V$4,tabela_registros[CATEGORIA],receitasvariáveisconsolidadodez[[#This Row],[ATUAL]],#REF!,DADOS!$J$4) -> #REF! | AP96: =SUMIFS(tabela_registros[VALOR],tabela_registros[MÊS],$AE$1,tabela_registros[REGISTRO],DADOS!$N$3,tabela_registros[TIPO],DADOS!$V$4,tabela_registros[CATEGORIA],receitasvariáveisconsolidadodez[[#This Row],[ATUAL]],#REF!,DADOS!$J$3) -> #REF! | AQ96: =(receitasvariáveisconsolidadoanual[[#This Row],[TOTAL (R$)]]*$AQ$104)/$Q$104 -> 0
C97: =DADOS!$Z$4 -> 🤑 COMISSÃO | D97: =IF(receitasvariáveisconsolidadoanual[[#This Row],[TOTAL (R$)]]=0,"",IF(OR(receitasvariáveisconsolidadoanual[[#This Row],[TOTAL (R$)]]=LARGE($Q$96:$Q$103,1),receitasvariáveisconsolidadoanual[[#This Row],[TOTAL (R$)]]=LARGE($Q$96:$Q$103,2)),DADOS!$I$9,"")) | E97: =receitasvariáveisconsolidado28[[#This Row],[TOTAL (R$)]] -> 122.5 | F97: =receitasvariáveisconsolidadofev[[#This Row],[TOTAL (R$)]] -> 0 | G97: =receitasvariáveisconsolidadomar[[#This Row],[TOTAL (R$)]] -> 0 | H97: =receitasvariáveisconsolidadoabr[[#This Row],[TOTAL (R$)]] -> 0 | I97: =receitasvariáveisconsolidadomai[[#This Row],[TOTAL (R$)]] -> 0 | J97: =receitasvariáveisconsolidadojun[[#This Row],[TOTAL (R$)]] -> 0 | K97: =receitasvariáveisconsolidadojul[[#This Row],[TOTAL (R$)]] -> 0 | L97: =receitasvariáveisconsolidadoago[[#This Row],[TOTAL (R$)]] -> 0 | M97: =receitasvariáveisconsolidadoset[[#This Row],[TOTAL (R$)]] -> 0 | N97: =receitasvariáveisconsolidadoout[[#This Row],[TOTAL (R$)]] -> 0 | O97: =receitasvariáveisconsolidadonov[[#This Row],[TOTAL (R$)]] -> 0 | P97: =receitasvariáveisconsolidadodez[[#This Row],[TOTAL (R$)]] -> 0 | Q97: =SUM(receitasvariáveisconsolidadoanual[[#This Row],[1]:[12]]) -> 122.5 | AO97: =SUMIFS(tabela_registros[VALOR],tabela_registros[MÊS],$AE$1,tabela_registros[REGISTRO],DADOS!$N$3,tabela_registros[TIPO],DADOS!$V$4,tabela_registros[CATEGORIA],receitasvariáveisconsolidadodez[[#This Row],[ATUAL]],#REF!,DADOS!$J$4) -> #REF! | AP97: =SUMIFS(tabela_registros[VALOR],tabela_registros[MÊS],$AE$1,tabela_registros[REGISTRO],DADOS!$N$3,tabela_registros[TIPO],DADOS!$V$4,tabela_registros[CATEGORIA],receitasvariáveisconsolidadodez[[#This Row],[ATUAL]],#REF!,DADOS!$J$3) -> #REF! | AQ97: =(receitasvariáveisconsolidadoanual[[#This Row],[TOTAL (R$)]]*$AQ$104)/$Q$104 -> 0.11540273
C98: =DADOS!$Z$5 -> 🎗️ HERANÇA | D98: =IF(receitasvariáveisconsolidadoanual[[#This Row],[TOTAL (R$)]]=0,"",IF(OR(receitasvariáveisconsolidadoanual[[#This Row],[TOTAL (R$)]]=LARGE($Q$96:$Q$103,1),receitasvariáveisconsolidadoanual[[#This Row],[TOTAL (R$)]]=LARGE($Q$96:$Q$103,2)),DADOS!$I$9,"")) | E98: =receitasvariáveisconsolidado28[[#This Row],[TOTAL (R$)]] -> 0 | F98: =receitasvariáveisconsolidadofev[[#This Row],[TOTAL (R$)]] -> 0 | G98: =receitasvariáveisconsolidadomar[[#This Row],[TOTAL (R$)]] -> 0 | H98: =receitasvariáveisconsolidadoabr[[#This Row],[TOTAL (R$)]] -> 0 | I98: =receitasvariáveisconsolidadomai[[#This Row],[TOTAL (R$)]] -> 0 | J98: =receitasvariáveisconsolidadojun[[#This Row],[TOTAL (R$)]] -> 0 | K98: =receitasvariáveisconsolidadojul[[#This Row],[TOTAL (R$)]] -> 0 | L98: =receitasvariáveisconsolidadoago[[#This Row],[TOTAL (R$)]] -> 0 | M98: =receitasvariáveisconsolidadoset[[#This Row],[TOTAL (R$)]] -> 0 | N98: =receitasvariáveisconsolidadoout[[#This Row],[TOTAL (R$)]] -> 0 | O98: =receitasvariáveisconsolidadonov[[#This Row],[TOTAL (R$)]] -> 0 | P98: =receitasvariáveisconsolidadodez[[#This Row],[TOTAL (R$)]] -> 0 | Q98: =SUM(receitasvariáveisconsolidadoanual[[#This Row],[1]:[12]]) -> 0 | AO98: =SUMIFS(tabela_registros[VALOR],tabela_registros[MÊS],$AE$1,tabela_registros[REGISTRO],DADOS!$N$3,tabela_registros[TIPO],DADOS!$V$4,tabela_registros[CATEGORIA],receitasvariáveisconsolidadodez[[#This Row],[ATUAL]],#REF!,DADOS!$J$4) -> #REF! | AP98: =SUMIFS(tabela_registros[VALOR],tabela_registros[MÊS],$AE$1,tabela_registros[REGISTRO],DADOS!$N$3,tabela_registros[TIPO],DADOS!$V$4,tabela_registros[CATEGORIA],receitasvariáveisconsolidadodez[[#This Row],[ATUAL]],#REF!,DADOS!$J$3) -> #REF! | AQ98: =(receitasvariáveisconsolidadoanual[[#This Row],[TOTAL (R$)]]*$AQ$104)/$Q$104 -> 0
C99: =DADOS!$Z$6 -> 💲 INVESTIMENTOS | D99: =IF(receitasvariáveisconsolidadoanual[[#This Row],[TOTAL (R$)]]=0,"",IF(OR(receitasvariáveisconsolidadoanual[[#This Row],[TOTAL (R$)]]=LARGE($Q$96:$Q$103,1),receitasvariáveisconsolidadoanual[[#This Row],[TOTAL (R$)]]=LARGE($Q$96:$Q$103,2)),DADOS!$I$9,"")) -> 🐄 | E99: =receitasvariáveisconsolidado28[[#This Row],[TOTAL (R$)]] -> 0 | F99: =receitasvariáveisconsolidadofev[[#This Row],[TOTAL (R$)]] -> 0 | G99: =receitasvariáveisconsolidadomar[[#This Row],[TOTAL (R$)]] -> 0 | H99: =receitasvariáveisconsolidadoabr[[#This Row],[TOTAL (R$)]] -> 0 | I99: =receitasvariáveisconsolidadomai[[#This Row],[TOTAL (R$)]] -> 0 | J99: =receitasvariáveisconsolidadojun[[#This Row],[TOTAL (R$)]] -> 0 | K99: =receitasvariáveisconsolidadojul[[#This Row],[TOTAL (R$)]] -> 0 | L99: =receitasvariáveisconsolidadoago[[#This Row],[TOTAL (R$)]] -> 568 | M99: =receitasvariáveisconsolidadoset[[#This Row],[TOTAL (R$)]] -> 0 | N99: =receitasvariáveisconsolidadoout[[#This Row],[TOTAL (R$)]] -> 0 | O99: =receitasvariáveisconsolidadonov[[#This Row],[TOTAL (R$)]] -> 0 | P99: =receitasvariáveisconsolidadodez[[#This Row],[TOTAL (R$)]] -> 0 | Q99: =SUM(receitasvariáveisconsolidadoanual[[#This Row],[1]:[12]]) -> 568 | AO99: =SUMIFS(tabela_registros[VALOR],tabela_registros[MÊS],$AE$1,tabela_registros[REGISTRO],DADOS!$N$3,tabela_registros[TIPO],DADOS!$V$4,tabela_registros[CATEGORIA],receitasvariáveisconsolidadodez[[#This Row],[ATUAL]],#REF!,DADOS!$J$4) -> #REF! | AP99: =SUMIFS(tabela_registros[VALOR],tabela_registros[MÊS],$AE$1,tabela_registros[REGISTRO],DADOS!$N$3,tabela_registros[TIPO],DADOS!$V$4,tabela_registros[CATEGORIA],receitasvariáveisconsolidadodez[[#This Row],[ATUAL]],#REF!,DADOS!$J$3) -> #REF! | AQ99: =(receitasvariáveisconsolidadoanual[[#This Row],[TOTAL (R$)]]*$AQ$104)/$Q$104 -> 0.53509185
C100: =DADOS!$Z$7 -> 🧾 NOTA DE SERVIÇO | D100: =IF(receitasvariáveisconsolidadoanual[[#This Row],[TOTAL (R$)]]=0,"",IF(OR(receitasvariáveisconsolidadoanual[[#This Row],[TOTAL (R$)]]=LARGE($Q$96:$Q$103,1),receitasvariáveisconsolidadoanual[[#This Row],[TOTAL (R$)]]=LARGE($Q$96:$Q$103,2)),DADOS!$I$9,"")) | E100: =receitasvariáveisconsolidado28[[#This Row],[TOTAL (R$)]] -> 0 | F100: =receitasvariáveisconsolidadofev[[#This Row],[TOTAL (R$)]] -> 0 | G100: =receitasvariáveisconsolidadomar[[#This Row],[TOTAL (R$)]] -> 0 | H100: =receitasvariáveisconsolidadoabr[[#This Row],[TOTAL (R$)]] -> 0 | I100: =receitasvariáveisconsolidadomai[[#This Row],[TOTAL (R$)]] -> 0 | J100: =receitasvariáveisconsolidadojun[[#This Row],[TOTAL (R$)]] -> 0 | K100: =receitasvariáveisconsolidadojul[[#This Row],[TOTAL (R$)]] -> 0 | L100: =receitasvariáveisconsolidadoago[[#This Row],[TOTAL (R$)]] -> 0 | M100: =receitasvariáveisconsolidadoset[[#This Row],[TOTAL (R$)]] -> 0 | N100: =receitasvariáveisconsolidadoout[[#This Row],[TOTAL (R$)]] -> 0 | O100: =receitasvariáveisconsolidadonov[[#This Row],[TOTAL (R$)]] -> 0 | P100: =receitasvariáveisconsolidadodez[[#This Row],[TOTAL (R$)]] -> 0 | Q100: =SUM(receitasvariáveisconsolidadoanual[[#This Row],[1]:[12]]) -> 0 | AO100: =SUMIFS(tabela_registros[VALOR],tabela_registros[MÊS],$AE$1,tabela_registros[REGISTRO],DADOS!$N$3,tabela_registros[TIPO],DADOS!$V$4,tabela_registros[CATEGORIA],receitasvariáveisconsolidadodez[[#This Row],[ATUAL]],#REF!,DADOS!$J$4) -> #REF! | AP100: =SUMIFS(tabela_registros[VALOR],tabela_registros[MÊS],$AE$1,tabela_registros[REGISTRO],DADOS!$N$3,tabela_registros[TIPO],DADOS!$V$4,tabela_registros[CATEGORIA],receitasvariáveisconsolidadodez[[#This Row],[ATUAL]],#REF!,DADOS!$J$3) -> #REF! | AQ100: =(receitasvariáveisconsolidadoanual[[#This Row],[TOTAL (R$)]]*$AQ$104)/$Q$104 -> 0
C101: =DADOS!$Z$8 -> 🎁 PRESENTE | D101: =IF(receitasvariáveisconsolidadoanual[[#This Row],[TOTAL (R$)]]=0,"",IF(OR(receitasvariáveisconsolidadoanual[[#This Row],[TOTAL (R$)]]=LARGE($Q$96:$Q$103,1),receitasvariáveisconsolidadoanual[[#This Row],[TOTAL (R$)]]=LARGE($Q$96:$Q$103,2)),DADOS!$I$9,"")) | E101: =receitasvariáveisconsolidado28[[#This Row],[TOTAL (R$)]] -> 0 | F101: =receitasvariáveisconsolidadofev[[#This Row],[TOTAL (R$)]] -> 0 | G101: =receitasvariáveisconsolidadomar[[#This Row],[TOTAL (R$)]] -> 0 | H101: =receitasvariáveisconsolidadoabr[[#This Row],[TOTAL (R$)]] -> 0 | I101: =receitasvariáveisconsolidadomai[[#This Row],[TOTAL (R$)]] -> 0 | J101: =receitasvariáveisconsolidadojun[[#This Row],[TOTAL (R$)]] -> 0 | K101: =receitasvariáveisconsolidadojul[[#This Row],[TOTAL (R$)]] -> 0 | L101: =receitasvariáveisconsolidadoago[[#This Row],[TOTAL (R$)]] -> 0 | M101: =receitasvariáveisconsolidadoset[[#This Row],[TOTAL (R$)]] -> 0 | N101: =receitasvariáveisconsolidadoout[[#This Row],[TOTAL (R$)]] -> 0 | O101: =receitasvariáveisconsolidadonov[[#This Row],[TOTAL (R$)]] -> 0 | P101: =receitasvariáveisconsolidadodez[[#This Row],[TOTAL (R$)]] -> 0 | Q101: =SUM(receitasvariáveisconsolidadoanual[[#This Row],[1]:[12]]) -> 0 | AO101: =SUMIFS(tabela_registros[VALOR],tabela_registros[MÊS],$AE$1,tabela_registros[REGISTRO],DADOS!$N$3,tabela_registros[TIPO],DADOS!$V$4,tabela_registros[CATEGORIA],receitasvariáveisconsolidadodez[[#This Row],[ATUAL]],#REF!,DADOS!$J$4) -> #REF! | AP101: =SUMIFS(tabela_registros[VALOR],tabela_registros[MÊS],$AE$1,tabela_registros[REGISTRO],DADOS!$N$3,tabela_registros[TIPO],DADOS!$V$4,tabela_registros[CATEGORIA],receitasvariáveisconsolidadodez[[#This Row],[ATUAL]],#REF!,DADOS!$J$3) -> #REF! | AQ101: =(receitasvariáveisconsolidadoanual[[#This Row],[TOTAL (R$)]]*$AQ$104)/$Q$104 -> 0
C102: =DADOS!$Z$9 -> 👷‍♀️ TRABALHO TEMPORÁRIO | D102: =IF(receitasvariáveisconsolidadoanual[[#This Row],[TOTAL (R$)]]=0,"",IF(OR(receitasvariáveisconsolidadoanual[[#This Row],[TOTAL (R$)]]=LARGE($Q$96:$Q$103,1),receitasvariáveisconsolidadoanual[[#This Row],[TOTAL (R$)]]=LARGE($Q$96:$Q$103,2)),DADOS!$I$9,"")) -> 🐄 | E102: =receitasvariáveisconsolidado28[[#This Row],[TOTAL (R$)]] -> 0 | F102: =receitasvariáveisconsolidadofev[[#This Row],[TOTAL (R$)]] -> 0 | G102: =receitasvariáveisconsolidadomar[[#This Row],[TOTAL (R$)]] -> 0 | H102: =receitasvariáveisconsolidadoabr[[#This Row],[TOTAL (R$)]] -> 0 | I102: =receitasvariáveisconsolidadomai[[#This Row],[TOTAL (R$)]] -> 326 | J102: =receitasvariáveisconsolidadojun[[#This Row],[TOTAL (R$)]] -> 0 | K102: =receitasvariáveisconsolidadojul[[#This Row],[TOTAL (R$)]] -> 0 | L102: =receitasvariáveisconsolidadoago[[#This Row],[TOTAL (R$)]] -> 45 | M102: =receitasvariáveisconsolidadoset[[#This Row],[TOTAL (R$)]] -> 0 | N102: =receitasvariáveisconsolidadoout[[#This Row],[TOTAL (R$)]] -> 0 | O102: =receitasvariáveisconsolidadonov[[#This Row],[TOTAL (R$)]] -> 0 | P102: =receitasvariáveisconsolidadodez[[#This Row],[TOTAL (R$)]] -> 0 | Q102: =SUM(receitasvariáveisconsolidadoanual[[#This Row],[1]:[12]]) -> 371 | AO102: =SUMIFS(tabela_registros[VALOR],tabela_registros[MÊS],$AE$1,tabela_registros[REGISTRO],DADOS!$N$3,tabela_registros[TIPO],DADOS!$V$4,tabela_registros[CATEGORIA],receitasvariáveisconsolidadodez[[#This Row],[ATUAL]],#REF!,DADOS!$J$4) -> #REF! | AP102: =SUMIFS(tabela_registros[VALOR],tabela_registros[MÊS],$AE$1,tabela_registros[REGISTRO],DADOS!$N$3,tabela_registros[TIPO],DADOS!$V$4,tabela_registros[CATEGORIA],receitasvariáveisconsolidadodez[[#This Row],[ATUAL]],#REF!,DADOS!$J$3) -> #REF! | AQ102: =(receitasvariáveisconsolidadoanual[[#This Row],[TOTAL (R$)]]*$AQ$104)/$Q$104 -> 0.34950542
C103: =DADOS!$Z$10 -> 📎 OUTROS | D103: =IF(receitasvariáveisconsolidadoanual[[#This Row],[TOTAL (R$)]]=0,"",IF(OR(receitasvariáveisconsolidadoanual[[#This Row],[TOTAL (R$)]]=LARGE($Q$96:$Q$103,1),receitasvariáveisconsolidadoanual[[#This Row],[TOTAL (R$)]]=LARGE($Q$96:$Q$103,2)),DADOS!$I$9,"")) | E103: =receitasvariáveisconsolidado28[[#This Row],[TOTAL (R$)]] -> 0 | F103: =receitasvariáveisconsolidadofev[[#This Row],[TOTAL (R$)]] -> 0 | G103: =receitasvariáveisconsolidadomar[[#This Row],[TOTAL (R$)]] -> 0 | H103: =receitasvariáveisconsolidadoabr[[#This Row],[TOTAL (R$)]] -> 0 | I103: =receitasvariáveisconsolidadomai[[#This Row],[TOTAL (R$)]] -> 0 | J103: =receitasvariáveisconsolidadojun[[#This Row],[TOTAL (R$)]] -> 0 | K103: =receitasvariáveisconsolidadojul[[#This Row],[TOTAL (R$)]] -> 0 | L103: =receitasvariáveisconsolidadoago[[#This Row],[TOTAL (R$)]] -> 0 | M103: =receitasvariáveisconsolidadoset[[#This Row],[TOTAL (R$)]] -> 0 | N103: =receitasvariáveisconsolidadoout[[#This Row],[TOTAL (R$)]] -> 0 | O103: =receitasvariáveisconsolidadonov[[#This Row],[TOTAL (R$)]] -> 0 | P103: =receitasvariáveisconsolidadodez[[#This Row],[TOTAL (R$)]] -> 0 | Q103: =SUM(receitasvariáveisconsolidadoanual[[#This Row],[1]:[12]]) -> 0 | AN103: % total | AO103: =SUMIFS(tabela_registros[VALOR],tabela_registros[MÊS],$AE$1,tabela_registros[REGISTRO],DADOS!$N$3,tabela_registros[TIPO],DADOS!$V$4,tabela_registros[CATEGORIA],receitasvariáveisconsolidadodez[[#This Row],[ATUAL]],#REF!,DADOS!$J$4) -> #REF! | AP103: =SUMIFS(tabela_registros[VALOR],tabela_registros[MÊS],$AE$1,tabela_registros[REGISTRO],DADOS!$N$3,tabela_registros[TIPO],DADOS!$V$4,tabela_registros[CATEGORIA],receitasvariáveisconsolidadodez[[#This Row],[ATUAL]],#REF!,DADOS!$J$3) -> #REF! | AQ103: =(receitasvariáveisconsolidadoanual[[#This Row],[TOTAL (R$)]]*$AQ$104)/$Q$104 -> 0
C104: TOTAL | E104: =receitasvariáveisconsolidado28[[#This Row],[TOTAL (R$)]] -> 122.5 | F104: =receitasvariáveisconsolidadofev[[#This Row],[TOTAL (R$)]]+receitasvariáveisconsolidadoanual[[#This Row],[1]] -> 122.5 | G104: =receitasvariáveisconsolidadomar[[#This Row],[TOTAL (R$)]]+receitasvariáveisconsolidadoanual[[#This Row],[2]] -> 122.5 | H104: =receitasvariáveisconsolidadoabr[[#This Row],[TOTAL (R$)]]+receitasvariáveisconsolidadoanual[[#This Row],[3]] -> 122.5 | I104: =receitasvariáveisconsolidadomai[[#This Row],[TOTAL (R$)]]+receitasvariáveisconsolidadoanual[[#This Row],[4]] -> 448.5 | J104: =receitasvariáveisconsolidadojun[[#This Row],[TOTAL (R$)]]+receitasvariáveisconsolidadoanual[[#This Row],[5]] -> 448.5 | K104: =receitasvariáveisconsolidadojul[[#This Row],[TOTAL (R$)]]+receitasvariáveisconsolidadoanual[[#This Row],[6]] -> 448.5 | L104: =receitasvariáveisconsolidadoago[[#This Row],[TOTAL (R$)]]+receitasvariáveisconsolidadoanual[[#This Row],[7]] -> 1061.5 | M104: =receitasvariáveisconsolidadoset[[#This Row],[TOTAL (R$)]]+receitasvariáveisconsolidadoanual[[#This Row],[8]] -> 1061.5 | N104: =receitasvariáveisconsolidadoout[[#This Row],[TOTAL (R$)]]+receitasvariáveisconsolidadoanual[[#This Row],[9]] -> 1061.5 | O104: =receitasvariáveisconsolidadonov[[#This Row],[TOTAL (R$)]]+receitasvariáveisconsolidadoanual[[#This Row],[10]] -> 1061.5 | P104: =receitasvariáveisconsolidadodez[[#This Row],[TOTAL (R$)]]+receitasvariáveisconsolidadoanual[[#This Row],[11]] -> 1061.5 | Q104: =receitasvariáveisconsolidadoanual[[#This Row],[12]] -> 1061.5 | AN104: =Q104/$Q$14 -> 0.19039139 | AO104: =SUM(AO96:AO103) -> #REF! | AP104: =SUM(AP96:AP103) -> #REF! | AQ104: =1 -> 1
Q109: TOTAL
Q110: 🔽
AO111: REALIZADO | AP111: PROGRAMADO | AQ111: % PARTICIPAÇÃO
C112: ATUAL | D112: Coluna1 | E112: 1 | F112: 2 | G112: 3 | H112: 4 | I112: 5 | J112: 6 | K112: 7 | L112: 8 | M112: 9 | N112: 10 | O112: 11 | P112: 12 | Q112: TOTAL (R$) | V112: 5555
C113: =DADOS!$AD$3 -> 📝 CDB | D113: =IF(investirrendafixaconsolidadoanual[[#This Row],[TOTAL (R$)]]=0,"",IF(OR(investirrendafixaconsolidadoanual[[#This Row],[TOTAL (R$)]]=LARGE($Q$113:$Q$122,1),investirrendafixaconsolidadoanual[[#This Row],[TOTAL (R$)]]=LARGE($Q$113:$Q$122,2)),DADOS!$I$10,"")) -> 💎 | E113: =investirrendafixaconsolidado2829[[#This Row],[TOTAL (R$)]] -> 34.214286 | F113: =investirrendafixaconsolidadofev[[#This Row],[TOTAL (R$)]] -> 0 | G113: =investirrendafixaconsolidadomar[[#This Row],[TOTAL (R$)]] -> 0 | H113: =investirrendafixaconsolidadoabr[[#This Row],[TOTAL (R$)]] -> 0 | I113: =investirrendafixaconsolidadomai[[#This Row],[TOTAL (R$)]] -> 0 | J113: =investirrendafixaconsolidadojun[[#This Row],[TOTAL (R$)]] -> 0 | K113: =investirrendafixaconsolidadojul[[#This Row],[TOTAL (R$)]] -> 0 | L113: =investirrendafixaconsolidadoago[[#This Row],[TOTAL (R$)]] -> 0 | M113: =investirrendafixaconsolidadoset[[#This Row],[TOTAL (R$)]] -> 0 | N113: =investirrendafixaconsolidadoout[[#This Row],[TOTAL (R$)]] -> 451 | O113: =investirrendafixaconsolidadonov[[#This Row],[TOTAL (R$)]] -> 0 | P113: =investirrendafixaconsolidadodez[[#This Row],[TOTAL (R$)]] -> 0 | Q113: =SUM(investirrendafixaconsolidadoanual[[#This Row],[1]:[12]]) -> 485.21429 | AO113: =SUMIFS(tabela_registros[VALOR],tabela_registros[MÊS],$AE$1,tabela_registros[REGISTRO],DADOS!$N$5,tabela_registros[TIPO],DADOS!$AB$3,tabela_registros[CATEGORIA],investirrendafixaconsolidadodez[[#This Row],[ATUAL]],#REF!,DADOS!$J$4) -> #REF! | AP113: =SUMIFS(tabela_registros[VALOR],tabela_registros[MÊS],$AE$1,tabela_registros[REGISTRO],DADOS!$N$5,tabela_registros[TIPO],DADOS!$AB$3,tabela_registros[CATEGORIA],investirrendafixaconsolidadodez[[#This Row],[ATUAL]],#REF!,DADOS!$J$3) -> #REF! | AQ113: =(investirrendafixaconsolidadoanual[[#This Row],[TOTAL (R$)]]*$AQ$123)/$Q$123 -> 0.65639192
C114: =DADOS!$AD$4 -> 📝 CRA | D114: =IF(investirrendafixaconsolidadoanual[[#This Row],[TOTAL (R$)]]=0,"",IF(OR(investirrendafixaconsolidadoanual[[#This Row],[TOTAL (R$)]]=LARGE($Q$113:$Q$122,1),investirrendafixaconsolidadoanual[[#This Row],[TOTAL (R$)]]=LARGE($Q$113:$Q$122,2)),DADOS!$I$10,"")) | E114: =investirrendafixaconsolidado2829[[#This Row],[TOTAL (R$)]] -> 0 | F114: =investirrendafixaconsolidadofev[[#This Row],[TOTAL (R$)]] -> 0 | G114: =investirrendafixaconsolidadomar[[#This Row],[TOTAL (R$)]] -> 0 | H114: =investirrendafixaconsolidadoabr[[#This Row],[TOTAL (R$)]] -> 0 | I114: =investirrendafixaconsolidadomai[[#This Row],[TOTAL (R$)]] -> 0 | J114: =investirrendafixaconsolidadojun[[#This Row],[TOTAL (R$)]] -> 0 | K114: =investirrendafixaconsolidadojul[[#This Row],[TOTAL (R$)]] -> 0 | L114: =investirrendafixaconsolidadoago[[#This Row],[TOTAL (R$)]] -> 0 | M114: =investirrendafixaconsolidadoset[[#This Row],[TOTAL (R$)]] -> 0 | N114: =investirrendafixaconsolidadoout[[#This Row],[TOTAL (R$)]] -> 0 | O114: =investirrendafixaconsolidadonov[[#This Row],[TOTAL (R$)]] -> 0 | P114: =investirrendafixaconsolidadodez[[#This Row],[TOTAL (R$)]] -> 0 | Q114: =SUM(investirrendafixaconsolidadoanual[[#This Row],[1]:[12]]) -> 0 | AO114: =SUMIFS(tabela_registros[VALOR],tabela_registros[MÊS],$AE$1,tabela_registros[REGISTRO],DADOS!$N$5,tabela_registros[TIPO],DADOS!$AB$3,tabela_registros[CATEGORIA],investirrendafixaconsolidadodez[[#This Row],[ATUAL]],#REF!,DADOS!$J$4) -> #REF! | AP114: =SUMIFS(tabela_registros[VALOR],tabela_registros[MÊS],$AE$1,tabela_registros[REGISTRO],DADOS!$N$5,tabela_registros[TIPO],DADOS!$AB$3,tabela_registros[CATEGORIA],investirrendafixaconsolidadodez[[#This Row],[ATUAL]],#REF!,DADOS!$J$3) -> #REF! | AQ114: =(investirrendafixaconsolidadoanual[[#This Row],[TOTAL (R$)]]*$AQ$123)/$Q$123 -> 0
C115: =DADOS!$AD$5 -> 📝 CRI | D115: =IF(investirrendafixaconsolidadoanual[[#This Row],[TOTAL (R$)]]=0,"",IF(OR(investirrendafixaconsolidadoanual[[#This Row],[TOTAL (R$)]]=LARGE($Q$113:$Q$122,1),investirrendafixaconsolidadoanual[[#This Row],[TOTAL (R$)]]=LARGE($Q$113:$Q$122,2)),DADOS!$I$10,"")) | E115: =investirrendafixaconsolidado2829[[#This Row],[TOTAL (R$)]] -> 0 | F115: =investirrendafixaconsolidadofev[[#This Row],[TOTAL (R$)]] -> 0 | G115: =investirrendafixaconsolidadomar[[#This Row],[TOTAL (R$)]] -> 0 | H115: =investirrendafixaconsolidadoabr[[#This Row],[TOTAL (R$)]] -> 0 | I115: =investirrendafixaconsolidadomai[[#This Row],[TOTAL (R$)]] -> 0 | J115: =investirrendafixaconsolidadojun[[#This Row],[TOTAL (R$)]] -> 0 | K115: =investirrendafixaconsolidadojul[[#This Row],[TOTAL (R$)]] -> 0 | L115: =investirrendafixaconsolidadoago[[#This Row],[TOTAL (R$)]] -> 0 | M115: =investirrendafixaconsolidadoset[[#This Row],[TOTAL (R$)]] -> 0 | N115: =investirrendafixaconsolidadoout[[#This Row],[TOTAL (R$)]] -> 0 | O115: =investirrendafixaconsolidadonov[[#This Row],[TOTAL (R$)]] -> 0 | P115: =investirrendafixaconsolidadodez[[#This Row],[TOTAL (R$)]] -> 0 | Q115: =SUM(investirrendafixaconsolidadoanual[[#This Row],[1]:[12]]) -> 0 | AO115: =SUMIFS(tabela_registros[VALOR],tabela_registros[MÊS],$AE$1,tabela_registros[REGISTRO],DADOS!$N$5,tabela_registros[TIPO],DADOS!$AB$3,tabela_registros[CATEGORIA],investirrendafixaconsolidadodez[[#This Row],[ATUAL]],#REF!,DADOS!$J$4) -> #REF! | AP115: =SUMIFS(tabela_registros[VALOR],tabela_registros[MÊS],$AE$1,tabela_registros[REGISTRO],DADOS!$N$5,tabela_registros[TIPO],DADOS!$AB$3,tabela_registros[CATEGORIA],investirrendafixaconsolidadodez[[#This Row],[ATUAL]],#REF!,DADOS!$J$3) -> #REF! | AQ115: =(investirrendafixaconsolidadoanual[[#This Row],[TOTAL (R$)]]*$AQ$123)/$Q$123 -> 0
C116: =DADOS!$AD$6 -> 📝 DEBÊNTURE | D116: =IF(investirrendafixaconsolidadoanual[[#This Row],[TOTAL (R$)]]=0,"",IF(OR(investirrendafixaconsolidadoanual[[#This Row],[TOTAL (R$)]]=LARGE($Q$113:$Q$122,1),investirrendafixaconsolidadoanual[[#This Row],[TOTAL (R$)]]=LARGE($Q$113:$Q$122,2)),DADOS!$I$10,"")) | E116: =investirrendafixaconsolidado2829[[#This Row],[TOTAL (R$)]] -> 0 | F116: =investirrendafixaconsolidadofev[[#This Row],[TOTAL (R$)]] -> 0 | G116: =investirrendafixaconsolidadomar[[#This Row],[TOTAL (R$)]] -> 0 | H116: =investirrendafixaconsolidadoabr[[#This Row],[TOTAL (R$)]] -> 0 | I116: =investirrendafixaconsolidadomai[[#This Row],[TOTAL (R$)]] -> 0 | J116: =investirrendafixaconsolidadojun[[#This Row],[TOTAL (R$)]] -> 0 | K116: =investirrendafixaconsolidadojul[[#This Row],[TOTAL (R$)]] -> 0 | L116: =investirrendafixaconsolidadoago[[#This Row],[TOTAL (R$)]] -> 0 | M116: =investirrendafixaconsolidadoset[[#This Row],[TOTAL (R$)]] -> 0 | N116: =investirrendafixaconsolidadoout[[#This Row],[TOTAL (R$)]] -> 0 | O116: =investirrendafixaconsolidadonov[[#This Row],[TOTAL (R$)]] -> 0 | P116: =investirrendafixaconsolidadodez[[#This Row],[TOTAL (R$)]] -> 0 | Q116: =SUM(investirrendafixaconsolidadoanual[[#This Row],[1]:[12]]) -> 0 | AO116: =SUMIFS(tabela_registros[VALOR],tabela_registros[MÊS],$AE$1,tabela_registros[REGISTRO],DADOS!$N$5,tabela_registros[TIPO],DADOS!$AB$3,tabela_registros[CATEGORIA],investirrendafixaconsolidadodez[[#This Row],[ATUAL]],#REF!,DADOS!$J$4) -> #REF! | AP116: =SUMIFS(tabela_registros[VALOR],tabela_registros[MÊS],$AE$1,tabela_registros[REGISTRO],DADOS!$N$5,tabela_registros[TIPO],DADOS!$AB$3,tabela_registros[CATEGORIA],investirrendafixaconsolidadodez[[#This Row],[ATUAL]],#REF!,DADOS!$J$3) -> #REF! | AQ116: =(investirrendafixaconsolidadoanual[[#This Row],[TOTAL (R$)]]*$AQ$123)/$Q$123 -> 0
C117: =DADOS!$AD$7 -> 📝 EXTERIOR | D117: =IF(investirrendafixaconsolidadoanual[[#This Row],[TOTAL (R$)]]=0,"",IF(OR(investirrendafixaconsolidadoanual[[#This Row],[TOTAL (R$)]]=LARGE($Q$113:$Q$122,1),investirrendafixaconsolidadoanual[[#This Row],[TOTAL (R$)]]=LARGE($Q$113:$Q$122,2)),DADOS!$I$10,"")) -> 💎 | E117: =investirrendafixaconsolidado2829[[#This Row],[TOTAL (R$)]] -> 254 | F117: =investirrendafixaconsolidadofev[[#This Row],[TOTAL (R$)]] -> 0 | G117: =investirrendafixaconsolidadomar[[#This Row],[TOTAL (R$)]] -> 0 | H117: =investirrendafixaconsolidadoabr[[#This Row],[TOTAL (R$)]] -> 0 | I117: =investirrendafixaconsolidadomai[[#This Row],[TOTAL (R$)]] -> 0 | J117: =investirrendafixaconsolidadojun[[#This Row],[TOTAL (R$)]] -> 0 | K117: =investirrendafixaconsolidadojul[[#This Row],[TOTAL (R$)]] -> 0 | L117: =investirrendafixaconsolidadoago[[#This Row],[TOTAL (R$)]] -> 0 | M117: =investirrendafixaconsolidadoset[[#This Row],[TOTAL (R$)]] -> 0 | N117: =investirrendafixaconsolidadoout[[#This Row],[TOTAL (R$)]] -> 0 | O117: =investirrendafixaconsolidadonov[[#This Row],[TOTAL (R$)]] -> 0 | P117: =investirrendafixaconsolidadodez[[#This Row],[TOTAL (R$)]] -> 0 | Q117: =SUM(investirrendafixaconsolidadoanual[[#This Row],[1]:[12]]) -> 254 | AO117: =SUMIFS(tabela_registros[VALOR],tabela_registros[MÊS],$AE$1,tabela_registros[REGISTRO],DADOS!$N$5,tabela_registros[TIPO],DADOS!$AB$3,tabela_registros[CATEGORIA],investirrendafixaconsolidadodez[[#This Row],[ATUAL]],#REF!,DADOS!$J$4) -> #REF! | AP117: =SUMIFS(tabela_registros[VALOR],tabela_registros[MÊS],$AE$1,tabela_registros[REGISTRO],DADOS!$N$5,tabela_registros[TIPO],DADOS!$AB$3,tabela_registros[CATEGORIA],investirrendafixaconsolidadodez[[#This Row],[ATUAL]],#REF!,DADOS!$J$3) -> #REF! | AQ117: =(investirrendafixaconsolidadoanual[[#This Row],[TOTAL (R$)]]*$AQ$123)/$Q$123 -> 0.34360808
C118: =DADOS!$AD$8 -> 📝 LC | D118: =IF(investirrendafixaconsolidadoanual[[#This Row],[TOTAL (R$)]]=0,"",IF(OR(investirrendafixaconsolidadoanual[[#This Row],[TOTAL (R$)]]=LARGE($Q$113:$Q$122,1),investirrendafixaconsolidadoanual[[#This Row],[TOTAL (R$)]]=LARGE($Q$113:$Q$122,2)),DADOS!$I$10,"")) | E118: =investirrendafixaconsolidado2829[[#This Row],[TOTAL (R$)]] -> 0 | F118: =investirrendafixaconsolidadofev[[#This Row],[TOTAL (R$)]] -> 0 | G118: =investirrendafixaconsolidadomar[[#This Row],[TOTAL (R$)]] -> 0 | H118: =investirrendafixaconsolidadoabr[[#This Row],[TOTAL (R$)]] -> 0 | I118: =investirrendafixaconsolidadomai[[#This Row],[TOTAL (R$)]] -> 0 | J118: =investirrendafixaconsolidadojun[[#This Row],[TOTAL (R$)]] -> 0 | K118: =investirrendafixaconsolidadojul[[#This Row],[TOTAL (R$)]] -> 0 | L118: =investirrendafixaconsolidadoago[[#This Row],[TOTAL (R$)]] -> 0 | M118: =investirrendafixaconsolidadoset[[#This Row],[TOTAL (R$)]] -> 0 | N118: =investirrendafixaconsolidadoout[[#This Row],[TOTAL (R$)]] -> 0 | O118: =investirrendafixaconsolidadonov[[#This Row],[TOTAL (R$)]] -> 0 | P118: =investirrendafixaconsolidadodez[[#This Row],[TOTAL (R$)]] -> 0 | Q118: =SUM(investirrendafixaconsolidadoanual[[#This Row],[1]:[12]]) -> 0 | AO118: =SUMIFS(tabela_registros[VALOR],tabela_registros[MÊS],$AE$1,tabela_registros[REGISTRO],DADOS!$N$5,tabela_registros[TIPO],DADOS!$AB$3,tabela_registros[CATEGORIA],investirrendafixaconsolidadodez[[#This Row],[ATUAL]],#REF!,DADOS!$J$4) -> #REF! | AP118: =SUMIFS(tabela_registros[VALOR],tabela_registros[MÊS],$AE$1,tabela_registros[REGISTRO],DADOS!$N$5,tabela_registros[TIPO],DADOS!$AB$3,tabela_registros[CATEGORIA],investirrendafixaconsolidadodez[[#This Row],[ATUAL]],#REF!,DADOS!$J$3) -> #REF! | AQ118: =(investirrendafixaconsolidadoanual[[#This Row],[TOTAL (R$)]]*$AQ$123)/$Q$123 -> 0
C119: =DADOS!$AD$9 -> 📝 LCA | D119: =IF(investirrendafixaconsolidadoanual[[#This Row],[TOTAL (R$)]]=0,"",IF(OR(investirrendafixaconsolidadoanual[[#This Row],[TOTAL (R$)]]=LARGE($Q$113:$Q$122,1),investirrendafixaconsolidadoanual[[#This Row],[TOTAL (R$)]]=LARGE($Q$113:$Q$122,2)),DADOS!$I$10,"")) | E119: =investirrendafixaconsolidado2829[[#This Row],[TOTAL (R$)]] -> 0 | F119: =investirrendafixaconsolidadofev[[#This Row],[TOTAL (R$)]] -> 0 | G119: =investirrendafixaconsolidadomar[[#This Row],[TOTAL (R$)]] -> 0 | H119: =investirrendafixaconsolidadoabr[[#This Row],[TOTAL (R$)]] -> 0 | I119: =investirrendafixaconsolidadomai[[#This Row],[TOTAL (R$)]] -> 0 | J119: =investirrendafixaconsolidadojun[[#This Row],[TOTAL (R$)]] -> 0 | K119: =investirrendafixaconsolidadojul[[#This Row],[TOTAL (R$)]] -> 0 | L119: =investirrendafixaconsolidadoago[[#This Row],[TOTAL (R$)]] -> 0 | M119: =investirrendafixaconsolidadoset[[#This Row],[TOTAL (R$)]] -> 0 | N119: =investirrendafixaconsolidadoout[[#This Row],[TOTAL (R$)]] -> 0 | O119: =investirrendafixaconsolidadonov[[#This Row],[TOTAL (R$)]] -> 0 | P119: =investirrendafixaconsolidadodez[[#This Row],[TOTAL (R$)]] -> 0 | Q119: =SUM(investirrendafixaconsolidadoanual[[#This Row],[1]:[12]]) -> 0 | AO119: =SUMIFS(tabela_registros[VALOR],tabela_registros[MÊS],$AE$1,tabela_registros[REGISTRO],DADOS!$N$5,tabela_registros[TIPO],DADOS!$AB$3,tabela_registros[CATEGORIA],investirrendafixaconsolidadodez[[#This Row],[ATUAL]],#REF!,DADOS!$J$4) -> #REF! | AP119: =SUMIFS(tabela_registros[VALOR],tabela_registros[MÊS],$AE$1,tabela_registros[REGISTRO],DADOS!$N$5,tabela_registros[TIPO],DADOS!$AB$3,tabela_registros[CATEGORIA],investirrendafixaconsolidadodez[[#This Row],[ATUAL]],#REF!,DADOS!$J$3) -> #REF! | AQ119: =(investirrendafixaconsolidadoanual[[#This Row],[TOTAL (R$)]]*$AQ$123)/$Q$123 -> 0
C120: =DADOS!$AD$10 -> 📝 LCI | D120: =IF(investirrendafixaconsolidadoanual[[#This Row],[TOTAL (R$)]]=0,"",IF(OR(investirrendafixaconsolidadoanual[[#This Row],[TOTAL (R$)]]=LARGE($Q$113:$Q$122,1),investirrendafixaconsolidadoanual[[#This Row],[TOTAL (R$)]]=LARGE($Q$113:$Q$122,2)),DADOS!$I$10,"")) | E120: =investirrendafixaconsolidado2829[[#This Row],[TOTAL (R$)]] -> 0 | F120: =investirrendafixaconsolidadofev[[#This Row],[TOTAL (R$)]] -> 0 | G120: =investirrendafixaconsolidadomar[[#This Row],[TOTAL (R$)]] -> 0 | H120: =investirrendafixaconsolidadoabr[[#This Row],[TOTAL (R$)]] -> 0 | I120: =investirrendafixaconsolidadomai[[#This Row],[TOTAL (R$)]] -> 0 | J120: =investirrendafixaconsolidadojun[[#This Row],[TOTAL (R$)]] -> 0 | K120: =investirrendafixaconsolidadojul[[#This Row],[TOTAL (R$)]] -> 0 | L120: =investirrendafixaconsolidadoago[[#This Row],[TOTAL (R$)]] -> 0 | M120: =investirrendafixaconsolidadoset[[#This Row],[TOTAL (R$)]] -> 0 | N120: =investirrendafixaconsolidadoout[[#This Row],[TOTAL (R$)]] -> 0 | O120: =investirrendafixaconsolidadonov[[#This Row],[TOTAL (R$)]] -> 0 | P120: =investirrendafixaconsolidadodez[[#This Row],[TOTAL (R$)]] -> 0 | Q120: =SUM(investirrendafixaconsolidadoanual[[#This Row],[1]:[12]]) -> 0 | AO120: =SUMIFS(tabela_registros[VALOR],tabela_registros[MÊS],$AE$1,tabela_registros[REGISTRO],DADOS!$N$5,tabela_registros[TIPO],DADOS!$AB$3,tabela_registros[CATEGORIA],investirrendafixaconsolidadodez[[#This Row],[ATUAL]],#REF!,DADOS!$J$4) -> #REF! | AP120: =SUMIFS(tabela_registros[VALOR],tabela_registros[MÊS],$AE$1,tabela_registros[REGISTRO],DADOS!$N$5,tabela_registros[TIPO],DADOS!$AB$3,tabela_registros[CATEGORIA],investirrendafixaconsolidadodez[[#This Row],[ATUAL]],#REF!,DADOS!$J$3) -> #REF! | AQ120: =(investirrendafixaconsolidadoanual[[#This Row],[TOTAL (R$)]]*$AQ$123)/$Q$123 -> 0
C121: =DADOS!$AD$11 -> 📝 TESOURO DIRETO | D121: =IF(investirrendafixaconsolidadoanual[[#This Row],[TOTAL (R$)]]=0,"",IF(OR(investirrendafixaconsolidadoanual[[#This Row],[TOTAL (R$)]]=LARGE($Q$113:$Q$122,1),investirrendafixaconsolidadoanual[[#This Row],[TOTAL (R$)]]=LARGE($Q$113:$Q$122,2)),DADOS!$I$10,"")) | E121: =investirrendafixaconsolidado2829[[#This Row],[TOTAL (R$)]] -> 0 | F121: =investirrendafixaconsolidadofev[[#This Row],[TOTAL (R$)]] -> 0 | G121: =investirrendafixaconsolidadomar[[#This Row],[TOTAL (R$)]] -> 0 | H121: =investirrendafixaconsolidadoabr[[#This Row],[TOTAL (R$)]] -> 0 | I121: =investirrendafixaconsolidadomai[[#This Row],[TOTAL (R$)]] -> 0 | J121: =investirrendafixaconsolidadojun[[#This Row],[TOTAL (R$)]] -> 0 | K121: =investirrendafixaconsolidadojul[[#This Row],[TOTAL (R$)]] -> 0 | L121: =investirrendafixaconsolidadoago[[#This Row],[TOTAL (R$)]] -> 0 | M121: =investirrendafixaconsolidadoset[[#This Row],[TOTAL (R$)]] -> 0 | N121: =investirrendafixaconsolidadoout[[#This Row],[TOTAL (R$)]] -> 0 | O121: =investirrendafixaconsolidadonov[[#This Row],[TOTAL (R$)]] -> 0 | P121: =investirrendafixaconsolidadodez[[#This Row],[TOTAL (R$)]] -> 0 | Q121: =SUM(investirrendafixaconsolidadoanual[[#This Row],[1]:[12]]) -> 0 | AO121: =SUMIFS(tabela_registros[VALOR],tabela_registros[MÊS],$AE$1,tabela_registros[REGISTRO],DADOS!$N$5,tabela_registros[TIPO],DADOS!$AB$3,tabela_registros[CATEGORIA],investirrendafixaconsolidadodez[[#This Row],[ATUAL]],#REF!,DADOS!$J$4) -> #REF! | AP121: =SUMIFS(tabela_registros[VALOR],tabela_registros[MÊS],$AE$1,tabela_registros[REGISTRO],DADOS!$N$5,tabela_registros[TIPO],DADOS!$AB$3,tabela_registros[CATEGORIA],investirrendafixaconsolidadodez[[#This Row],[ATUAL]],#REF!,DADOS!$J$3) -> #REF! | AQ121: =(investirrendafixaconsolidadoanual[[#This Row],[TOTAL (R$)]]*$AQ$123)/$Q$123 -> 0
C122: =DADOS!$AD$12 -> 📎 OUTROS | D122: =IF(investirrendafixaconsolidadoanual[[#This Row],[TOTAL (R$)]]=0,"",IF(OR(investirrendafixaconsolidadoanual[[#This Row],[TOTAL (R$)]]=LARGE($Q$113:$Q$122,1),investirrendafixaconsolidadoanual[[#This Row],[TOTAL (R$)]]=LARGE($Q$113:$Q$122,2)),DADOS!$I$10,"")) | E122: =investirrendafixaconsolidado2829[[#This Row],[TOTAL (R$)]] -> 0 | F122: =investirrendafixaconsolidadofev[[#This Row],[TOTAL (R$)]] -> 0 | G122: =investirrendafixaconsolidadomar[[#This Row],[TOTAL (R$)]] -> 0 | H122: =investirrendafixaconsolidadoabr[[#This Row],[TOTAL (R$)]] -> 0 | I122: =investirrendafixaconsolidadomai[[#This Row],[TOTAL (R$)]] -> 0 | J122: =investirrendafixaconsolidadojun[[#This Row],[TOTAL (R$)]] -> 0 | K122: =investirrendafixaconsolidadojul[[#This Row],[TOTAL (R$)]] -> 0 | L122: =investirrendafixaconsolidadoago[[#This Row],[TOTAL (R$)]] -> 0 | M122: =investirrendafixaconsolidadoset[[#This Row],[TOTAL (R$)]] -> 0 | N122: =investirrendafixaconsolidadoout[[#This Row],[TOTAL (R$)]] -> 0 | O122: =investirrendafixaconsolidadonov[[#This Row],[TOTAL (R$)]] -> 0 | P122: =investirrendafixaconsolidadodez[[#This Row],[TOTAL (R$)]] -> 0 | Q122: =SUM(investirrendafixaconsolidadoanual[[#This Row],[1]:[12]]) -> 0 | AN122: % total | AO122: =SUMIFS(tabela_registros[VALOR],tabela_registros[MÊS],$AE$1,tabela_registros[REGISTRO],DADOS!$N$5,tabela_registros[TIPO],DADOS!$AB$3,tabela_registros[CATEGORIA],investirrendafixaconsolidadodez[[#This Row],[ATUAL]],#REF!,DADOS!$J$4) -> #REF! | AP122: =SUMIFS(tabela_registros[VALOR],tabela_registros[MÊS],$AE$1,tabela_registros[REGISTRO],DADOS!$N$5,tabela_registros[TIPO],DADOS!$AB$3,tabela_registros[CATEGORIA],investirrendafixaconsolidadodez[[#This Row],[ATUAL]],#REF!,DADOS!$J$3) -> #REF! | AQ122: =(investirrendafixaconsolidadoanual[[#This Row],[TOTAL (R$)]]*$AQ$123)/$Q$123 -> 0
C123: TOTAL | E123: =investirrendafixaconsolidado2829[[#This Row],[TOTAL (R$)]] -> 288.21429 | F123: =investirrendafixaconsolidadofev[[#This Row],[TOTAL (R$)]]+investirrendafixaconsolidadoanual[[#This Row],[1]] -> 288.21429 | G123: =investirrendafixaconsolidadomar[[#This Row],[TOTAL (R$)]]+investirrendafixaconsolidadoanual[[#This Row],[2]] -> 288.21429 | H123: =investirrendafixaconsolidadoabr[[#This Row],[TOTAL (R$)]]+investirrendafixaconsolidadoanual[[#This Row],[3]] -> 288.21429 | I123: =investirrendafixaconsolidadomai[[#This Row],[TOTAL (R$)]]+investirrendafixaconsolidadoanual[[#This Row],[4]] -> 288.21429 | J123: =investirrendafixaconsolidadojun[[#This Row],[TOTAL (R$)]]+investirrendafixaconsolidadoanual[[#This Row],[5]] -> 288.21429 | K123: =investirrendafixaconsolidadojul[[#This Row],[TOTAL (R$)]]+investirrendafixaconsolidadoanual[[#This Row],[6]] -> 288.21429 | L123: =investirrendafixaconsolidadoago[[#This Row],[TOTAL (R$)]]+investirrendafixaconsolidadoanual[[#This Row],[7]] -> 288.21429 | M123: =investirrendafixaconsolidadoset[[#This Row],[TOTAL (R$)]]+investirrendafixaconsolidadoanual[[#This Row],[8]] -> 288.21429 | N123: =investirrendafixaconsolidadoout[[#This Row],[TOTAL (R$)]]+investirrendafixaconsolidadoanual[[#This Row],[9]] -> 739.21429 | O123: =investirrendafixaconsolidadonov[[#This Row],[TOTAL (R$)]]+investirrendafixaconsolidadoanual[[#This Row],[10]] -> 739.21429 | P123: =investirrendafixaconsolidadodez[[#This Row],[TOTAL (R$)]]+investirrendafixaconsolidadoanual[[#This Row],[11]] -> 739.21429 | Q123: =investirrendafixaconsolidadoanual[[#This Row],[12]] -> 739.21429 | AN123: =investirrendafixaconsolidadoanual[[#This Row],[TOTAL (R$)]]/$Q$25 -> 0.26689877 | AO123: =SUM(AO113:AO122) -> #REF! | AP123: =SUM(AP113:AP122) -> #REF! | AQ123: =1 -> 1
Q128: TOTAL
Q129: 🔽
AO130: REALIZADO | AP130: PROGRAMADO | AQ130: % PARTICIPAÇÃO
C131: ATUAL | D131: Coluna1 | E131: 1 | F131: 2 | G131: 3 | H131: 4 | I131: 5 | J131: 6 | K131: 7 | L131: 8 | M131: 9 | N131: 10 | O131: 11 | P131: 12 | Q131: TOTAL (R$) | V131: 5555
C132: =DADOS!$AF$3 -> 📝 AÇÃO | D132: =IF(investirrendavariávelconsolidadoanual[[#This Row],[TOTAL (R$)]]=0,"",IF(OR(investirrendavariávelconsolidadoanual[[#This Row],[TOTAL (R$)]]=LARGE($Q$132:$Q$141,1),investirrendavariávelconsolidadoanual[[#This Row],[TOTAL (R$)]]=LARGE($Q$132:$Q$141,2)),DADOS!$I$10,"")) | E132: =investirrendavariávelconsolidado282931[[#This Row],[TOTAL (R$)]] -> 12.142857 | F132: =investirrendavariávelconsolidadofev[[#This Row],[TOTAL (R$)]] -> 0 | G132: =investirrendavariávelconsolidadomar[[#This Row],[TOTAL (R$)]] -> 0 | H132: =investirrendavariávelconsolidadoabr[[#This Row],[TOTAL (R$)]] -> 0 | I132: =investirrendavariávelconsolidadomai[[#This Row],[TOTAL (R$)]] -> 0 | J132: =investirrendavariávelconsolidadojun[[#This Row],[TOTAL (R$)]] -> 0 | K132: =investirrendavariávelconsolidadojul[[#This Row],[TOTAL (R$)]] -> 0 | L132: =investirrendavariávelconsolidadoago[[#This Row],[TOTAL (R$)]] -> 0 | M132: =investirrendavariávelconsolidadoset[[#This Row],[TOTAL (R$)]] -> 0 | N132: =investirrendavariávelconsolidadoout[[#This Row],[TOTAL (R$)]] -> 0 | O132: =investirrendavariávelconsolidadonov[[#This Row],[TOTAL (R$)]] -> 0 | P132: =investirrendavariávelconsolidadodez[[#This Row],[TOTAL (R$)]] -> 0 | Q132: =SUM(investirrendavariávelconsolidadoanual[[#This Row],[1]:[12]]) -> 12.142857 | AO132: =SUMIFS(tabela_registros[VALOR],tabela_registros[MÊS],$AE$1,tabela_registros[REGISTRO],DADOS!$N$5,tabela_registros[TIPO],DADOS!$AB$4,tabela_registros[CATEGORIA],investirrendavariávelconsolidadodez[[#This Row],[ATUAL]],#REF!,DADOS!$J$4) -> #REF! | AP132: =SUMIFS(tabela_registros[VALOR],tabela_registros[MÊS],$AE$1,tabela_registros[REGISTRO],DADOS!$N$5,tabela_registros[TIPO],DADOS!$AB$4,tabela_registros[CATEGORIA],investirrendavariávelconsolidadodez[[#This Row],[ATUAL]],#REF!,DADOS!$J$3) -> #REF! | AQ132: =(investirrendavariávelconsolidadoanual[[#This Row],[TOTAL (R$)]]*$AQ$142)/$Q$142 -> 0.0072606133
...

Sheet 1
AD1: MÊS | AE1: 1 | AH1: VALOR INICIAL CAIXA | AI1: =IF('⚙️'!$Q$3=$AE$1,'⚙️'!$F$13,0) -> 350
C2: JANEIRO
E3: DISPONÍVEL | I3: GANHEI | M3: GASTEI | Q3: INVESTI | U3: RESERVEI | Z3: REGISTROS | AC3: RADAR | AF3: ANUAL
E4: =$AJ$16 -> 57.214286 | I4: =$AJ$14 -> 932.35714 | M4: =$AJ$15 -> 1225.1429 | Q4: =$AJ$25 -> 730.64286 | U4: =$AJ$26 -> 2502
E6: 1 | F6: 2 | G6: 3 | H6: 4 | I6: 5 | J6: 6 | K6: 7 | L6: 8 | M6: 9 | N6: 10 | O6: 11 | P6: 12 | Q6: 13 | R6: 14 | S6: 15 | T6: 16 | U6: 17 | V6: 18 | W6: 19 | X6: 20 | Y6: 21 | Z6: 22 | AA6: 23 | AB6: 24 | AC6: 25 | AD6: 26 | AE6: 27 | AF6: 28 | AG6: 29 | AH6: 30 | AI6: 31
AJ10: TOTAL
AJ11: 🔽
C13: ATUAL | D13: Coluna1 | E13: 1 | F13: 2 | G13: 3 | H13: 4 | I13: 5 | J13: 6 | K13: 7 | L13: 8 | M13: 9 | N13: 10 | O13: 11 | P13: 12 | Q13: 13 | R13: 14 | S13: 15 | T13: 16 | U13: 17 | V13: 18 | W13: 19 | X13: 20 | Y13: 21 | Z13: 22 | AA13: 23 | AB13: 24 | AC13: 25 | AD13: 26 | AE13: 27 | AF13: 28 | AG13: 29 | AH13: 30 | AI13: 31 | AJ13: TOTAL (R$)
C14: RECEITAS | E14: =SUMIFS(tabela_registros[VALOR],tabela_registros[MÊS],$AE$1,tabela_registros[DIA],jantotal[[#Headers],[1]],tabela_registros[REGISTRO],DADOS!$N$3) -> 0 | F14: =SUMIFS(tabela_registros[VALOR],tabela_registros[MÊS],$AE$1,tabela_registros[DIA],jantotal[[#Headers],[2]],tabela_registros[REGISTRO],DADOS!$N$3) -> 0 | G14: =SUMIFS(tabela_registros[VALOR],tabela_registros[MÊS],$AE$1,tabela_registros[DIA],jantotal[[#Headers],[3]],tabela_registros[REGISTRO],DADOS!$N$3) -> 0 | H14: =SUMIFS(tabela_registros[VALOR],tabela_registros[MÊS],$AE$1,tabela_registros[DIA],jantotal[[#Headers],[4]],tabela_registros[REGISTRO],DADOS!$N$3) -> 250 | I14: =SUMIFS(tabela_registros[VALOR],tabela_registros[MÊS],$AE$1,tabela_registros[DIA],jantotal[[#Headers],[5]],tabela_registros[REGISTRO],DADOS!$N$3) -> 0 | J14: =SUMIFS(tabela_registros[VALOR],tabela_registros[MÊS],$AE$1,tabela_registros[DIA],jantotal[[#Headers],[6]],tabela_registros[REGISTRO],DADOS!$N$3) -> 0 | K14: =SUMIFS(tabela_registros[VALOR],tabela_registros[MÊS],$AE$1,tabela_registros[DIA],jantotal[[#Headers],[7]],tabela_registros[REGISTRO],DADOS!$N$3) -> 0 | L14: =SUMIFS(tabela_registros[VALOR],tabela_registros[MÊS],$AE$1,tabela_registros[DIA],jantotal[[#Headers],[8]],tabela_registros[REGISTRO],DADOS!$N$3) -> 0 | M14: =SUMIFS(tabela_registros[VALOR],tabela_registros[MÊS],$AE$1,tabela_registros[DIA],jantotal[[#Headers],[9]],tabela_registros[REGISTRO],DADOS!$N$3) -> 0 | N14: =SUMIFS(tabela_registros[VALOR],tabela_registros[MÊS],$AE$1,tabela_registros[DIA],jantotal[[#Headers],[10]],tabela_registros[REGISTRO],DADOS!$N$3) -> 129.85714 | O14: =SUMIFS(tabela_registros[VALOR],tabela_registros[MÊS],$AE$1,tabela_registros[DIA],jantotal[[#Headers],[11]],tabela_registros[REGISTRO],DADOS!$N$3) -> 122.5 | P14: =SUMIFS(tabela_registros[VALOR],tabela_registros[MÊS],$AE$1,tabela_registros[DIA],jantotal[[#Headers],[12]],tabela_registros[REGISTRO],DADOS!$N$3) -> 0 | Q14: =SUMIFS(tabela_registros[VALOR],tabela_registros[MÊS],$AE$1,tabela_registros[DIA],jantotal[[#Headers],[13]],tabela_registros[REGISTRO],DADOS!$N$3) -> 0 | R14: =SUMIFS(tabela_registros[VALOR],tabela_registros[MÊS],$AE$1,tabela_registros[DIA],jantotal[[#Headers],[14]],tabela_registros[REGISTRO],DADOS!$N$3) -> 0 | S14: =SUMIFS(tabela_registros[VALOR],tabela_registros[MÊS],$AE$1,tabela_registros[DIA],jantotal[[#Headers],[15]],tabela_registros[REGISTRO],DADOS!$N$3) -> 0 | T14: =SUMIFS(tabela_registros[VALOR],tabela_registros[MÊS],$AE$1,tabela_registros[DIA],jantotal[[#Headers],[16]],tabela_registros[REGISTRO],DADOS!$N$3) -> 0 | U14: =SUMIFS(tabela_registros[VALOR],tabela_registros[MÊS],$AE$1,tabela_registros[DIA],jantotal[[#Headers],[17]],tabela_registros[REGISTRO],DADOS!$N$3) -> 0 | V14: =SUMIFS(tabela_registros[VALOR],tabela_registros[MÊS],$AE$1,tabela_registros[DIA],jantotal[[#Headers],[18]],tabela_registros[REGISTRO],DADOS!$N$3) -> 0 | W14: =SUMIFS(tabela_registros[VALOR],tabela_registros[MÊS],$AE$1,tabela_registros[DIA],jantotal[[#Headers],[19]],tabela_registros[REGISTRO],DADOS!$N$3) -> 0 | X14: =SUMIFS(tabela_registros[VALOR],tabela_registros[MÊS],$AE$1,tabela_registros[DIA],jantotal[[#Headers],[20]],tabela_registros[REGISTRO],DADOS!$N$3) -> 0 | Y14: =SUMIFS(tabela_registros[VALOR],tabela_registros[MÊS],$AE$1,tabela_registros[DIA],jantotal[[#Headers],[21]],tabela_registros[REGISTRO],DADOS!$N$3) -> 0 | Z14: =SUMIFS(tabela_registros[VALOR],tabela_registros[MÊS],$AE$1,tabela_registros[DIA],jantotal[[#Headers],[22]],tabela_registros[REGISTRO],DADOS!$N$3) -> 0 | AA14: =SUMIFS(tabela_registros[VALOR],tabela_registros[MÊS],$AE$1,tabela_registros[DIA],jantotal[[#Headers],[23]],tabela_registros[REGISTRO],DADOS!$N$3) -> 0 | AB14: =SUMIFS(tabela_registros[VALOR],tabela_registros[MÊS],$AE$1,tabela_registros[DIA],jantotal[[#Headers],[24]],tabela_registros[REGISTRO],DADOS!$N$3) -> 0 | AC14: =SUMIFS(tabela_registros[VALOR],tabela_registros[MÊS],$AE$1,tabela_registros[DIA],jantotal[[#Headers],[25]],tabela_registros[REGISTRO],DADOS!$N$3) -> 0 | AD14: =SUMIFS(tabela_registros[VALOR],tabela_registros[MÊS],$AE$1,tabela_registros[DIA],jantotal[[#Headers],[26]],tabela_registros[REGISTRO],DADOS!$N$3) -> 0 | AE14: =SUMIFS(tabela_registros[VALOR],tabela_registros[MÊS],$AE$1,tabela_registros[DIA],jantotal[[#Headers],[27]],tabela_registros[REGISTRO],DADOS!$N$3) -> 0 | AF14: =SUMIFS(tabela_registros[VALOR],tabela_registros[MÊS],$AE$1,tabela_registros[DIA],jantotal[[#Headers],[28]],tabela_registros[REGISTRO],DADOS!$N$3) -> 0 | AG14: =SUMIFS(tabela_registros[VALOR],tabela_registros[MÊS],$AE$1,tabela_registros[DIA],jantotal[[#Headers],[29]],tabela_registros[REGISTRO],DADOS!$N$3) -> 300 | AH14: =SUMIFS(tabela_registros[VALOR],tabela_registros[MÊS],$AE$1,tabela_registros[DIA],jantotal[[#Headers],[30]],tabela_registros[REGISTRO],DADOS!$N$3) -> 62 | AI14: =SUMIFS(tabela_registros[VALOR],tabela_registros[MÊS],$AE$1,tabela_registros[DIA],jantotal[[#Headers],[31]],tabela_registros[REGISTRO],DADOS!$N$3) -> 68 | AJ14: =SUM(jantotal[[#This Row],[1]:[31]]) -> 932.35714
C15: DESPESAS | E15: =SUMIFS(tabela_registros[VALOR],tabela_registros[MÊS],$AE$1,tabela_registros[DIA],jantotal[[#Headers],[1]],tabela_registros[REGISTRO],DADOS!$N$4) -> 0 | F15: =SUMIFS(tabela_registros[VALOR],tabela_registros[MÊS],$AE$1,tabela_registros[DIA],jantotal[[#Headers],[2]],tabela_registros[REGISTRO],DADOS!$N$4) -> 0 | G15: =SUMIFS(tabela_registros[VALOR],tabela_registros[MÊS],$AE$1,tabela_registros[DIA],jantotal[[#Headers],[3]],tabela_registros[REGISTRO],DADOS!$N$4) -> 0 | H15: =SUMIFS(tabela_registros[VALOR],tabela_registros[MÊS],$AE$1,tabela_registros[DIA],jantotal[[#Headers],[4]],tabela_registros[REGISTRO],DADOS!$N$4) -> 0 | I15: =SUMIFS(tabela_registros[VALOR],tabela_registros[MÊS],$AE$1,tabela_registros[DIA],jantotal[[#Headers],[5]],tabela_registros[REGISTRO],DADOS!$N$4) -> 0 | J15: =SUMIFS(tabela_registros[VALOR],tabela_registros[MÊS],$AE$1,tabela_registros[DIA],jantotal[[#Headers],[6]],tabela_registros[REGISTRO],DADOS!$N$4) -> 0 | K15: =SUMIFS(tabela_registros[VALOR],tabela_registros[MÊS],$AE$1,tabela_registros[DIA],jantotal[[#Headers],[7]],tabela_registros[REGISTRO],DADOS!$N$4) -> 89 | L15: =SUMIFS(tabela_registros[VALOR],tabela_registros[MÊS],$AE$1,tabela_registros[DIA],jantotal[[#Headers],[8]],tabela_registros[REGISTRO],DADOS!$N$4) -> 144.57143 | M15: =SUMIFS(tabela_registros[VALOR],tabela_registros[MÊS],$AE$1,tabela_registros[DIA],jantotal[[#Headers],[9]],tabela_registros[REGISTRO],DADOS!$N$4) -> 137.21429 | N15: =SUMIFS(tabela_registros[VALOR],tabela_registros[MÊS],$AE$1,tabela_registros[DIA],jantotal[[#Headers],[10]],tabela_registros[REGISTRO],DADOS!$N$4) -> 0 | O15: =SUMIFS(tabela_registros[VALOR],tabela_registros[MÊS],$AE$1,tabela_registros[DIA],jantotal[[#Headers],[11]],tabela_registros[REGISTRO],DADOS!$N$4) -> 0 | P15: =SUMIFS(tabela_registros[VALOR],tabela_registros[MÊS],$AE$1,tabela_registros[DIA],jantotal[[#Headers],[12]],tabela_registros[REGISTRO],DADOS!$N$4) -> 0 | Q15: =SUMIFS(tabela_registros[VALOR],tabela_registros[MÊS],$AE$1,tabela_registros[DIA],jantotal[[#Headers],[13]],tabela_registros[REGISTRO],DADOS!$N$4) -> 107.78571 | R15: =SUMIFS(tabela_registros[VALOR],tabela_registros[MÊS],$AE$1,tabela_registros[DIA],jantotal[[#Headers],[14]],tabela_registros[REGISTRO],DADOS!$N$4) -> 100.42857 | S15: =SUMIFS(tabela_registros[VALOR],tabela_registros[MÊS],$AE$1,tabela_registros[DIA],jantotal[[#Headers],[15]],tabela_registros[REGISTRO],DADOS!$N$4) -> 0 | T15: =SUMIFS(tabela_registros[VALOR],tabela_registros[MÊS],$AE$1,tabela_registros[DIA],jantotal[[#Headers],[16]],tabela_registros[REGISTRO],DADOS!$N$4) -> 85.714286 | U15: =SUMIFS(tabela_registros[VALOR],tabela_registros[MÊS],$AE$1,tabela_registros[DIA],jantotal[[#Headers],[17]],tabela_registros[REGISTRO],DADOS!$N$4) -> 200 | V15: =SUMIFS(tabela_registros[VALOR],tabela_registros[MÊS],$AE$1,tabela_registros[DIA],jantotal[[#Headers],[18]],tabela_registros[REGISTRO],DADOS!$N$4) -> 150 | W15: =SUMIFS(tabela_registros[VALOR],tabela_registros[MÊS],$AE$1,tabela_registros[DIA],jantotal[[#Headers],[19]],tabela_registros[REGISTRO],DADOS!$N$4) -> 63.642857 | X15: =SUMIFS(tabela_registros[VALOR],tabela_registros[MÊS],$AE$1,tabela_registros[DIA],jantotal[[#Headers],[20]],tabela_registros[REGISTRO],DADOS!$N$4) -> 56.285714 | Y15: =SUMIFS(tabela_registros[VALOR],tabela_registros[MÊS],$AE$1,tabela_registros[DIA],jantotal[[#Headers],[21]],tabela_registros[REGISTRO],DADOS!$N$4) -> 48.928571 | Z15: =SUMIFS(tabela_registros[VALOR],tabela_registros[MÊS],$AE$1,tabela_registros[DIA],jantotal[[#Headers],[22]],tabela_registros[REGISTRO],DADOS!$N$4) -> 41.571429 | AA15: =SUMIFS(tabela_registros[VALOR],tabela_registros[MÊS],$AE$1,tabela_registros[DIA],jantotal[[#Headers],[23]],tabela_registros[REGISTRO],DADOS!$N$4) -> 0 | AB15: =SUMIFS(tabela_registros[VALOR],tabela_registros[MÊS],$AE$1,tabela_registros[DIA],jantotal[[#Headers],[24]],tabela_registros[REGISTRO],DADOS!$N$4) -> 0 | AC15: =SUMIFS(tabela_registros[VALOR],tabela_registros[MÊS],$AE$1,tabela_registros[DIA],jantotal[[#Headers],[25]],tabela_registros[REGISTRO],DADOS!$N$4) -> 0 | AD15: =SUMIFS(tabela_registros[VALOR],tabela_registros[MÊS],$AE$1,tabela_registros[DIA],jantotal[[#Headers],[26]],tabela_registros[REGISTRO],DADOS!$N$4) -> 0 | AE15: =SUMIFS(tabela_registros[VALOR],tabela_registros[MÊS],$AE$1,tabela_registros[DIA],jantotal[[#Headers],[27]],tabela_registros[REGISTRO],DADOS!$N$4) -> 0 | AF15: =SUMIFS(tabela_registros[VALOR],tabela_registros[MÊS],$AE$1,tabela_registros[DIA],jantotal[[#Headers],[28]],tabela_registros[REGISTRO],DADOS!$N$4) -> 0 | AG15: =SUMIFS(tabela_registros[VALOR],tabela_registros[MÊS],$AE$1,tabela_registros[DIA],jantotal[[#Headers],[29]],tabela_registros[REGISTRO],DADOS!$N$4) -> 0 | AH15: =SUMIFS(tabela_registros[VALOR],tabela_registros[MÊS],$AE$1,tabela_registros[DIA],jantotal[[#Headers],[30]],tabela_registros[REGISTRO],DADOS!$N$4) -> 0 | AI15: =SUMIFS(tabela_registros[VALOR],tabela_registros[MÊS],$AE$1,tabela_registros[DIA],jantotal[[#Headers],[31]],tabela_registros[REGISTRO],DADOS!$N$4) -> 0 | AJ15: =SUM(jantotal[[#This Row],[1]:[31]]) -> 1225.1429
C16: SALDO | E16: =(E14-E15)+AI1 -> 350 | F16: =jantotal[[#This Row],[1]]+(F14-F15) -> 350 | G16: =jantotal[[#This Row],[2]]+(G14-G15) -> 350 | H16: =jantotal[[#This Row],[3]]+(H14-H15) -> 600 | I16: =jantotal[[#This Row],[4]]+(I14-I15) -> 600 | J16: =jantotal[[#This Row],[5]]+(J14-J15) -> 600 | K16: =jantotal[[#This Row],[6]]+(K14-K15) -> 511 | L16: =jantotal[[#This Row],[7]]+(L14-L15) -> 366.42857 | M16: =jantotal[[#This Row],[8]]+(M14-M15) -> 229.21429 | N16: =jantotal[[#This Row],[9]]+(N14-N15) -> 359.07143 | O16: =jantotal[[#This Row],[10]]+(O14-O15) -> 481.57143 | P16: =jantotal[[#This Row],[11]]+(P14-P15) -> 481.57143 | Q16: =jantotal[[#This Row],[12]]+(Q14-Q15) -> 373.78571 | R16: =jantotal[[#This Row],[13]]+(R14-R15) -> 273.35714 | S16: =jantotal[[#This Row],[14]]+(S14-S15) -> 273.35714 | T16: =jantotal[[#This Row],[15]]+(T14-T15) -> 187.64286 | U16: =jantotal[[#This Row],[16]]+(U14-U15) -> -12.357143 | V16: =jantotal[[#This Row],[17]]+(V14-V15) -> -162.35714 | W16: =jantotal[[#This Row],[18]]+(W14-W15) -> -226 | X16: =jantotal[[#This Row],[19]]+(X14-X15) -> -282.28571 | Y16: =jantotal[[#This Row],[20]]+(Y14-Y15) -> -331.21429 | Z16: =jantotal[[#This Row],[21]]+(Z14-Z15) -> -372.78571 | AA16: =jantotal[[#This Row],[22]]+(AA14-AA15) -> -372.78571 | AB16: =jantotal[[#This Row],[23]]+(AB14-AB15) -> -372.78571 | AC16: =jantotal[[#This Row],[24]]+(AC14-AC15) -> -372.78571 | AD16: =jantotal[[#This Row],[25]]+(AD14-AD15) -> -372.78571 | AE16: =jantotal[[#This Row],[26]]+(AE14-AE15) -> -372.78571 | AF16: =jantotal[[#This Row],[27]]+(AF14-AF15) -> -372.78571 | AG16: =jantotal[[#This Row],[28]]+(AG14-AG15) -> -72.785714 | AH16: =jantotal[[#This Row],[29]]+(AH14-AH15) -> -10.785714 | AI16: =jantotal[[#This Row],[30]]+(AI14-AI15) -> 57.214286 | AJ16: =jantotal[[#This Row],[31]] -> 57.214286
AJ21: TOTAL
AJ22: 🔽
C24: ATUAL | D24: Coluna1 | E24: 1 | F24: 2 | G24: 3 | H24: 4 | I24: 5 | J24: 6 | K24: 7 | L24: 8 | M24: 9 | N24: 10 | O24: 11 | P24: 12 | Q24: 13 | R24: 14 | S24: 15 | T24: 16 | U24: 17 | V24: 18 | W24: 19 | X24: 20 | Y24: 21 | Z24: 22 | AA24: 23 | AB24: 24 | AC24: 25 | AD24: 26 | AE24: 27 | AF24: 28 | AG24: 29 | AH24: 30 | AI24: 31 | AJ24: TOTAL (R$)
C25: INVESTIMENTOS | E25: =SUMIFS(tabela_registros[VALOR],tabela_registros[MÊS],$AE$1,tabela_registros[DIA],jantotal[[#Headers],[1]],tabela_registros[REGISTRO],DADOS!$N$5) -> 356 | F25: =SUMIFS(tabela_registros[VALOR],tabela_registros[MÊS],$AE$1,tabela_registros[DIA],jantotal[[#Headers],[2]],tabela_registros[REGISTRO],DADOS!$N$5) -> 254 | G25: =SUMIFS(tabela_registros[VALOR],tabela_registros[MÊS],$AE$1,tabela_registros[DIA],jantotal[[#Headers],[3]],tabela_registros[REGISTRO],DADOS!$N$5) -> 0 | H25: =SUMIFS(tabela_registros[VALOR],tabela_registros[MÊS],$AE$1,tabela_registros[DIA],jantotal[[#Headers],[4]],tabela_registros[REGISTRO],DADOS!$N$5) -> 0 | I25: =SUMIFS(tabela_registros[VALOR],tabela_registros[MÊS],$AE$1,tabela_registros[DIA],jantotal[[#Headers],[5]],tabela_registros[REGISTRO],DADOS!$N$5) -> 0 | J25: =SUMIFS(tabela_registros[VALOR],tabela_registros[MÊS],$AE$1,tabela_registros[DIA],jantotal[[#Headers],[6]],tabela_registros[REGISTRO],DADOS!$N$5) -> 0 | K25: =SUMIFS(tabela_registros[VALOR],tabela_registros[MÊS],$AE$1,tabela_registros[DIA],jantotal[[#Headers],[7]],tabela_registros[REGISTRO],DADOS!$N$5) -> 0 | L25: =SUMIFS(tabela_registros[VALOR],tabela_registros[MÊS],$AE$1,tabela_registros[DIA],jantotal[[#Headers],[8]],tabela_registros[REGISTRO],DADOS!$N$5) -> 0 | M25: =SUMIFS(tabela_registros[VALOR],tabela_registros[MÊS],$AE$1,tabela_registros[DIA],jantotal[[#Headers],[9]],tabela_registros[REGISTRO],DADOS!$N$5) -> 0 | N25: =SUMIFS(tabela_registros[VALOR],tabela_registros[MÊS],$AE$1,tabela_registros[DIA],jantotal[[#Headers],[10]],tabela_registros[REGISTRO],DADOS!$N$5) -> 0 | O25: =SUMIFS(tabela_registros[VALOR],tabela_registros[MÊS],$AE$1,tabela_registros[DIA],jantotal[[#Headers],[11]],tabela_registros[REGISTRO],DADOS!$N$5) -> 0 | P25: =SUMIFS(tabela_registros[VALOR],tabela_registros[MÊS],$AE$1,tabela_registros[DIA],jantotal[[#Headers],[12]],tabela_registros[REGISTRO],DADOS!$N$5) -> 0 | Q25: =SUMIFS(tabela_registros[VALOR],tabela_registros[MÊS],$AE$1,tabela_registros[DIA],jantotal[[#Headers],[13]],tabela_registros[REGISTRO],DADOS!$N$5) -> 0 | R25: =SUMIFS(tabela_registros[VALOR],tabela_registros[MÊS],$AE$1,tabela_registros[DIA],jantotal[[#Headers],[14]],tabela_registros[REGISTRO],DADOS!$N$5) -> 0 | S25: =SUMIFS(tabela_registros[VALOR],tabela_registros[MÊS],$AE$1,tabela_registros[DIA],jantotal[[#Headers],[15]],tabela_registros[REGISTRO],DADOS!$N$5) -> 0 | T25: =SUMIFS(tabela_registros[VALOR],tabela_registros[MÊS],$AE$1,tabela_registros[DIA],jantotal[[#Headers],[16]],tabela_registros[REGISTRO],DADOS!$N$5) -> 0 | U25: =SUMIFS(tabela_registros[VALOR],tabela_registros[MÊS],$AE$1,tabela_registros[DIA],jantotal[[#Headers],[17]],tabela_registros[REGISTRO],DADOS!$N$5) -> 0 | V25: =SUMIFS(tabela_registros[VALOR],tabela_registros[MÊS],$AE$1,tabela_registros[DIA],jantotal[[#Headers],[18]],tabela_registros[REGISTRO],DADOS!$N$5) -> 0 | W25: =SUMIFS(tabela_registros[VALOR],tabela_registros[MÊS],$AE$1,tabela_registros[DIA],jantotal[[#Headers],[19]],tabela_registros[REGISTRO],DADOS!$N$5) -> 0 | X25: =SUMIFS(tabela_registros[VALOR],tabela_registros[MÊS],$AE$1,tabela_registros[DIA],jantotal[[#Headers],[20]],tabela_registros[REGISTRO],DADOS!$N$5) -> 0 | Y25: =SUMIFS(tabela_registros[VALOR],tabela_registros[MÊS],$AE$1,tabela_registros[DIA],jantotal[[#Headers],[21]],tabela_registros[REGISTRO],DADOS!$N$5) -> 0 | Z25: =SUMIFS(tabela_registros[VALOR],tabela_registros[MÊS],$AE$1,tabela_registros[DIA],jantotal[[#Headers],[22]],tabela_registros[REGISTRO],DADOS!$N$5) -> 0 | AA25: =SUMIFS(tabela_registros[VALOR],tabela_registros[MÊS],$AE$1,tabela_registros[DIA],jantotal[[#Headers],[23]],tabela_registros[REGISTRO],DADOS!$N$5) -> 34.214286 | AB25: =SUMIFS(tabela_registros[VALOR],tabela_registros[MÊS],$AE$1,tabela_registros[DIA],jantotal[[#Headers],[24]],tabela_registros[REGISTRO],DADOS!$N$5) -> 0 | AC25: =SUMIFS(tabela_registros[VALOR],tabela_registros[MÊS],$AE$1,tabela_registros[DIA],jantotal[[#Headers],[25]],tabela_registros[REGISTRO],DADOS!$N$5) -> 19.5 | AD25: =SUMIFS(tabela_registros[VALOR],tabela_registros[MÊS],$AE$1,tabela_registros[DIA],jantotal[[#Headers],[26]],tabela_registros[REGISTRO],DADOS!$N$5) -> 12.142857 | AE25: =SUMIFS(tabela_registros[VALOR],tabela_registros[MÊS],$AE$1,tabela_registros[DIA],jantotal[[#Headers],[27]],tabela_registros[REGISTRO],DADOS!$N$5) -> 4.7857143 | AF25: =SUMIFS(tabela_registros[VALOR],tabela_registros[MÊS],$AE$1,tabela_registros[DIA],jantotal[[#Headers],[28]],tabela_registros[REGISTRO],DADOS!$N$5) -> 50 | AG25: =SUMIFS(tabela_registros[VALOR],tabela_registros[MÊS],$AE$1,tabela_registros[DIA],jantotal[[#Headers],[29]],tabela_registros[REGISTRO],DADOS!$N$5) -> 0 | AH25: =SUMIFS(tabela_registros[VALOR],tabela_registros[MÊS],$AE$1,tabela_registros[DIA],jantotal[[#Headers],[30]],tabela_registros[REGISTRO],DADOS!$N$5) -> 0 | AI25: =SUMIFS(tabela_registros[VALOR],tabela_registros[MÊS],$AE$1,tabela_registros[DIA],jantotal[[#Headers],[31]],tabela_registros[REGISTRO],DADOS!$N$5) -> 0 | AJ25: =SUM(E25:AI25) -> 730.64286
C26: RESERVA EMERGÊNCIA | E26: =SUMIFS(tabela_registros[VALOR],tabela_registros[MÊS],$AE$1,tabela_registros[DIA],jantotal[[#Headers],[1]],tabela_registros[REGISTRO],DADOS!$N$6) -> 1478 | F26: =SUMIFS(tabela_registros[VALOR],tabela_registros[MÊS],$AE$1,tabela_registros[DIA],jantotal[[#Headers],[2]],tabela_registros[REGISTRO],DADOS!$N$6) -> 0 | G26: =SUMIFS(tabela_registros[VALOR],tabela_registros[MÊS],$AE$1,tabela_registros[DIA],jantotal[[#Headers],[3]],tabela_registros[REGISTRO],DADOS!$N$6) -> 25 | H26: =SUMIFS(tabela_registros[VALOR],tabela_registros[MÊS],$AE$1,tabela_registros[DIA],jantotal[[#Headers],[4]],tabela_registros[REGISTRO],DADOS!$N$6) -> 38 | I26: =SUMIFS(tabela_registros[VALOR],tabela_registros[MÊS],$AE$1,tabela_registros[DIA],jantotal[[#Headers],[5]],tabela_registros[REGISTRO],DADOS!$N$6) -> 0 | J26: =SUMIFS(tabela_registros[VALOR],tabela_registros[MÊS],$AE$1,tabela_registros[DIA],jantotal[[#Headers],[6]],tabela_registros[REGISTRO],DADOS!$N$6) -> 150 | K26: =SUMIFS(tabela_registros[VALOR],tabela_registros[MÊS],$AE$1,tabela_registros[DIA],jantotal[[#Headers],[7]],tabela_registros[REGISTRO],DADOS!$N$6) -> 0 | L26: =SUMIFS(tabela_registros[VALOR],tabela_registros[MÊS],$AE$1,tabela_registros[DIA],jantotal[[#Headers],[8]],tabela_registros[REGISTRO],DADOS!$N$6) -> 0 | M26: =SUMIFS(tabela_registros[VALOR],tabela_registros[MÊS],$AE$1,tabela_registros[DIA],jantotal[[#Headers],[9]],tabela_registros[REGISTRO],DADOS!$N$6) -> 0 | N26: =SUMIFS(tabela_registros[VALOR],tabela_registros[MÊS],$AE$1,tabela_registros[DIA],jantotal[[#Headers],[10]],tabela_registros[REGISTRO],DADOS!$N$6) -> 0 | O26: =SUMIFS(tabela_registros[VALOR],tabela_registros[MÊS],$AE$1,tabela_registros[DIA],jantotal[[#Headers],[11]],tabela_registros[REGISTRO],DADOS!$N$6) -> 0 | P26: =SUMIFS(tabela_registros[VALOR],tabela_registros[MÊS],$AE$1,tabela_registros[DIA],jantotal[[#Headers],[12]],tabela_registros[REGISTRO],DADOS!$N$6) -> 0 | Q26: =SUMIFS(tabela_registros[VALOR],tabela_registros[MÊS],$AE$1,tabela_registros[DIA],jantotal[[#Headers],[13]],tabela_registros[REGISTRO],DADOS!$N$6) -> 0 | R26: =SUMIFS(tabela_registros[VALOR],tabela_registros[MÊS],$AE$1,tabela_registros[DIA],jantotal[[#Headers],[14]],tabela_registros[REGISTRO],DADOS!$N$6) -> 0 | S26: =SUMIFS(tabela_registros[VALOR],tabela_registros[MÊS],$AE$1,tabela_registros[DIA],jantotal[[#Headers],[15]],tabela_registros[REGISTRO],DADOS!$N$6) -> 600 | T26: =SUMIFS(tabela_registros[VALOR],tabela_registros[MÊS],$AE$1,tabela_registros[DIA],jantotal[[#Headers],[16]],tabela_registros[REGISTRO],DADOS!$N$6) -> 0 | U26: =SUMIFS(tabela_registros[VALOR],tabela_registros[MÊS],$AE$1,tabela_registros[DIA],jantotal[[#Headers],[17]],tabela_registros[REGISTRO],DADOS!$N$6) -> 0 | V26: =SUMIFS(tabela_registros[VALOR],tabela_registros[MÊS],$AE$1,tabela_registros[DIA],jantotal[[#Headers],[18]],tabela_registros[REGISTRO],DADOS!$N$6) -> 0 | W26: =SUMIFS(tabela_registros[VALOR],tabela_registros[MÊS],$AE$1,tabela_registros[DIA],jantotal[[#Headers],[19]],tabela_registros[REGISTRO],DADOS!$N$6) -> 0 | X26: =SUMIFS(tabela_registros[VALOR],tabela_registros[MÊS],$AE$1,tabela_registros[DIA],jantotal[[#Headers],[20]],tabela_registros[REGISTRO],DADOS!$N$6) -> 0 | Y26: =SUMIFS(tabela_registros[VALOR],tabela_registros[MÊS],$AE$1,tabela_registros[DIA],jantotal[[#Headers],[21]],tabela_registros[REGISTRO],DADOS!$N$6) -> 0 | Z26: =SUMIFS(tabela_registros[VALOR],tabela_registros[MÊS],$AE$1,tabela_registros[DIA],jantotal[[#Headers],[22]],tabela_registros[REGISTRO],DADOS!$N$6) -> 0 | AA26: =SUMIFS(tabela_registros[VALOR],tabela_registros[MÊS],$AE$1,tabela_registros[DIA],jantotal[[#Headers],[23]],tabela_registros[REGISTRO],DADOS!$N$6) -> 0 | AB26: =SUMIFS(tabela_registros[VALOR],tabela_registros[MÊS],$AE$1,tabela_registros[DIA],jantotal[[#Headers],[24]],tabela_registros[REGISTRO],DADOS!$N$6) -> 211 | AC26: =SUMIFS(tabela_registros[VALOR],tabela_registros[MÊS],$AE$1,tabela_registros[DIA],jantotal[[#Headers],[25]],tabela_registros[REGISTRO],DADOS!$N$6) -> 0 | AD26: =SUMIFS(tabela_registros[VALOR],tabela_registros[MÊS],$AE$1,tabela_registros[DIA],jantotal[[#Headers],[26]],tabela_registros[REGISTRO],DADOS!$N$6) -> 0 | AE26: =SUMIFS(tabela_registros[VALOR],tabela_registros[MÊS],$AE$1,tabela_registros[DIA],jantotal[[#Headers],[27]],tabela_registros[REGISTRO],DADOS!$N$6) -> 0 | AF26: =SUMIFS(tabela_registros[VALOR],tabela_registros[MÊS],$AE$1,tabela_registros[DIA],jantotal[[#Headers],[28]],tabela_registros[REGISTRO],DADOS!$N$6) -> 0 | AG26: =SUMIFS(tabela_registros[VALOR],tabela_registros[MÊS],$AE$1,tabela_registros[DIA],jantotal[[#Headers],[29]],tabela_registros[REGISTRO],DADOS!$N$6) -> 0 | AH26: =SUMIFS(tabela_registros[VALOR],tabela_registros[MÊS],$AE$1,tabela_registros[DIA],jantotal[[#Headers],[30]],tabela_registros[REGISTRO],DADOS!$N$6) -> 0 | AI26: =SUMIFS(tabela_registros[VALOR],tabela_registros[MÊS],$AE$1,tabela_registros[DIA],jantotal[[#Headers],[31]],tabela_registros[REGISTRO],DADOS!$N$6) -> 0 | AJ26: =SUM(E26:AI26) -> 2502
C27: TOTAL | E27: =SUM(E25:E26) -> 1834 | F27: =SUM(F25:F26)+janinvestir[[#This Row],[1]] -> 2088 | G27: =SUM(G25:G26)+janinvestir[[#This Row],[2]] -> 2113 | H27: =SUM(H25:H26)+janinvestir[[#This Row],[3]] -> 2151 | I27: =SUM(I25:I26)+janinvestir[[#This Row],[4]] -> 2151 | J27: =SUM(J25:J26)+janinvestir[[#This Row],[5]] -> 2301 | K27: =SUM(K25:K26)+janinvestir[[#This Row],[6]] -> 2301 | L27: =SUM(L25:L26)+janinvestir[[#This Row],[7]] -> 2301 | M27: =SUM(M25:M26)+janinvestir[[#This Row],[8]] -> 2301 | N27: =SUM(N25:N26)+janinvestir[[#This Row],[9]] -> 2301 | O27: =SUM(O25:O26)+janinvestir[[#This Row],[10]] -> 2301 | P27: =SUM(P25:P26)+janinvestir[[#This Row],[11]] -> 2301 | Q27: =SUM(Q25:Q26)+janinvestir[[#This Row],[12]] -> 2301 | R27: =SUM(R25:R26)+janinvestir[[#This Row],[13]] -> 2301 | S27: =SUM(S25:S26)+janinvestir[[#This Row],[14]] -> 2901 | T27: =SUM(T25:T26)+janinvestir[[#This Row],[15]] -> 2901 | U27: =SUM(U25:U26)+janinvestir[[#This Row],[16]] -> 2901 | V27: =SUM(V25:V26)+janinvestir[[#This Row],[17]] -> 2901 | W27: =SUM(W25:W26)+janinvestir[[#This Row],[18]] -> 2901 | X27: =SUM(X25:X26)+janinvestir[[#This Row],[19]] -> 2901 | Y27: =SUM(Y25:Y26)+janinvestir[[#This Row],[20]] -> 2901 | Z27: =SUM(Z25:Z26)+janinvestir[[#This Row],[21]] -> 2901 | AA27: =SUM(AA25:AA26)+janinvestir[[#This Row],[22]] -> 2935.2143 | AB27: =SUM(AB25:AB26)+janinvestir[[#This Row],[23]] -> 3146.2143 | AC27: =SUM(AC25:AC26)+janinvestir[[#This Row],[24]] -> 3165.7143 | AD27: =SUM(AD25:AD26)+janinvestir[[#This Row],[25]] -> 3177.8571 | AE27: =SUM(AE25:AE26)+janinvestir[[#This Row],[26]] -> 3182.6429 | AF27: =SUM(AF25:AF26)+janinvestir[[#This Row],[27]] -> 3232.6429 | AG27: =SUM(AG25:AG26)+janinvestir[[#This Row],[28]] -> 3232.6429 | AH27: =SUM(AH25:AH26)+janinvestir[[#This Row],[29]] -> 3232.6429 | AI27: =SUM(AI25:AI26)+janinvestir[[#This Row],[30]] -> 3232.6429 | AJ27: =janinvestir[[#This Row],[31]] -> 3232.6429
C28: SALDO | E28: =SUBTOTAL(109,janinvestir[1]) -> 3668 | F28: =SUBTOTAL(109,janinvestir[2]) -> 2342 | G28: =SUBTOTAL(109,janinvestir[3]) -> 2138 | H28: =SUBTOTAL(109,janinvestir[4]) -> 2189 | I28: =SUBTOTAL(109,janinvestir[5]) -> 2151 | J28: =SUBTOTAL(109,janinvestir[6]) -> 2451 | K28: =SUBTOTAL(109,janinvestir[7]) -> 2301 | L28: =SUBTOTAL(109,janinvestir[8]) -> 2301 | M28: =SUBTOTAL(109,janinvestir[9]) -> 2301 | N28: =SUBTOTAL(109,janinvestir[10]) -> 2301 | O28: =SUBTOTAL(109,janinvestir[11]) -> 2301 | P28: =SUBTOTAL(109,janinvestir[12]) -> 2301 | Q28: =SUBTOTAL(109,janinvestir[13]) -> 2301 | R28: =SUBTOTAL(109,janinvestir[14]) -> 2301 | S28: =SUBTOTAL(109,janinvestir[15]) -> 3501 | T28: =SUBTOTAL(109,janinvestir[16]) -> 2901 | U28: =SUBTOTAL(109,janinvestir[17]) -> 2901 | V28: =SUBTOTAL(109,janinvestir[18]) -> 2901 | W28: =SUBTOTAL(109,janinvestir[19]) -> 2901 | X28: =SUBTOTAL(109,janinvestir[20]) -> 2901 | Y28: =SUBTOTAL(109,janinvestir[21]) -> 2901 | Z28: =SUBTOTAL(109,janinvestir[22]) -> 2901 | AA28: =SUBTOTAL(109,janinvestir[23]) -> 2969.4286 | AB28: =SUBTOTAL(109,janinvestir[24]) -> 3357.2143 | AC28: =SUBTOTAL(109,janinvestir[25]) -> 3185.2143 | AD28: =SUBTOTAL(109,janinvestir[26]) -> 3190 | AE28: =SUBTOTAL(109,janinvestir[27]) -> 3187.4286 | AF28: =SUBTOTAL(109,janinvestir[28]) -> 3282.6429 | AG28: =SUBTOTAL(109,janinvestir[29]) -> 3232.6429 | AH28: =SUBTOTAL(109,janinvestir[30]) -> 3232.6429 | AI28: =SUBTOTAL(109,janinvestir[31]) -> 3232.6429 | AJ28: =SUBTOTAL(109,janinvestir[TOTAL (R$)]) -> 6465.2857
AJ33: TOTAL
AJ34: 🔽
C36: DESPESA FIXA | D36: Coluna1 | E36: 1 | F36: 2 | G36: 3 | H36: 4 | I36: 5 | J36: 6 | K36: 7 | L36: 8 | M36: 9 | N36: 10 | O36: 11 | P36: 12 | Q36: 13 | R36: 14 | S36: 15 | T36: 16 | U36: 17 | V36: 18 | W36: 19 | X36: 20 | Y36: 21 | Z36: 22 | AA36: 23 | AB36: 24 | AC36: 25 | AD36: 26 | AE36: 27 | AF36: 28 | AG36: 29 | AH36: 30 | AI36: 31 | AJ36: TOTAL | AK36: PAGO
C37: =DADOS!$R$3 -> 💧 ÁGUA | D37: =IF(despesafixaconsolidado[[#This Row],[TOTAL]]=0,"",IF(OR(despesafixaconsolidado[[#This Row],[TOTAL]]=LARGE($AJ$37:$AJ$50,1),despesafixaconsolidado[[#This Row],[TOTAL]]=LARGE($AJ$37:$AJ$50,2),despesafixaconsolidado[[#This Row],[TOTAL]]=LARGE($AJ$37:$AJ$50,3),despesafixaconsolidado[[#This Row],[TOTAL]]=LARGE($AJ$37:$AJ$50,4),despesafixaconsolidado[[#This Row],[TOTAL]]=LARGE($AJ$37:$AJ$50,5)),DADOS!$I$8,"")) -> 💣 | E37: =SUMIFS(tabela_registros[VALOR],tabela_registros[MÊS],$AE$1,tabela_registros[DIA],jantotal[[#Headers],[1]],tabela_registros[REGISTRO],DADOS!$N$4,tabela_registros[TIPO],DADOS!$P$3,tabela_registros[CATEGORIA],despesafixaconsolidado[[#This Row],[DESPESA FIXA]]) -> 0 | F37: =SUMIFS(tabela_registros[VALOR],tabela_registros[MÊS],$AE$1,tabela_registros[DIA],jantotal[[#Headers],[2]],tabela_registros[REGISTRO],DADOS!$N$4,tabela_registros[TIPO],DADOS!$P$3,tabela_registros[CATEGORIA],despesafixaconsolidado[[#This Row],[DESPESA FIXA]]) -> 0 | G37: =SUMIFS(tabela_registros[VALOR],tabela_registros[MÊS],$AE$1,tabela_registros[DIA],jantotal[[#Headers],[3]],tabela_registros[REGISTRO],DADOS!$N$4,tabela_registros[TIPO],DADOS!$P$3,tabela_registros[CATEGORIA],despesafixaconsolidado[[#This Row],[DESPESA FIXA]]) -> 0 | H37: =SUMIFS(tabela_registros[VALOR],tabela_registros[MÊS],$AE$1,tabela_registros[DIA],jantotal[[#Headers],[4]],tabela_registros[REGISTRO],DADOS!$N$4,tabela_registros[TIPO],DADOS!$P$3,tabela_registros[CATEGORIA],despesafixaconsolidado[[#This Row],[DESPESA FIXA]]) -> 0 | I37: =SUMIFS(tabela_registros[VALOR],tabela_registros[MÊS],$AE$1,tabela_registros[DIA],jantotal[[#Headers],[5]],tabela_registros[REGISTRO],DADOS!$N$4,tabela_registros[TIPO],DADOS!$P$3,tabela_registros[CATEGORIA],despesafixaconsolidado[[#This Row],[DESPESA FIXA]]) -> 0 | J37: =SUMIFS(tabela_registros[VALOR],tabela_registros[MÊS],$AE$1,tabela_registros[DIA],jantotal[[#Headers],[6]],tabela_registros[REGISTRO],DADOS!$N$4,tabela_registros[TIPO],DADOS!$P$3,tabela_registros[CATEGORIA],despesafixaconsolidado[[#This Row],[DESPESA FIXA]]) -> 0 | K37: =SUMIFS(tabela_registros[VALOR],tabela_registros[MÊS],$AE$1,tabela_registros[DIA],jantotal[[#Headers],[7]],tabela_registros[REGISTRO],DADOS!$N$4,tabela_registros[TIPO],DADOS!$P$3,tabela_registros[CATEGORIA],despesafixaconsolidado[[#This Row],[DESPESA FIXA]]) -> 89 | L37: =SUMIFS(tabela_registros[VALOR],tabela_registros[MÊS],$AE$1,tabela_registros[DIA],jantotal[[#Headers],[8]],tabela_registros[REGISTRO],DADOS!$N$4,tabela_registros[TIPO],DADOS!$P$3,tabela_registros[CATEGORIA],despesafixaconsolidado[[#This Row],[DESPESA FIXA]]) -> 0 | M37: =SUMIFS(tabela_registros[VALOR],tabela_registros[MÊS],$AE$1,tabela_registros[DIA],jantotal[[#Headers],[9]],tabela_registros[REGISTRO],DADOS!$N$4,tabela_registros[TIPO],DADOS!$P$3,tabela_registros[CATEGORIA],despesafixaconsolidado[[#This Row],[DESPESA FIXA]]) -> 0 | N37: =SUMIFS(tabela_registros[VALOR],tabela_registros[MÊS],$AE$1,tabela_registros[DIA],jantotal[[#Headers],[10]],tabela_registros[REGISTRO],DADOS!$N$4,tabela_registros[TIPO],DADOS!$P$3,tabela_registros[CATEGORIA],despesafixaconsolidado[[#This Row],[DESPESA FIXA]]) -> 0 | O37: =SUMIFS(tabela_registros[VALOR],tabela_registros[MÊS],$AE$1,tabela_registros[DIA],jantotal[[#Headers],[11]],tabela_registros[REGISTRO],DADOS!$N$4,tabela_registros[TIPO],DADOS!$P$3,tabela_registros[CATEGORIA],despesafixaconsolidado[[#This Row],[DESPESA FIXA]]) -> 0 | P37: =SUMIFS(tabela_registros[VALOR],tabela_registros[MÊS],$AE$1,tabela_registros[DIA],jantotal[[#Headers],[12]],tabela_registros[REGISTRO],DADOS!$N$4,tabela_registros[TIPO],DADOS!$P$3,tabela_registros[CATEGORIA],despesafixaconsolidado[[#This Row],[DESPESA FIXA]]) -> 0 | Q37: =SUMIFS(tabela_registros[VALOR],tabela_registros[MÊS],$AE$1,tabela_registros[DIA],jantotal[[#Headers],[13]],tabela_registros[REGISTRO],DADOS!$N$4,tabela_registros[TIPO],DADOS!$P$3,tabela_registros[CATEGORIA],despesafixaconsolidado[[#This Row],[DESPESA FIXA]]) -> 0 | R37: =SUMIFS(tabela_registros[VALOR],tabela_registros[MÊS],$AE$1,tabela_registros[DIA],jantotal[[#Headers],[14]],tabela_registros[REGISTRO],DADOS!$N$4,tabela_registros[TIPO],DADOS!$P$3,tabela_registros[CATEGORIA],despesafixaconsolidado[[#This Row],[DESPESA FIXA]]) -> 0 | S37: =SUMIFS(tabela_registros[VALOR],tabela_registros[MÊS],$AE$1,tabela_registros[DIA],jantotal[[#Headers],[15]],tabela_registros[REGISTRO],DADOS!$N$4,tabela_registros[TIPO],DADOS!$P$3,tabela_registros[CATEGORIA],despesafixaconsolidado[[#This Row],[DESPESA FIXA]]) -> 0 | T37: =SUMIFS(tabela_registros[VALOR],tabela_registros[MÊS],$AE$1,tabela_registros[DIA],jantotal[[#Headers],[16]],tabela_registros[REGISTRO],DADOS!$N$4,tabela_registros[TIPO],DADOS!$P$3,tabela_registros[CATEGORIA],despesafixaconsolidado[[#This Row],[DESPESA FIXA]]) -> 0 | U37: =SUMIFS(tabela_registros[VALOR],tabela_registros[MÊS],$AE$1,tabela_registros[DIA],jantotal[[#Headers],[17]],tabela_registros[REGISTRO],DADOS!$N$4,tabela_registros[TIPO],DADOS!$P$3,tabela_registros[CATEGORIA],despesafixaconsolidado[[#This Row],[DESPESA FIXA]]) -> 0 | V37: =SUMIFS(tabela_registros[VALOR],tabela_registros[MÊS],$AE$1,tabela_registros[DIA],jantotal[[#Headers],[18]],tabela_registros[REGISTRO],DADOS!$N$4,tabela_registros[TIPO],DADOS!$P$3,tabela_registros[CATEGORIA],despesafixaconsolidado[[#This Row],[DESPESA FIXA]]) -> 0 | W37: =SUMIFS(tabela_registros[VALOR],tabela_registros[MÊS],$AE$1,tabela_registros[DIA],jantotal[[#Headers],[19]],tabela_registros[REGISTRO],DADOS!$N$4,tabela_registros[TIPO],DADOS!$P$3,tabela_registros[CATEGORIA],despesafixaconsolidado[[#This Row],[DESPESA FIXA]]) -> 0 | X37: =SUMIFS(tabela_registros[VALOR],tabela_registros[MÊS],$AE$1,tabela_registros[DIA],jantotal[[#Headers],[20]],tabela_registros[REGISTRO],DADOS!$N$4,tabela_registros[TIPO],DADOS!$P$3,tabela_registros[CATEGORIA],despesafixaconsolidado[[#This Row],[DESPESA FIXA]]) -> 0 | Y37: =SUMIFS(tabela_registros[VALOR],tabela_registros[MÊS],$AE$1,tabela_registros[DIA],jantotal[[#Headers],[21]],tabela_registros[REGISTRO],DADOS!$N$4,tabela_registros[TIPO],DADOS!$P$3,tabela_registros[CATEGORIA],despesafixaconsolidado[[#This Row],[DESPESA FIXA]]) -> 0 | Z37: =SUMIFS(tabela_registros[VALOR],tabela_registros[MÊS],$AE$1,tabela_registros[DIA],jantotal[[#Headers],[22]],tabela_registros[REGISTRO],DADOS!$N$4,tabela_registros[TIPO],DADOS!$P$3,tabela_registros[CATEGORIA],despesafixaconsolidado[[#This Row],[DESPESA FIXA]]) -> 0 | AA37: =SUMIFS(tabela_registros[VALOR],tabela_registros[MÊS],$AE$1,tabela_registros[DIA],jantotal[[#Headers],[23]],tabela_registros[REGISTRO],DADOS!$N$4,tabela_registros[TIPO],DADOS!$P$3,tabela_registros[CATEGORIA],despesafixaconsolidado[[#This Row],[DESPESA FIXA]]) -> 0 | AB37: =SUMIFS(tabela_registros[VALOR],tabela_registros[MÊS],$AE$1,tabela_registros[DIA],jantotal[[#Headers],[24]],tabela_registros[REGISTRO],DADOS!$N$4,tabela_registros[TIPO],DADOS!$P$3,tabela_registros[CATEGORIA],despesafixaconsolidado[[#This Row],[DESPESA FIXA]]) -> 0 | AC37: =SUMIFS(tabela_registros[VALOR],tabela_registros[MÊS],$AE$1,tabela_registros[DIA],jantotal[[#Headers],[25]],tabela_registros[REGISTRO],DADOS!$N$4,tabela_registros[TIPO],DADOS!$P$3,tabela_registros[CATEGORIA],despesafixaconsolidado[[#This Row],[DESPESA FIXA]]) -> 0 | AD37: =SUMIFS(tabela_registros[VALOR],tabela_registros[MÊS],$AE$1,tabela_registros[DIA],jantotal[[#Headers],[26]],tabela_registros[REGISTRO],DADOS!$N$4,tabela_registros[TIPO],DADOS!$P$3,tabela_registros[CATEGORIA],despesafixaconsolidado[[#This Row],[DESPESA FIXA]]) -> 0 | AE37: =SUMIFS(tabela_registros[VALOR],tabela_registros[MÊS],$AE$1,tabela_registros[DIA],jantotal[[#Headers],[27]],tabela_registros[REGISTRO],DADOS!$N$4,tabela_registros[TIPO],DADOS!$P$3,tabela_registros[CATEGORIA],despesafixaconsolidado[[#This Row],[DESPESA FIXA]]) -> 0 | AF37: =SUMIFS(tabela_registros[VALOR],tabela_registros[MÊS],$AE$1,tabela_registros[DIA],jantotal[[#Headers],[28]],tabela_registros[REGISTRO],DADOS!$N$4,tabela_registros[TIPO],DADOS!$P$3,tabela_registros[CATEGORIA],despesafixaconsolidado[[#This Row],[DESPESA FIXA]]) -> 0 | AG37: =SUMIFS(tabela_registros[VALOR],tabela_registros[MÊS],$AE$1,tabela_registros[DIA],jantotal[[#Headers],[29]],tabela_registros[REGISTRO],DADOS!$N$4,tabela_registros[TIPO],DADOS!$P$3,tabela_registros[CATEGORIA],despesafixaconsolidado[[#This Row],[DESPESA FIXA]]) -> 0 | AH37: =SUMIFS(tabela_registros[VALOR],tabela_registros[MÊS],$AE$1,tabela_registros[DIA],jantotal[[#Headers],[30]],tabela_registros[REGISTRO],DADOS!$N$4,tabela_registros[TIPO],DADOS!$P$3,tabela_registros[CATEGORIA],despesafixaconsolidado[[#This Row],[DESPESA FIXA]]) -> 0 | AI37: =SUMIFS(tabela_registros[VALOR],tabela_registros[MÊS],$AE$1,tabela_registros[DIA],jantotal[[#Headers],[31]],tabela_registros[REGISTRO],DADOS!$N$4,tabela_registros[TIPO],DADOS!$P$3,tabela_registros[CATEGORIA],despesafixaconsolidado[[#This Row],[DESPESA FIXA]]) -> 0 | AJ37: =SUM(despesafixaconsolidado[[#This Row],[1]:[31]]) -> 89
C38: =DADOS!$R$4 -> 🐶 ANIMAIS DE ESTIMAÇÃO | D38: =IF(despesafixaconsolidado[[#This Row],[TOTAL]]=0,"",IF(OR(despesafixaconsolidado[[#This Row],[TOTAL]]=LARGE($AJ$37:$AJ$50,1),despesafixaconsolidado[[#This Row],[TOTAL]]=LARGE($AJ$37:$AJ$50,2),despesafixaconsolidado[[#This Row],[TOTAL]]=LARGE($AJ$37:$AJ$50,3),despesafixaconsolidado[[#This Row],[TOTAL]]=LARGE($AJ$37:$AJ$50,4),despesafixaconsolidado[[#This Row],[TOTAL]]=LARGE($AJ$37:$AJ$50,5)),DADOS!$I$8,"")) | E38: =SUMIFS(tabela_registros[VALOR],tabela_registros[MÊS],$AE$1,tabela_registros[DIA],jantotal[[#Headers],[1]],tabela_registros[REGISTRO],DADOS!$N$4,tabela_registros[TIPO],DADOS!$P$3,tabela_registros[CATEGORIA],despesafixaconsolidado[[#This Row],[DESPESA FIXA]]) -> 0 | F38: =SUMIFS(tabela_registros[VALOR],tabela_registros[MÊS],$AE$1,tabela_registros[DIA],jantotal[[#Headers],[2]],tabela_registros[REGISTRO],DADOS!$N$4,tabela_registros[TIPO],DADOS!$P$3,tabela_registros[CATEGORIA],despesafixaconsolidado[[#This Row],[DESPESA FIXA]]) -> 0 | G38: =SUMIFS(tabela_registros[VALOR],tabela_registros[MÊS],$AE$1,tabela_registros[DIA],jantotal[[#Headers],[3]],tabela_registros[REGISTRO],DADOS!$N$4,tabela_registros[TIPO],DADOS!$P$3,tabela_registros[CATEGORIA],despesafixaconsolidado[[#This Row],[DESPESA FIXA]]) -> 0 | H38: =SUMIFS(tabela_registros[VALOR],tabela_registros[MÊS],$AE$1,tabela_registros[DIA],jantotal[[#Headers],[4]],tabela_registros[REGISTRO],DADOS!$N$4,tabela_registros[TIPO],DADOS!$P$3,tabela_registros[CATEGORIA],despesafixaconsolidado[[#This Row],[DESPESA FIXA]]) -> 0 | I38: =SUMIFS(tabela_registros[VALOR],tabela_registros[MÊS],$AE$1,tabela_registros[DIA],jantotal[[#Headers],[5]],tabela_registros[REGISTRO],DADOS!$N$4,tabela_registros[TIPO],DADOS!$P$3,tabela_registros[CATEGORIA],despesafixaconsolidado[[#This Row],[DESPESA FIXA]]) -> 0 | J38: =SUMIFS(tabela_registros[VALOR],tabela_registros[MÊS],$AE$1,tabela_registros[DIA],jantotal[[#Headers],[6]],tabela_registros[REGISTRO],DADOS!$N$4,tabela_registros[TIPO],DADOS!$P$3,tabela_registros[CATEGORIA],despesafixaconsolidado[[#This Row],[DESPESA FIXA]]) -> 0 | K38: =SUMIFS(tabela_registros[VALOR],tabela_registros[MÊS],$AE$1,tabela_registros[DIA],jantotal[[#Headers],[7]],tabela_registros[REGISTRO],DADOS!$N$4,tabela_registros[TIPO],DADOS!$P$3,tabela_registros[CATEGORIA],despesafixaconsolidado[[#This Row],[DESPESA FIXA]]) -> 0 | L38: =SUMIFS(tabela_registros[VALOR],tabela_registros[MÊS],$AE$1,tabela_registros[DIA],jantotal[[#Headers],[8]],tabela_registros[REGISTRO],DADOS!$N$4,tabela_registros[TIPO],DADOS!$P$3,tabela_registros[CATEGORIA],despesafixaconsolidado[[#This Row],[DESPESA FIXA]]) -> 0 | M38: =SUMIFS(tabela_registros[VALOR],tabela_registros[MÊS],$AE$1,tabela_registros[DIA],jantotal[[#Headers],[9]],tabela_registros[REGISTRO],DADOS!$N$4,tabela_registros[TIPO],DADOS!$P$3,tabela_registros[CATEGORIA],despesafixaconsolidado[[#This Row],[DESPESA FIXA]]) -> 0 | N38: =SUMIFS(tabela_registros[VALOR],tabela_registros[MÊS],$AE$1,tabela_registros[DIA],jantotal[[#Headers],[10]],tabela_registros[REGISTRO],DADOS!$N$4,tabela_registros[TIPO],DADOS!$P$3,tabela_registros[CATEGORIA],despesafixaconsolidado[[#This Row],[DESPESA FIXA]]) -> 0 | O38: =SUMIFS(tabela_registros[VALOR],tabela_registros[MÊS],$AE$1,tabela_registros[DIA],jantotal[[#Headers],[11]],tabela_registros[REGISTRO],DADOS!$N$4,tabela_registros[TIPO],DADOS!$P$3,tabela_registros[CATEGORIA],despesafixaconsolidado[[#This Row],[DESPESA FIXA]]) -> 0 | P38: =SUMIFS(tabela_registros[VALOR],tabela_registros[MÊS],$AE$1,tabela_registros[DIA],jantotal[[#Headers],[12]],tabela_registros[REGISTRO],DADOS!$N$4,tabela_registros[TIPO],DADOS!$P$3,tabela_registros[CATEGORIA],despesafixaconsolidado[[#This Row],[DESPESA FIXA]]) -> 0 | Q38: =SUMIFS(tabela_registros[VALOR],tabela_registros[MÊS],$AE$1,tabela_registros[DIA],jantotal[[#Headers],[13]],tabela_registros[REGISTRO],DADOS!$N$4,tabela_registros[TIPO],DADOS!$P$3,tabela_registros[CATEGORIA],despesafixaconsolidado[[#This Row],[DESPESA FIXA]]) -> 0 | R38: =SUMIFS(tabela_registros[VALOR],tabela_registros[MÊS],$AE$1,tabela_registros[DIA],jantotal[[#Headers],[14]],tabela_registros[REGISTRO],DADOS!$N$4,tabela_registros[TIPO],DADOS!$P$3,tabela_registros[CATEGORIA],despesafixaconsolidado[[#This Row],[DESPESA FIXA]]) -> 0 | S38: =SUMIFS(tabela_registros[VALOR],tabela_registros[MÊS],$AE$1,tabela_registros[DIA],jantotal[[#Headers],[15]],tabela_registros[REGISTRO],DADOS!$N$4,tabela_registros[TIPO],DADOS!$P$3,tabela_registros[CATEGORIA],despesafixaconsolidado[[#This Row],[DESPESA FIXA]]) -> 0 | T38: =SUMIFS(tabela_registros[VALOR],tabela_registros[MÊS],$AE$1,tabela_registros[DIA],jantotal[[#Headers],[16]],tabela_registros[REGISTRO],DADOS!$N$4,tabela_registros[TIPO],DADOS!$P$3,tabela_registros[CATEGORIA],despesafixaconsolidado[[#This Row],[DESPESA FIXA]]) -> 0 | U38: =SUMIFS(tabela_registros[VALOR],tabela_registros[MÊS],$AE$1,tabela_registros[DIA],jantotal[[#Headers],[17]],tabela_registros[REGISTRO],DADOS!$N$4,tabela_registros[TIPO],DADOS!$P$3,tabela_registros[CATEGORIA],despesafixaconsolidado[[#This Row],[DESPESA FIXA]]) -> 0 | V38: =SUMIFS(tabela_registros[VALOR],tabela_registros[MÊS],$AE$1,tabela_registros[DIA],jantotal[[#Headers],[18]],tabela_registros[REGISTRO],DADOS!$N$4,tabela_registros[TIPO],DADOS!$P$3,tabela_registros[CATEGORIA],despesafixaconsolidado[[#This Row],[DESPESA FIXA]]) -> 0 | W38: =SUMIFS(tabela_registros[VALOR],tabela_registros[MÊS],$AE$1,tabela_registros[DIA],jantotal[[#Headers],[19]],tabela_registros[REGISTRO],DADOS!$N$4,tabela_registros[TIPO],DADOS!$P$3,tabela_registros[CATEGORIA],despesafixaconsolidado[[#This Row],[DESPESA FIXA]]) -> 0 | X38: =SUMIFS(tabela_registros[VALOR],tabela_registros[MÊS],$AE$1,tabela_registros[DIA],jantotal[[#Headers],[20]],tabela_registros[REGISTRO],DADOS!$N$4,tabela_registros[TIPO],DADOS!$P$3,tabela_registros[CATEGORIA],despesafixaconsolidado[[#This Row],[DESPESA FIXA]]) -> 0 | Y38: =SUMIFS(tabela_registros[VALOR],tabela_registros[MÊS],$AE$1,tabela_registros[DIA],jantotal[[#Headers],[21]],tabela_registros[REGISTRO],DADOS!$N$4,tabela_registros[TIPO],DADOS!$P$3,tabela_registros[CATEGORIA],despesafixaconsolidado[[#This Row],[DESPESA FIXA]]) -> 0 | Z38: =SUMIFS(tabela_registros[VALOR],tabela_registros[MÊS],$AE$1,tabela_registros[DIA],jantotal[[#Headers],[22]],tabela_registros[REGISTRO],DADOS!$N$4,tabela_registros[TIPO],DADOS!$P$3,tabela_registros[CATEGORIA],despesafixaconsolidado[[#This Row],[DESPESA FIXA]]) -> 0 | AA38: =SUMIFS(tabela_registros[VALOR],tabela_registros[MÊS],$AE$1,tabela_registros[DIA],jantotal[[#Headers],[23]],tabela_registros[REGISTRO],DADOS!$N$4,tabela_registros[TIPO],DADOS!$P$3,tabela_registros[CATEGORIA],despesafixaconsolidado[[#This Row],[DESPESA FIXA]]) -> 0 | AB38: =SUMIFS(tabela_registros[VALOR],tabela_registros[MÊS],$AE$1,tabela_registros[DIA],jantotal[[#Headers],[24]],tabela_registros[REGISTRO],DADOS!$N$4,tabela_registros[TIPO],DADOS!$P$3,tabela_registros[CATEGORIA],despesafixaconsolidado[[#This Row],[DESPESA FIXA]]) -> 0 | AC38: =SUMIFS(tabela_registros[VALOR],tabela_registros[MÊS],$AE$1,tabela_registros[DIA],jantotal[[#Headers],[25]],tabela_registros[REGISTRO],DADOS!$N$4,tabela_registros[TIPO],DADOS!$P$3,tabela_registros[CATEGORIA],despesafixaconsolidado[[#This Row],[DESPESA FIXA]]) -> 0 | AD38: =SUMIFS(tabela_registros[VALOR],tabela_registros[MÊS],$AE$1,tabela_registros[DIA],jantotal[[#Headers],[26]],tabela_registros[REGISTRO],DADOS!$N$4,tabela_registros[TIPO],DADOS!$P$3,tabela_registros[CATEGORIA],despesafixaconsolidado[[#This Row],[DESPESA FIXA]]) -> 0 | AE38: =SUMIFS(tabela_registros[VALOR],tabela_registros[MÊS],$AE$1,tabela_registros[DIA],jantotal[[#Headers],[27]],tabela_registros[REGISTRO],DADOS!$N$4,tabela_registros[TIPO],DADOS!$P$3,tabela_registros[CATEGORIA],despesafixaconsolidado[[#This Row],[DESPESA FIXA]]) -> 0 | AF38: =SUMIFS(tabela_registros[VALOR],tabela_registros[MÊS],$AE$1,tabela_registros[DIA],jantotal[[#Headers],[28]],tabela_registros[REGISTRO],DADOS!$N$4,tabela_registros[TIPO],DADOS!$P$3,tabela_registros[CATEGORIA],despesafixaconsolidado[[#This Row],[DESPESA FIXA]]) -> 0 | AG38: =SUMIFS(tabela_registros[VALOR],tabela_registros[MÊS],$AE$1,tabela_registros[DIA],jantotal[[#Headers],[29]],tabela_registros[REGISTRO],DADOS!$N$4,tabela_registros[TIPO],DADOS!$P$3,tabela_registros[CATEGORIA],despesafixaconsolidado[[#This Row],[DESPESA FIXA]]) -> 0 | AH38: =SUMIFS(tabela_registros[VALOR],tabela_registros[MÊS],$AE$1,tabela_registros[DIA],jantotal[[#Headers],[30]],tabela_registros[REGISTRO],DADOS!$N$4,tabela_registros[TIPO],DADOS!$P$3,tabela_registros[CATEGORIA],despesafixaconsolidado[[#This Row],[DESPESA FIXA]]) -> 0 | AI38: =SUMIFS(tabela_registros[VALOR],tabela_registros[MÊS],$AE$1,tabela_registros[DIA],jantotal[[#Headers],[31]],tabela_registros[REGISTRO],DADOS!$N$4,tabela_registros[TIPO],DADOS!$P$3,tabela_registros[CATEGORIA],despesafixaconsolidado[[#This Row],[DESPESA FIXA]]) -> 0 | AJ38: =SUM(despesafixaconsolidado[[#This Row],[1]:[31]]) -> 0
C39: =DADOS!$R$5 -> 🔖 ASSINATURAS E SERVIÇOS | D39: =IF(despesafixaconsolidado[[#This Row],[TOTAL]]=0,"",IF(OR(despesafixaconsolidado[[#This Row],[TOTAL]]=LARGE($AJ$37:$AJ$50,1),despesafixaconsolidado[[#This Row],[TOTAL]]=LARGE($AJ$37:$AJ$50,2),despesafixaconsolidado[[#This Row],[TOTAL]]=LARGE($AJ$37:$AJ$50,3),despesafixaconsolidado[[#This Row],[TOTAL]]=LARGE($AJ$37:$AJ$50,4),despesafixaconsolidado[[#This Row],[TOTAL]]=LARGE($AJ$37:$AJ$50,5)),DADOS!$I$8,"")) -> 💣 | E39: =SUMIFS(tabela_registros[VALOR],tabela_registros[MÊS],$AE$1,tabela_registros[DIA],jantotal[[#Headers],[1]],tabela_registros[REGISTRO],DADOS!$N$4,tabela_registros[TIPO],DADOS!$P$3,tabela_registros[CATEGORIA],despesafixaconsolidado[[#This Row],[DESPESA FIXA]]) -> 0 | F39: =SUMIFS(tabela_registros[VALOR],tabela_registros[MÊS],$AE$1,tabela_registros[DIA],jantotal[[#Headers],[2]],tabela_registros[REGISTRO],DADOS!$N$4,tabela_registros[TIPO],DADOS!$P$3,tabela_registros[CATEGORIA],despesafixaconsolidado[[#This Row],[DESPESA FIXA]]) -> 0 | G39: =SUMIFS(tabela_registros[VALOR],tabela_registros[MÊS],$AE$1,tabela_registros[DIA],jantotal[[#Headers],[3]],tabela_registros[REGISTRO],DADOS!$N$4,tabela_registros[TIPO],DADOS!$P$3,tabela_registros[CATEGORIA],despesafixaconsolidado[[#This Row],[DESPESA FIXA]]) -> 0 | H39: =SUMIFS(tabela_registros[VALOR],tabela_registros[MÊS],$AE$1,tabela_registros[DIA],jantotal[[#Headers],[4]],tabela_registros[REGISTRO],DADOS!$N$4,tabela_registros[TIPO],DADOS!$P$3,tabela_registros[CATEGORIA],despesafixaconsolidado[[#This Row],[DESPESA FIXA]]) -> 0 | I39: =SUMIFS(tabela_registros[VALOR],tabela_registros[MÊS],$AE$1,tabela_registros[DIA],jantotal[[#Headers],[5]],tabela_registros[REGISTRO],DADOS!$N$4,tabela_registros[TIPO],DADOS!$P$3,tabela_registros[CATEGORIA],despesafixaconsolidado[[#This Row],[DESPESA FIXA]]) -> 0 | J39: =SUMIFS(tabela_registros[VALOR],tabela_registros[MÊS],$AE$1,tabela_registros[DIA],jantotal[[#Headers],[6]],tabela_registros[REGISTRO],DADOS!$N$4,tabela_registros[TIPO],DADOS!$P$3,tabela_registros[CATEGORIA],despesafixaconsolidado[[#This Row],[DESPESA FIXA]]) -> 0 | K39: =SUMIFS(tabela_registros[VALOR],tabela_registros[MÊS],$AE$1,tabela_registros[DIA],jantotal[[#Headers],[7]],tabela_registros[REGISTRO],DADOS!$N$4,tabela_registros[TIPO],DADOS!$P$3,tabela_registros[CATEGORIA],despesafixaconsolidado[[#This Row],[DESPESA FIXA]]) -> 0 | L39: =SUMIFS(tabela_registros[VALOR],tabela_registros[MÊS],$AE$1,tabela_registros[DIA],jantotal[[#Headers],[8]],tabela_registros[REGISTRO],DADOS!$N$4,tabela_registros[TIPO],DADOS!$P$3,tabela_registros[CATEGORIA],despesafixaconsolidado[[#This Row],[DESPESA FIXA]]) -> 0 | M39: =SUMIFS(tabela_registros[VALOR],tabela_registros[MÊS],$AE$1,tabela_registros[DIA],jantotal[[#Headers],[9]],tabela_registros[REGISTRO],DADOS!$N$4,tabela_registros[TIPO],DADOS!$P$3,tabela_registros[CATEGORIA],despesafixaconsolidado[[#This Row],[DESPESA FIXA]]) -> 0 | N39: =SUMIFS(tabela_registros[VALOR],tabela_registros[MÊS],$AE$1,tabela_registros[DIA],jantotal[[#Headers],[10]],tabela_registros[REGISTRO],DADOS!$N$4,tabela_registros[TIPO],DADOS!$P$3,tabela_registros[CATEGORIA],despesafixaconsolidado[[#This Row],[DESPESA FIXA]]) -> 0 | O39: =SUMIFS(tabela_registros[VALOR],tabela_registros[MÊS],$AE$1,tabela_registros[DIA],jantotal[[#Headers],[11]],tabela_registros[REGISTRO],DADOS!$N$4,tabela_registros[TIPO],DADOS!$P$3,tabela_registros[CATEGORIA],despesafixaconsolidado[[#This Row],[DESPESA FIXA]]) -> 0 | P39: =SUMIFS(tabela_registros[VALOR],tabela_registros[MÊS],$AE$1,tabela_registros[DIA],jantotal[[#Headers],[12]],tabela_registros[REGISTRO],DADOS!$N$4,tabela_registros[TIPO],DADOS!$P$3,tabela_registros[CATEGORIA],despesafixaconsolidado[[#This Row],[DESPESA FIXA]]) -> 0 | Q39: =SUMIFS(tabela_registros[VALOR],tabela_registros[MÊS],$AE$1,tabela_registros[DIA],jantotal[[#Headers],[13]],tabela_registros[REGISTRO],DADOS!$N$4,tabela_registros[TIPO],DADOS!$P$3,tabela_registros[CATEGORIA],despesafixaconsolidado[[#This Row],[DESPESA FIXA]]) -> 0 | R39: =SUMIFS(tabela_registros[VALOR],tabela_registros[MÊS],$AE$1,tabela_registros[DIA],jantotal[[#Headers],[14]],tabela_registros[REGISTRO],DADOS!$N$4,tabela_registros[TIPO],DADOS!$P$3,tabela_registros[CATEGORIA],despesafixaconsolidado[[#This Row],[DESPESA FIXA]]) -> 100.42857 | S39: =SUMIFS(tabela_registros[VALOR],tabela_registros[MÊS],$AE$1,tabela_registros[DIA],jantotal[[#Headers],[15]],tabela_registros[REGISTRO],DADOS!$N$4,tabela_registros[TIPO],DADOS!$P$3,tabela_registros[CATEGORIA],despesafixaconsolidado[[#This Row],[DESPESA FIXA]]) -> 0 | T39: =SUMIFS(tabela_registros[VALOR],tabela_registros[MÊS],$AE$1,tabela_registros[DIA],jantotal[[#Headers],[16]],tabela_registros[REGISTRO],DADOS!$N$4,tabela_registros[TIPO],DADOS!$P$3,tabela_registros[CATEGORIA],despesafixaconsolidado[[#This Row],[DESPESA FIXA]]) -> 0 | U39: =SUMIFS(tabela_registros[VALOR],tabela_registros[MÊS],$AE$1,tabela_registros[DIA],jantotal[[#Headers],[17]],tabela_registros[REGISTRO],DADOS!$N$4,tabela_registros[TIPO],DADOS!$P$3,tabela_registros[CATEGORIA],despesafixaconsolidado[[#This Row],[DESPESA FIXA]]) -> 0 | V39: =SUMIFS(tabela_registros[VALOR],tabela_registros[MÊS],$AE$1,tabela_registros[DIA],jantotal[[#Headers],[18]],tabela_registros[REGISTRO],DADOS!$N$4,tabela_registros[TIPO],DADOS!$P$3,tabela_registros[CATEGORIA],despesafixaconsolidado[[#This Row],[DESPESA FIXA]]) -> 0 | W39: =SUMIFS(tabela_registros[VALOR],tabela_registros[MÊS],$AE$1,tabela_registros[DIA],jantotal[[#Headers],[19]],tabela_registros[REGISTRO],DADOS!$N$4,tabela_registros[TIPO],DADOS!$P$3,tabela_registros[CATEGORIA],despesafixaconsolidado[[#This Row],[DESPESA FIXA]]) -> 0 | X39: =SUMIFS(tabela_registros[VALOR],tabela_registros[MÊS],$AE$1,tabela_registros[DIA],jantotal[[#Headers],[20]],tabela_registros[REGISTRO],DADOS!$N$4,tabela_registros[TIPO],DADOS!$P$3,tabela_registros[CATEGORIA],despesafixaconsolidado[[#This Row],[DESPESA FIXA]]) -> 0 | Y39: =SUMIFS(tabela_registros[VALOR],tabela_registros[MÊS],$AE$1,tabela_registros[DIA],jantotal[[#Headers],[21]],tabela_registros[REGISTRO],DADOS!$N$4,tabela_registros[TIPO],DADOS!$P$3,tabela_registros[CATEGORIA],despesafixaconsolidado[[#This Row],[DESPESA FIXA]]) -> 0 | Z39: =SUMIFS(tabela_registros[VALOR],tabela_registros[MÊS],$AE$1,tabela_registros[DIA],jantotal[[#Headers],[22]],tabela_registros[REGISTRO],DADOS!$N$4,tabela_registros[TIPO],DADOS!$P$3,tabela_registros[CATEGORIA],despesafixaconsolidado[[#This Row],[DESPESA FIXA]]) -> 0 | AA39: =SUMIFS(tabela_registros[VALOR],tabela_registros[MÊS],$AE$1,tabela_registros[DIA],jantotal[[#Headers],[23]],tabela_registros[REGISTRO],DADOS!$N$4,tabela_registros[TIPO],DADOS!$P$3,tabela_registros[CATEGORIA],despesafixaconsolidado[[#This Row],[DESPESA FIXA]]) -> 0 | AB39: =SUMIFS(tabela_registros[VALOR],tabela_registros[MÊS],$AE$1,tabela_registros[DIA],jantotal[[#Headers],[24]],tabela_registros[REGISTRO],DADOS!$N$4,tabela_registros[TIPO],DADOS!$P$3,tabela_registros[CATEGORIA],despesafixaconsolidado[[#This Row],[DESPESA FIXA]]) -> 0 | AC39: =SUMIFS(tabela_registros[VALOR],tabela_registros[MÊS],$AE$1,tabela_registros[DIA],jantotal[[#Headers],[25]],tabela_registros[REGISTRO],DADOS!$N$4,tabela_registros[TIPO],DADOS!$P$3,tabela_registros[CATEGORIA],despesafixaconsolidado[[#This Row],[DESPESA FIXA]]) -> 0 | AD39: =SUMIFS(tabela_registros[VALOR],tabela_registros[MÊS],$AE$1,tabela_registros[DIA],jantotal[[#Headers],[26]],tabela_registros[REGISTRO],DADOS!$N$4,tabela_registros[TIPO],DADOS!$P$3,tabela_registros[CATEGORIA],despesafixaconsolidado[[#This Row],[DESPESA FIXA]]) -> 0 | AE39: =SUMIFS(tabela_registros[VALOR],tabela_registros[MÊS],$AE$1,tabela_registros[DIA],jantotal[[#Headers],[27]],tabela_registros[REGISTRO],DADOS!$N$4,tabela_registros[TIPO],DADOS!$P$3,tabela_registros[CATEGORIA],despesafixaconsolidado[[#This Row],[DESPESA FIXA]]) -> 0 | AF39: =SUMIFS(tabela_registros[VALOR],tabela_registros[MÊS],$AE$1,tabela_registros[DIA],jantotal[[#Headers],[28]],tabela_registros[REGISTRO],DADOS!$N$4,tabela_registros[TIPO],DADOS!$P$3,tabela_registros[CATEGORIA],despesafixaconsolidado[[#This Row],[DESPESA FIXA]]) -> 0 | AG39: =SUMIFS(tabela_registros[VALOR],tabela_registros[MÊS],$AE$1,tabela_registros[DIA],jantotal[[#Headers],[29]],tabela_registros[REGISTRO],DADOS!$N$4,tabela_registros[TIPO],DADOS!$P$3,tabela_registros[CATEGORIA],despesafixaconsolidado[[#This Row],[DESPESA FIXA]]) -> 0 | AH39: =SUMIFS(tabela_registros[VALOR],tabela_registros[MÊS],$AE$1,tabela_registros[DIA],jantotal[[#Headers],[30]],tabela_registros[REGISTRO],DADOS!$N$4,tabela_registros[TIPO],DADOS!$P$3,tabela_registros[CATEGORIA],despesafixaconsolidado[[#This Row],[DESPESA FIXA]]) -> 0 | AI39: =SUMIFS(tabela_registros[VALOR],tabela_registros[MÊS],$AE$1,tabela_registros[DIA],jantotal[[#Headers],[31]],tabela_registros[REGISTRO],DADOS!$N$4,tabela_registros[TIPO],DADOS!$P$3,tabela_registros[CATEGORIA],despesafixaconsolidado[[#This Row],[DESPESA FIXA]]) -> 0 | AJ39: =SUM(despesafixaconsolidado[[#This Row],[1]:[31]]) -> 100.42857
C40: =DADOS!$R$6 -> 📱 CELULAR | D40: =IF(despesafixaconsolidado[[#This Row],[TOTAL]]=0,"",IF(OR(despesafixaconsolidado[[#This Row],[TOTAL]]=LARGE($AJ$37:$AJ$50,1),despesafixaconsolidado[[#This Row],[TOTAL]]=LARGE($AJ$37:$AJ$50,2),despesafixaconsolidado[[#This Row],[TOTAL]]=LARGE($AJ$37:$AJ$50,3),despesafixaconsolidado[[#This Row],[TOTAL]]=LARGE($AJ$37:$AJ$50,4),despesafixaconsolidado[[#This Row],[TOTAL]]=LARGE($AJ$37:$AJ$50,5)),DADOS!$I$8,"")) | E40: =SUMIFS(tabela_registros[VALOR],tabela_registros[MÊS],$AE$1,tabela_registros[DIA],jantotal[[#Headers],[1]],tabela_registros[REGISTRO],DADOS!$N$4,tabela_registros[TIPO],DADOS!$P$3,tabela_registros[CATEGORIA],despesafixaconsolidado[[#This Row],[DESPESA FIXA]]) -> 0 | F40: =SUMIFS(tabela_registros[VALOR],tabela_registros[MÊS],$AE$1,tabela_registros[DIA],jantotal[[#Headers],[2]],tabela_registros[REGISTRO],DADOS!$N$4,tabela_registros[TIPO],DADOS!$P$3,tabela_registros[CATEGORIA],despesafixaconsolidado[[#This Row],[DESPESA FIXA]]) -> 0 | G40: =SUMIFS(tabela_registros[VALOR],tabela_registros[MÊS],$AE$1,tabela_registros[DIA],jantotal[[#Headers],[3]],tabela_registros[REGISTRO],DADOS!$N$4,tabela_registros[TIPO],DADOS!$P$3,tabela_registros[CATEGORIA],despesafixaconsolidado[[#This Row],[DESPESA FIXA]]) -> 0 | H40: =SUMIFS(tabela_registros[VALOR],tabela_registros[MÊS],$AE$1,tabela_registros[DIA],jantotal[[#Headers],[4]],tabela_registros[REGISTRO],DADOS!$N$4,tabela_registros[TIPO],DADOS!$P$3,tabela_registros[CATEGORIA],despesafixaconsolidado[[#This Row],[DESPESA FIXA]]) -> 0 | I40: =SUMIFS(tabela_registros[VALOR],tabela_registros[MÊS],$AE$1,tabela_registros[DIA],jantotal[[#Headers],[5]],tabela_registros[REGISTRO],DADOS!$N$4,tabela_registros[TIPO],DADOS!$P$3,tabela_registros[CATEGORIA],despesafixaconsolidado[[#This Row],[DESPESA FIXA]]) -> 0 | J40: =SUMIFS(tabela_registros[VALOR],tabela_registros[MÊS],$AE$1,tabela_registros[DIA],jantotal[[#Headers],[6]],tabela_registros[REGISTRO],DADOS!$N$4,tabela_registros[TIPO],DADOS!$P$3,tabela_registros[CATEGORIA],despesafixaconsolidado[[#This Row],[DESPESA FIXA]]) -> 0 | K40: =SUMIFS(tabela_registros[VALOR],tabela_registros[MÊS],$AE$1,tabela_registros[DIA],jantotal[[#Headers],[7]],tabela_registros[REGISTRO],DADOS!$N$4,tabela_registros[TIPO],DADOS!$P$3,tabela_registros[CATEGORIA],despesafixaconsolidado[[#This Row],[DESPESA FIXA]]) -> 0 | L40: =SUMIFS(tabela_registros[VALOR],tabela_registros[MÊS],$AE$1,tabela_registros[DIA],jantotal[[#Headers],[8]],tabela_registros[REGISTRO],DADOS!$N$4,tabela_registros[TIPO],DADOS!$P$3,tabela_registros[CATEGORIA],despesafixaconsolidado[[#This Row],[DESPESA FIXA]]) -> 0 | M40: =SUMIFS(tabela_registros[VALOR],tabela_registros[MÊS],$AE$1,tabela_registros[DIA],jantotal[[#Headers],[9]],tabela_registros[REGISTRO],DADOS!$N$4,tabela_registros[TIPO],DADOS!$P$3,tabela_registros[CATEGORIA],despesafixaconsolidado[[#This Row],[DESPESA FIXA]]) -> 0 | N40: =SUMIFS(tabela_registros[VALOR],tabela_registros[MÊS],$AE$1,tabela_registros[DIA],jantotal[[#Headers],[10]],tabela_registros[REGISTRO],DADOS!$N$4,tabela_registros[TIPO],DADOS!$P$3,tabela_registros[CATEGORIA],despesafixaconsolidado[[#This Row],[DESPESA FIXA]]) -> 0 | O40: =SUMIFS(tabela_registros[VALOR],tabela_registros[MÊS],$AE$1,tabela_registros[DIA],jantotal[[#Headers],[11]],tabela_registros[REGISTRO],DADOS!$N$4,tabela_registros[TIPO],DADOS!$P$3,tabela_registros[CATEGORIA],despesafixaconsolidado[[#This Row],[DESPESA FIXA]]) -> 0 | P40: =SUMIFS(tabela_registros[VALOR],tabela_registros[MÊS],$AE$1,tabela_registros[DIA],jantotal[[#Headers],[12]],tabela_registros[REGISTRO],DADOS!$N$4,tabela_registros[TIPO],DADOS!$P$3,tabela_registros[CATEGORIA],despesafixaconsolidado[[#This Row],[DESPESA FIXA]]) -> 0 | Q40: =SUMIFS(tabela_registros[VALOR],tabela_registros[MÊS],$AE$1,tabela_registros[DIA],jantotal[[#Headers],[13]],tabela_registros[REGISTRO],DADOS!$N$4,tabela_registros[TIPO],DADOS!$P$3,tabela_registros[CATEGORIA],despesafixaconsolidado[[#This Row],[DESPESA FIXA]]) -> 0 | R40: =SUMIFS(tabela_registros[VALOR],tabela_registros[MÊS],$AE$1,tabela_registros[DIA],jantotal[[#Headers],[14]],tabela_registros[REGISTRO],DADOS!$N$4,tabela_registros[TIPO],DADOS!$P$3,tabela_registros[CATEGORIA],despesafixaconsolidado[[#This Row],[DESPESA FIXA]]) -> 0 | S40: =SUMIFS(tabela_registros[VALOR],tabela_registros[MÊS],$AE$1,tabela_registros[DIA],jantotal[[#Headers],[15]],tabela_registros[REGISTRO],DADOS!$N$4,tabela_registros[TIPO],DADOS!$P$3,tabela_registros[CATEGORIA],despesafixaconsolidado[[#This Row],[DESPESA FIXA]]) -> 0 | T40: =SUMIFS(tabela_registros[VALOR],tabela_registros[MÊS],$AE$1,tabela_registros[DIA],jantotal[[#Headers],[16]],tabela_registros[REGISTRO],DADOS!$N$4,tabela_registros[TIPO],DADOS!$P$3,tabela_registros[CATEGORIA],despesafixaconsolidado[[#This Row],[DESPESA FIXA]]) -> 0 | U40: =SUMIFS(tabela_registros[VALOR],tabela_registros[MÊS],$AE$1,tabela_registros[DIA],jantotal[[#Headers],[17]],tabela_registros[REGISTRO],DADOS!$N$4,tabela_registros[TIPO],DADOS!$P$3,tabela_registros[CATEGORIA],despesafixaconsolidado[[#This Row],[DESPESA FIXA]]) -> 0 | V40: =SUMIFS(tabela_registros[VALOR],tabela_registros[MÊS],$AE$1,tabela_registros[DIA],jantotal[[#Headers],[18]],tabela_registros[REGISTRO],DADOS!$N$4,tabela_registros[TIPO],DADOS!$P$3,tabela_registros[CATEGORIA],despesafixaconsolidado[[#This Row],[DESPESA FIXA]]) -> 0 | W40: =SUMIFS(tabela_registros[VALOR],tabela_registros[MÊS],$AE$1,tabela_registros[DIA],jantotal[[#Headers],[19]],tabela_registros[REGISTRO],DADOS!$N$4,tabela_registros[TIPO],DADOS!$P$3,tabela_registros[CATEGORIA],despesafixaconsolidado[[#This Row],[DESPESA FIXA]]) -> 0 | X40: =SUMIFS(tabela_registros[VALOR],tabela_registros[MÊS],$AE$1,tabela_registros[DIA],jantotal[[#Headers],[20]],tabela_registros[REGISTRO],DADOS!$N$4,tabela_registros[TIPO],DADOS!$P$3,tabela_registros[CATEGORIA],despesafixaconsolidado[[#This Row],[DESPESA FIXA]]) -> 0 | Y40: =SUMIFS(tabela_registros[VALOR],tabela_registros[MÊS],$AE$1,tabela_registros[DIA],jantotal[[#Headers],[21]],tabela_registros[REGISTRO],DADOS!$N$4,tabela_registros[TIPO],DADOS!$P$3,tabela_registros[CATEGORIA],despesafixaconsolidado[[#This Row],[DESPESA FIXA]]) -> 0 | Z40: =SUMIFS(tabela_registros[VALOR],tabela_registros[MÊS],$AE$1,tabela_registros[DIA],jantotal[[#Headers],[22]],tabela_registros[REGISTRO],DADOS!$N$4,tabela_registros[TIPO],DADOS!$P$3,tabela_registros[CATEGORIA],despesafixaconsolidado[[#This Row],[DESPESA FIXA]]) -> 0 | AA40: =SUMIFS(tabela_registros[VALOR],tabela_registros[MÊS],$AE$1,tabela_registros[DIA],jantotal[[#Headers],[23]],tabela_registros[REGISTRO],DADOS!$N$4,tabela_registros[TIPO],DADOS!$P$3,tabela_registros[CATEGORIA],despesafixaconsolidado[[#This Row],[DESPESA FIXA]]) -> 0 | AB40: =SUMIFS(tabela_registros[VALOR],tabela_registros[MÊS],$AE$1,tabela_registros[DIA],jantotal[[#Headers],[24]],tabela_registros[REGISTRO],DADOS!$N$4,tabela_registros[TIPO],DADOS!$P$3,tabela_registros[CATEGORIA],despesafixaconsolidado[[#This Row],[DESPESA FIXA]]) -> 0 | AC40: =SUMIFS(tabela_registros[VALOR],tabela_registros[MÊS],$AE$1,tabela_registros[DIA],jantotal[[#Headers],[25]],tabela_registros[REGISTRO],DADOS!$N$4,tabela_registros[TIPO],DADOS!$P$3,tabela_registros[CATEGORIA],despesafixaconsolidado[[#This Row],[DESPESA FIXA]]) -> 0 | AD40: =SUMIFS(tabela_registros[VALOR],tabela_registros[MÊS],$AE$1,tabela_registros[DIA],jantotal[[#Headers],[26]],tabela_registros[REGISTRO],DADOS!$N$4,tabela_registros[TIPO],DADOS!$P$3,tabela_registros[CATEGORIA],despesafixaconsolidado[[#This Row],[DESPESA FIXA]]) -> 0 | AE40: =SUMIFS(tabela_registros[VALOR],tabela_registros[MÊS],$AE$1,tabela_registros[DIA],jantotal[[#Headers],[27]],tabela_registros[REGISTRO],DADOS!$N$4,tabela_registros[TIPO],DADOS!$P$3,tabela_registros[CATEGORIA],despesafixaconsolidado[[#This Row],[DESPESA FIXA]]) -> 0 | AF40: =SUMIFS(tabela_registros[VALOR],tabela_registros[MÊS],$AE$1,tabela_registros[DIA],jantotal[[#Headers],[28]],tabela_registros[REGISTRO],DADOS!$N$4,tabela_registros[TIPO],DADOS!$P$3,tabela_registros[CATEGORIA],despesafixaconsolidado[[#This Row],[DESPESA FIXA]]) -> 0 | AG40: =SUMIFS(tabela_registros[VALOR],tabela_registros[MÊS],$AE$1,tabela_registros[DIA],jantotal[[#Headers],[29]],tabela_registros[REGISTRO],DADOS!$N$4,tabela_registros[TIPO],DADOS!$P$3,tabela_registros[CATEGORIA],despesafixaconsolidado[[#This Row],[DESPESA FIXA]]) -> 0 | AH40: =SUMIFS(tabela_registros[VALOR],tabela_registros[MÊS],$AE$1,tabela_registros[DIA],jantotal[[#Headers],[30]],tabela_registros[REGISTRO],DADOS!$N$4,tabela_registros[TIPO],DADOS!$P$3,tabela_registros[CATEGORIA],despesafixaconsolidado[[#This Row],[DESPESA FIXA]]) -> 0 | AI40: =SUMIFS(tabela_registros[VALOR],tabela_registros[MÊS],$AE$1,tabela_registros[DIA],jantotal[[#Headers],[31]],tabela_registros[REGISTRO],DADOS!$N$4,tabela_registros[TIPO],DADOS!$P$3,tabela_registros[CATEGORIA],despesafixaconsolidado[[#This Row],[DESPESA FIXA]]) -> 0 | AJ40: =SUM(despesafixaconsolidado[[#This Row],[1]:[31]]) -> 0
C41: =DADOS!$R$7 -> 📖 EDUCAÇÃO | D41: =IF(despesafixaconsolidado[[#This Row],[TOTAL]]=0,"",IF(OR(despesafixaconsolidado[[#This Row],[TOTAL]]=LARGE($AJ$37:$AJ$50,1),despesafixaconsolidado[[#This Row],[TOTAL]]=LARGE($AJ$37:$AJ$50,2),despesafixaconsolidado[[#This Row],[TOTAL]]=LARGE($AJ$37:$AJ$50,3),despesafixaconsolidado[[#This Row],[TOTAL]]=LARGE($AJ$37:$AJ$50,4),despesafixaconsolidado[[#This Row],[TOTAL]]=LARGE($AJ$37:$AJ$50,5)),DADOS!$I$8,"")) | E41: =SUMIFS(tabela_registros[VALOR],tabela_registros[MÊS],$AE$1,tabela_registros[DIA],jantotal[[#Headers],[1]],tabela_registros[REGISTRO],DADOS!$N$4,tabela_registros[TIPO],DADOS!$P$3,tabela_registros[CATEGORIA],despesafixaconsolidado[[#This Row],[DESPESA FIXA]]) -> 0 | F41: =SUMIFS(tabela_registros[VALOR],tabela_registros[MÊS],$AE$1,tabela_registros[DIA],jantotal[[#Headers],[2]],tabela_registros[REGISTRO],DADOS!$N$4,tabela_registros[TIPO],DADOS!$P$3,tabela_registros[CATEGORIA],despesafixaconsolidado[[#This Row],[DESPESA FIXA]]) -> 0 | G41: =SUMIFS(tabela_registros[VALOR],tabela_registros[MÊS],$AE$1,tabela_registros[DIA],jantotal[[#Headers],[3]],tabela_registros[REGISTRO],DADOS!$N$4,tabela_registros[TIPO],DADOS!$P$3,tabela_registros[CATEGORIA],despesafixaconsolidado[[#This Row],[DESPESA FIXA]]) -> 0 | H41: =SUMIFS(tabela_registros[VALOR],tabela_registros[MÊS],$AE$1,tabela_registros[DIA],jantotal[[#Headers],[4]],tabela_registros[REGISTRO],DADOS!$N$4,tabela_registros[TIPO],DADOS!$P$3,tabela_registros[CATEGORIA],despesafixaconsolidado[[#This Row],[DESPESA FIXA]]) -> 0 | I41: =SUMIFS(tabela_registros[VALOR],tabela_registros[MÊS],$AE$1,tabela_registros[DIA],jantotal[[#Headers],[5]],tabela_registros[REGISTRO],DADOS!$N$4,tabela_registros[TIPO],DADOS!$P$3,tabela_registros[CATEGORIA],despesafixaconsolidado[[#This Row],[DESPESA FIXA]]) -> 0 | J41: =SUMIFS(tabela_registros[VALOR],tabela_registros[MÊS],$AE$1,tabela_registros[DIA],jantotal[[#Headers],[6]],tabela_registros[REGISTRO],DADOS!$N$4,tabela_registros[TIPO],DADOS!$P$3,tabela_registros[CATEGORIA],despesafixaconsolidado[[#This Row],[DESPESA FIXA]]) -> 0 | K41: =SUMIFS(tabela_registros[VALOR],tabela_registros[MÊS],$AE$1,tabela_registros[DIA],jantotal[[#Headers],[7]],tabela_registros[REGISTRO],DADOS!$N$4,tabela_registros[TIPO],DADOS!$P$3,tabela_registros[CATEGORIA],despesafixaconsolidado[[#This Row],[DESPESA FIXA]]) -> 0 | L41: =SUMIFS(tabela_registros[VALOR],tabela_registros[MÊS],$AE$1,tabela_registros[DIA],jantotal[[#Headers],[8]],tabela_registros[REGISTRO],DADOS!$N$4,tabela_registros[TIPO],DADOS!$P$3,tabela_registros[CATEGORIA],despesafixaconsolidado[[#This Row],[DESPESA FIXA]]) -> 0 | M41: =SUMIFS(tabela_registros[VALOR],tabela_registros[MÊS],$AE$1,tabela_registros[DIA],jantotal[[#Headers],[9]],tabela_registros[REGISTRO],DADOS!$N$4,tabela_registros[TIPO],DADOS!$P$3,tabela_registros[CATEGORIA],despesafixaconsolidado[[#This Row],[DESPESA FIXA]]) -> 0 | N41: =SUMIFS(tabela_registros[VALOR],tabela_registros[MÊS],$AE$1,tabela_registros[DIA],jantotal[[#Headers],[10]],tabela_registros[REGISTRO],DADOS!$N$4,tabela_registros[TIPO],DADOS!$P$3,tabela_registros[CATEGORIA],despesafixaconsolidado[[#This Row],[DESPESA FIXA]]) -> 0 | O41: =SUMIFS(tabela_registros[VALOR],tabela_registros[MÊS],$AE$1,tabela_registros[DIA],jantotal[[#Headers],[11]],tabela_registros[REGISTRO],DADOS!$N$4,tabela_registros[TIPO],DADOS!$P$3,tabela_registros[CATEGORIA],despesafixaconsolidado[[#This Row],[DESPESA FIXA]]) -> 0 | P41: =SUMIFS(tabela_registros[VALOR],tabela_registros[MÊS],$AE$1,tabela_registros[DIA],jantotal[[#Headers],[12]],tabela_registros[REGISTRO],DADOS!$N$4,tabela_registros[TIPO],DADOS!$P$3,tabela_registros[CATEGORIA],despesafixaconsolidado[[#This Row],[DESPESA FIXA]]) -> 0 | Q41: =SUMIFS(tabela_registros[VALOR],tabela_registros[MÊS],$AE$1,tabela_registros[DIA],jantotal[[#Headers],[13]],tabela_registros[REGISTRO],DADOS!$N$4,tabela_registros[TIPO],DADOS!$P$3,tabela_registros[CATEGORIA],despesafixaconsolidado[[#This Row],[DESPESA FIXA]]) -> 0 | R41: =SUMIFS(tabela_registros[VALOR],tabela_registros[MÊS],$AE$1,tabela_registros[DIA],jantotal[[#Headers],[14]],tabela_registros[REGISTRO],DADOS!$N$4,tabela_registros[TIPO],DADOS!$P$3,tabela_registros[CATEGORIA],despesafixaconsolidado[[#This Row],[DESPESA FIXA]]) -> 0 | S41: =SUMIFS(tabela_registros[VALOR],tabela_registros[MÊS],$AE$1,tabela_registros[DIA],jantotal[[#Headers],[15]],tabela_registros[REGISTRO],DADOS!$N$4,tabela_registros[TIPO],DADOS!$P$3,tabela_registros[CATEGORIA],despesafixaconsolidado[[#This Row],[DESPESA FIXA]]) -> 0 | T41: =SUMIFS(tabela_registros[VALOR],tabela_registros[MÊS],$AE$1,tabela_registros[DIA],jantotal[[#Headers],[16]],tabela_registros[REGISTRO],DADOS!$N$4,tabela_registros[TIPO],DADOS!$P$3,tabela_registros[CATEGORIA],despesafixaconsolidado[[#This Row],[DESPESA FIXA]]) -> 0 | U41: =SUMIFS(tabela_registros[VALOR],tabela_registros[MÊS],$AE$1,tabela_registros[DIA],jantotal[[#Headers],[17]],tabela_registros[REGISTRO],DADOS!$N$4,tabela_registros[TIPO],DADOS!$P$3,tabela_registros[CATEGORIA],despesafixaconsolidado[[#This Row],[DESPESA FIXA]]) -> 0 | V41: =SUMIFS(tabela_registros[VALOR],tabela_registros[MÊS],$AE$1,tabela_registros[DIA],jantotal[[#Headers],[18]],tabela_registros[REGISTRO],DADOS!$N$4,tabela_registros[TIPO],DADOS!$P$3,tabela_registros[CATEGORIA],despesafixaconsolidado[[#This Row],[DESPESA FIXA]]) -> 0 | W41: =SUMIFS(tabela_registros[VALOR],tabela_registros[MÊS],$AE$1,tabela_registros[DIA],jantotal[[#Headers],[19]],tabela_registros[REGISTRO],DADOS!$N$4,tabela_registros[TIPO],DADOS!$P$3,tabela_registros[CATEGORIA],despesafixaconsolidado[[#This Row],[DESPESA FIXA]]) -> 0 | X41: =SUMIFS(tabela_registros[VALOR],tabela_registros[MÊS],$AE$1,tabela_registros[DIA],jantotal[[#Headers],[20]],tabela_registros[REGISTRO],DADOS!$N$4,tabela_registros[TIPO],DADOS!$P$3,tabela_registros[CATEGORIA],despesafixaconsolidado[[#This Row],[DESPESA FIXA]]) -> 0 | Y41: =SUMIFS(tabela_registros[VALOR],tabela_registros[MÊS],$AE$1,tabela_registros[DIA],jantotal[[#Headers],[21]],tabela_registros[REGISTRO],DADOS!$N$4,tabela_registros[TIPO],DADOS!$P$3,tabela_registros[CATEGORIA],despesafixaconsolidado[[#This Row],[DESPESA FIXA]]) -> 0 | Z41: =SUMIFS(tabela_registros[VALOR],tabela_registros[MÊS],$AE$1,tabela_registros[DIA],jantotal[[#Headers],[22]],tabela_registros[REGISTRO],DADOS!$N$4,tabela_registros[TIPO],DADOS!$P$3,tabela_registros[CATEGORIA],despesafixaconsolidado[[#This Row],[DESPESA FIXA]]) -> 0 | AA41: =SUMIFS(tabela_registros[VALOR],tabela_registros[MÊS],$AE$1,tabela_registros[DIA],jantotal[[#Headers],[23]],tabela_registros[REGISTRO],DADOS!$N$4,tabela_registros[TIPO],DADOS!$P$3,tabela_registros[CATEGORIA],despesafixaconsolidado[[#This Row],[DESPESA FIXA]]) -> 0 | AB41: =SUMIFS(tabela_registros[VALOR],tabela_registros[MÊS],$AE$1,tabela_registros[DIA],jantotal[[#Headers],[24]],tabela_registros[REGISTRO],DADOS!$N$4,tabela_registros[TIPO],DADOS!$P$3,tabela_registros[CATEGORIA],despesafixaconsolidado[[#This Row],[DESPESA FIXA]]) -> 0 | AC41: =SUMIFS(tabela_registros[VALOR],tabela_registros[MÊS],$AE$1,tabela_registros[DIA],jantotal[[#Headers],[25]],tabela_registros[REGISTRO],DADOS!$N$4,tabela_registros[TIPO],DADOS!$P$3,tabela_registros[CATEGORIA],despesafixaconsolidado[[#This Row],[DESPESA FIXA]]) -> 0 | AD41: =SUMIFS(tabela_registros[VALOR],tabela_registros[MÊS],$AE$1,tabela_registros[DIA],jantotal[[#Headers],[26]],tabela_registros[REGISTRO],DADOS!$N$4,tabela_registros[TIPO],DADOS!$P$3,tabela_registros[CATEGORIA],despesafixaconsolidado[[#This Row],[DESPESA FIXA]]) -> 0 | AE41: =SUMIFS(tabela_registros[VALOR],tabela_registros[MÊS],$AE$1,tabela_registros[DIA],jantotal[[#Headers],[27]],tabela_registros[REGISTRO],DADOS!$N$4,tabela_registros[TIPO],DADOS!$P$3,tabela_registros[CATEGORIA],despesafixaconsolidado[[#This Row],[DESPESA FIXA]]) -> 0 | AF41: =SUMIFS(tabela_registros[VALOR],tabela_registros[MÊS],$AE$1,tabela_registros[DIA],jantotal[[#Headers],[28]],tabela_registros[REGISTRO],DADOS!$N$4,tabela_registros[TIPO],DADOS!$P$3,tabela_registros[CATEGORIA],despesafixaconsolidado[[#This Row],[DESPESA FIXA]]) -> 0 | AG41: =SUMIFS(tabela_registros[VALOR],tabela_registros[MÊS],$AE$1,tabela_registros[DIA],jantotal[[#Headers],[29]],tabela_registros[REGISTRO],DADOS!$N$4,tabela_registros[TIPO],DADOS!$P$3,tabela_registros[CATEGORIA],despesafixaconsolidado[[#This Row],[DESPESA FIXA]]) -> 0 | AH41: =SUMIFS(tabela_registros[VALOR],tabela_registros[MÊS],$AE$1,tabela_registros[DIA],jantotal[[#Headers],[30]],tabela_registros[REGISTRO],DADOS!$N$4,tabela_registros[TIPO],DADOS!$P$3,tabela_registros[CATEGORIA],despesafixaconsolidado[[#This Row],[DESPESA FIXA]]) -> 0 | AI41: =SUMIFS(tabela_registros[VALOR],tabela_registros[MÊS],$AE$1,tabela_registros[DIA],jantotal[[#Headers],[31]],tabela_registros[REGISTRO],DADOS!$N$4,tabela_registros[TIPO],DADOS!$P$3,tabela_registros[CATEGORIA],despesafixaconsolidado[[#This Row],[DESPESA FIXA]]) -> 0 | AJ41: =SUM(despesafixaconsolidado[[#This Row],[1]:[31]]) -> 0
